Workbook
Name \0: #REF!
Name \00: #REF!
Name \a: #REF!
Name \AA: [1]LIQUIDACION!#REF!
Name \b: [2]STRSUMM0!#REF!
Name \bb: [2]STRSUMM0!#REF!
Name \E: #REF!
Name \EE: #REF!
Name \G: #REF!
Name \k: '[3]7422CW00'!#REF!
Name \l: [4]STRSUMM0!#REF!
Name \M: #REF!
Name \ñ: '[5]7422CW00'!#REF!
Name \P: #REF!
Name \R: #REF!
Name \s: #REF!
Name \V: #REF!
Name \X: [0]!ERR
Name \Z: [0]!ERR
Name _________AFC1: [6]INV!$A$25:$D$28
Name _________AFC3: [6]INV!$F$25:$I$28
Name _________AFC5: [6]INV!$K$25:$N$28
Name _________BGC1: [6]INV!$A$5:$D$8
Name _________BGC3: [6]INV!$F$5:$I$8
Name _________BGC5: [6]INV!$K$5:$N$8
Name _________CAC1: [6]INV!$A$19:$D$22
Name _________CAC3: [6]INV!$F$19:$I$22
Name _________CAC5: [6]INV!$K$19:$N$22
Name _________PJ50: #REF!
Name _________SBC1: [6]INV!$A$12:$D$15
Name _________SBC3: [6]INV!$F$12:$I$15
Name _________SBC5: [6]INV!$K$12:$N$15
Name ________AFC1: [6]INV!$A$25:$D$28
Name ________AFC3: [6]INV!$F$25:$I$28
Name ________AFC5: [6]INV!$K$25:$N$28
Name ________BGC1: [6]INV!$A$5:$D$8
Name ________BGC3: [6]INV!$F$5:$I$8
Name ________BGC5: [6]INV!$K$5:$N$8
Name ________CAC1: [6]INV!$A$19:$D$22
Name ________CAC3: [6]INV!$F$19:$I$22
Name ________CAC5: [6]INV!$K$19:$N$22
Name ________MA2: #REF!
Name ________PJ50: #REF!
Name ________SBC1: [6]INV!$A$12:$D$15
Name ________SBC3: [6]INV!$F$12:$I$15
Name ________SBC5: [6]INV!$K$12:$N$15
Name _______AFC1: [6]INV!$A$25:$D$28
Name _______AFC3: [6]INV!$F$25:$I$28
Name _______AFC5: [6]INV!$K$25:$N$28
Name _______BGC1: [6]INV!$A$5:$D$8
Name _______BGC3: [6]INV!$F$5:$I$8
Name _______BGC5: [6]INV!$K$5:$N$8
Name _______CAC1: [6]INV!$A$19:$D$22
Name _______CAC3: [6]INV!$F$19:$I$22
Name _______CAC5: [6]INV!$K$19:$N$22
Name _______MA2: #REF!
Name _______PJ50: #REF!
Name _______SBC1: [6]INV!$A$12:$D$15
Name _______SBC3: [6]INV!$F$12:$I$15
Name _______SBC5: [6]INV!$K$12:$N$15

Sheet Datos
B2: CONTROL DOCUMENTO
B4: VERSIÓN | C4: 1
B6: FECHA | C6: DD | D6: MM | E6: AAAA
C7: 19 | D7: 6 | E7: 2026
B9: ENTIDAD: | C9: CONSEJO SUPERIOR DE JUDICATURA– DIRECCIÓN EJECUTIVA SECCIONAL DE ADMINISTRACIÓN JUDICIAL DE BUCARAMANGA
B11: TIPO DE CONTRATO: | C11: SELECCIÓN ABREVIADA DE OBRA PÚBLICA DE INFRAESTRUCTURA SOCIAL
B12: OBJETO: | C12: CONTRATAR EN NOMBRE DE LA NACIÓN– CONSEJO SUPERIOR DE JUDICATURA– DIRECCIÓN EJECUTIVA SECCIONAL DE ADMINISTRACIÓN JUDICIAL DE BUCARAMANGA, MEDIANTE EL SISTEMA DE PRECIOS UNITARIOS FIJOS SIN FORMULA DE REAJUSTE, LA OBRA CIVIL PARA EL REFORZAMIENTO ESTRUCTURAL DE LA SEDE JUDICIAL DE CONFINES SANTANDER, ASÍ COMO LA OBRA ELÉCTRICA, DE ILUMINACIÓN Y DEMÁS REQUERIDAS EN DICHA EDIFICACIÓN, EN LAS CONDICIONES TÉCNICAS, DE CALIDAD Y CANTIDADES EXIGIDAS POR LA ENTIDAD.
B13: N° CONTRATO: | C13: BGA - 030 - 2026
B14: UBICACIÓN DEL PROYECTO: | C14: CONFINES, SANTANDER
B16: COSTOS INDIRECTOS (A.I.U) | E16: =+SUM(E18:E20) -> 0.31
B17: DESCRIPCIÓN | E17: [%]
B18: ADMINISTRACION | E18: 0.25
B19: IMPREVISTOS | E19: 0.01
B20: UTILIDAD | E20: 0.05
B22: COSTOS INDIRECTOS (A) SUMINISTROS | E22: =E23 -> 0
B23: ADMINISTRACION SUMINISTROS / PGIO | E23: 0
B25: DURACIÓN [MESES] | E25: 3
B27: CONSULTOR: | C27: SASERCO SAS

Sheet Menu
C3: =+CONCATENATE("PRESUPUESTO DEL PROYECTO A PARTIR DE LOS ",Datos!C12) -> PRESUPUESTO DEL PROYECTO A PARTIR DE LOS CONTRATAR EN NOMBRE DE LA NACIÓN– CONSEJO SUPERIOR DE JUDICATURA– DIRECCIÓN EJECUTIVA SECCIONAL DE ADMINISTRACIÓN JUDICIAL DE BUCARAMANGA, MEDIANTE EL SISTEMA DE PRECIOS UNITARIOS FIJOS SIN FORMULA DE REAJUSTE, LA OBRA CIVIL PARA EL REFORZAMIENTO ESTRUCTURAL DE LA SEDE JUDICIAL DE CONFINES SANTANDER, ASÍ COMO LA OBRA ELÉCTRICA, DE ILUMINACIÓN Y DEMÁS REQUERIDAS EN DICHA EDIFICACIÓN, EN LAS CONDICIONES TÉCNICAS, DE CALIDAD Y CANTIDADES EXIGIDAS POR LA ENTIDAD.
C18: Versión: | D18: =+Datos!$C$4 -> 1
C19: Fecha: | D19: =_xludf.CONCAT(Datos!C7,"/",Datos!D7,"/",Datos!E7) -> #NAME? | I19: =+Datos!$C$27 -> SASERCO SAS

Sheet Materiales
D2: =+Datos!$C$9 -> CONSEJO SUPERIOR DE JUDICATURA– DIRECCIÓN EJECUTIVA SECCIONAL DE ADMINISTRACIÓN JUDICIAL DE BUCARAMANGA | F2: VERSIÓN | H2: =Datos!C4 -> 1
F3: PÁGINA
D4: =+Datos!$C$12 -> CONTRATAR EN NOMBRE DE LA NACIÓN– CONSEJO SUPERIOR DE JUDICATURA– DIRECCIÓN EJECUTIVA SECCIONAL DE ADMINISTRACIÓN JUDICIAL DE BUCARAMANGA, MEDIANTE EL SISTEMA DE PRECIOS UNITARIOS FIJOS SIN FORMULA DE REAJUSTE, LA OBRA CIVIL PARA EL REFORZAMIENTO ESTRUCTURAL DE LA SEDE JUDICIAL DE CONFINES SANTANDER, ASÍ COMO LA OBRA ELÉCTRICA, DE ILUMINACIÓN Y DEMÁS REQUERIDAS EN DICHA EDIFICACIÓN, EN LAS CONDICIONES TÉCNICAS, DE CALIDAD Y CANTIDADES EXIGIDAS POR LA ENTIDAD. | F4: 1 | G4: DE | H4: 1
F5: FECHA
D6: LISTADO DE PRECIOS DE MATERIALES E INSUMOS | F6: DD | G6: MM | H6: AAAA
F7: =+Datos!$C$7 -> 19 | G7: =+Datos!$D$7 -> 6 | H7: =+Datos!$E$7 -> 2026
B9: FECHA PRECIOS: | C9: 46054
B10: IPC | C10: 0
B12: 1 | C12: 2 | D12: 3 | E12: 4 | F12: 5 | G12: 6 | H12: 7 | J12: PROMEDIO | K12: COT. 1 | M12: COT. 2 | O12: COT. 3
B13: CÓD. | C13: REF. MATERIAL | D13: DESCRIPCIÓN ÍTEM | E13: PRECIO SIN IVA | F13: U.M. | G13: MARCA | H13: PRECIO IVA INC. | I13: PRECIO BASE | J13: PRECIO IVA INC. | K13: PROVEEDOR | L13: PRECIO IVA INC. | M13: PROVEEDOR | N13: PRECIO IVA INC. | O13: PROVEEDOR | P13: PRECIO IVA INC.
B14: MATERIALES OBRA CIVIL
B15: MAT_C-01 | C15: A. CIVILES | D15: AGUA | E15: =+H15/1.19 -> 38.655462 | F15: LT | H15: =ROUNDUP($J15*(1+$C$10),0) -> 46 | J15: =IFERROR(AVERAGEIF($K$13:$P$13,"PRECIO IVA INC.",K15:P15),) -> 45.575 | K15: amb | L15: 50 | M15: LIMPIEZA URBANA | N15: 41.15
B16: MAT_C-02 | C16: A. CIVILES | D16: ARENA FINA1 | E16: =+H16/1.19 -> 69815.126 | F16: M3 | H16: =ROUNDUP($J16*(1+$C$10),0) -> 83080 | J16: =IFERROR(AVERAGEIF($K$13:$P$13,"PRECIO IVA INC.",K16:P16),) -> 83080 | K16: ING MILTON | L16: =40000*1.19 -> 47600 | M16: MATPICO - SOCORRO | N16: 135000 | O16: ARENERA CHICAMOCHA | P16: 66640
B17: MAT_C-03 | C17: A. CIVILES | D17: ARENA GRUESA | E17: =+H17/1.19 -> 72616.807 | F17: M3 | H17: =ROUNDUP($J17*(1+$C$10),0) -> 86414 | J17: =IFERROR(AVERAGEIF($K$13:$P$13,"PRECIO IVA INC.",K17:P17),) -> 86413.333 | K17: ROCO SAS | L17: 57600 | M17: MATPICO - SOCORRO | N17: 135000 | O17: ARENERA CHICAMOCHA | P17: 66640
B18: MAT_C-04 | C18: A. CIVILES | D18: ARENA PAREJA DE MONPOSTERIA | E18: =+H18/1.19 -> 0 | F18: M3 | H18: =ROUNDUP($J18*(1+$C$10),0) -> 0 | J18: =IFERROR(AVERAGEIF($K$13:$P$13,"PRECIO IVA INC.",K18:P18),) -> 0
B19: MAT_C-05 | C19: A. CIVILES | D19: BALDE | E19: =+H19/1.19 -> 19243.697 | F19: UND | H19: =ROUNDUP($J19*(1+$C$10),0) -> 22900 | J19: =IFERROR(AVERAGEIF($K$13:$P$13,"PRECIO IVA INC.",K19:P19),) -> 22900 | K19: HOMECENTER | L19: 22900
B20: MAT_C-06 | C20: A. CIVILES | D20: BASE GRANULAR | E20: =+H20/1.19 -> 65200 | F20: M3 | H20: =ROUNDUP($J20*(1+$C$10),0) -> 77588 | J20: =IFERROR(AVERAGEIF($K$13:$P$13,"PRECIO IVA INC.",K20:P20),) -> 77588 | K20: ING MILTON | L20: =75000*1.19 -> 89250 | M20: ARENERA CHICAMOCHA | N20: 65926
B21: MAT_C-07 | C21: A. CIVILES | D21: BLOQUE LISO #10 9 X 19 X 39 CM | E21: =+H21/1.19 -> 0 | F21: UND | H21: =ROUNDUP($J21*(1+$C$10),0) -> 0 | J21: =IFERROR(AVERAGEIF($K$13:$P$13,"PRECIO IVA INC.",K21:P21),) -> 0
B22: MAT_C-08 | C22: A. CIVILES | D22: BOLO DE RIO | E22: =+IF(H22="","",H22/1.19) -> 49300 | F22: M3 | H22: =ROUNDUP($J22*(1+$C$10),0) -> 58667 | J22: =IFERROR(AVERAGEIF($K$13:$P$13,"PRECIO IVA INC.",K22:P22),) -> 58667 | K22: ARENERA CHICAMOCHA | L22: 58667
B23: MAT_C-09 | C23: A. CIVILES | D23: BOLO PARA FILTRO | E23: =+IF(H23="","",H23/1.19) -> 54600 | F23: M3 | H23: =ROUNDUP($J23*(1+$C$10),0) -> 64974 | J23: =IFERROR(AVERAGEIF($K$13:$P$13,"PRECIO IVA INC.",K23:P23),) -> 64974 | K23: ARENERA CHICAMOCHA | L23: =56000*1.19 -> 66640 | M23: ARENERA CHICAMOCHA | N23: =53200*1.19 -> 63308
B24: MAT_C-10 | C24: A. CIVILES | D24: CANCAMO EN L 3/4PG | E24: =+IF(H24="","",H24/1.19) -> 428.57143 | F24: UND | H24: =ROUNDUP($J24*(1+$C$10),0) -> 510 | J24: =IFERROR(AVERAGEIF($K$13:$P$13,"PRECIO IVA INC.",K24:P24),) -> 510 | K24: HOMECENTER | L24: 510
B25: MAT_C-11 | C25: A. CIVILES | D25: CEMENTO BLANCO | E25: =+H25/1.19 -> 2295.7983 | F25: KG | H25: =ROUNDUP($J25*(1+$C$10),0) -> 2732 | J25: =IFERROR(AVERAGEIF($K$13:$P$13,"PRECIO IVA INC.",K25:P25),) -> 2731.6667 | K25: HOMECENTER | L25: =39900/20 -> 1995 | M25: ALDIA | N25: 2800 | O25: COMDIRECTO | P25: 3400
B26: MAT_C-12 | C26: A. CIVILES | D26: CEMENTO GRIS | E26: =+H26/1.19 -> 978.15126 | F26: KG | H26: =ROUNDUP($J26*(1+$C$10),0) -> 1164 | J26: =IFERROR(AVERAGEIF($K$13:$P$13,"PRECIO IVA INC.",K26:P26),) -> 1163.53 | K26: HOMECENTER | L26: 790.59 | M26: ALDIA | N26: 1200 | O26: COMDIRECTO | P26: 1500
B27: MAT_C-13 | C27: A. CIVILES | D27: CEMENTO TIPO PORTLAN 50 Kg | E27: =+H27/1.19 -> 31736.975 | F27: UND | H27: =ROUNDUP($J27*(1+$C$10),0) -> 37767 | J27: =IFERROR(AVERAGEIF($K$13:$P$13,"PRECIO IVA INC.",K27:P27),) -> 37766.667 | K27: HOMECENTER | L27: 33500 | M27: ALDIA | N27: 34900 | O27: COMDIRECTO | P27: 44900
B28: MAT_C-14 | C28: A. CIVILES | D28: CINTA SEÑALIZACIÓN PELIGRO-NO PASE 500M | E28: =+H28/1.19 -> 47357.143 | F28: UND | H28: =ROUNDUP($J28*(1+$C$10),0) -> 56355 | J28: =IFERROR(AVERAGEIF($K$13:$P$13,"PRECIO IVA INC.",K28:P28),) -> 56355 | K28: HOMECENTER | L28: 2610 | M28: ALDIA | N28: 110100
B29: MAT_C-15 | C29: A. CIVILES | D29: CINTA SEÑALIZACIÓN PELIGRO-NO PASE 100M | E29: =+H29/1.19 -> 19075.63 | F29: UND | H29: =ROUNDUP($J29*(1+$C$10),0) -> 22700 | J29: =IFERROR(AVERAGEIF($K$13:$P$13,"PRECIO IVA INC.",K29:P29),) -> 22700 | K29: HOMECENTER | L29: 20900 | M29: ALDIA | N29: 24500
B30: MAT_C-16 | C30: A. CIVILES | D30: COLOR MINERAL ROJO | E30: =+H30/1.19 -> 5756.3025 | F30: LB | H30: =ROUNDUP($J30*(1+$C$10),0) -> 6850 | J30: =IFERROR(AVERAGEIF($K$13:$P$13,"PRECIO IVA INC.",K30:P30),) -> 6850 | K30: HOMECENTER | L30: 9900 | M30: ALDIA | N30: 3800
B31: MAT_C-17 | C31: A. CIVILES | D31: CURADOR DE CONCRETO | E31: =+H31/1.19 -> 9867.2269 | F31: KG | H31: =ROUNDUP($J31*(1+$C$10),0) -> 11742 | J31: =IFERROR(AVERAGEIF($K$13:$P$13,"PRECIO IVA INC.",K31:P31),) -> 11742 | K31: HOMECENTER | L31: 13745 | M31: ALDIA | N31: =ROUNDUP(194779/20,0) -> 9739
B32: MAT_C-18 | C32: A. CIVILES | D32: DESENCOFRANTE PARA CONCRETO | E32: =+H32/1.19 -> 11621.008 | F32: KG | H32: =ROUNDUP($J32*(1+$C$10),0) -> 13829 | J32: =IFERROR(AVERAGEIF($K$13:$P$13,"PRECIO IVA INC.",K32:P32),) -> 13829 | K32: HOMECENTER | L32: =364900/20 -> 18245 | M32: ALDIA | N32: =ROUNDUP(188250/20,0) -> 9413
B33: MAT_C-19 | C33: A. CIVILES | D33: DESENGRASANTE LIQUIDO | E33: =+H33/1.19 -> 8.4033613 | F33: ML | H33: =ROUNDUP($J33*(1+$C$10),0) -> 10 | J33: =IFERROR(AVERAGEIF($K$13:$P$13,"PRECIO IVA INC.",K33:P33),) -> 9.975 | K33: HOMECENTER | L33: =39900/4000 -> 9.975
B34: MAT_C-20 | C34: A. CIVILES | D34: ESCOBA | E34: =+H34/1.19 -> 10000 | F34: UND | H34: =ROUNDUP($J34*(1+$C$10),0) -> 11900 | J34: =IFERROR(AVERAGEIF($K$13:$P$13,"PRECIO IVA INC.",K34:P34),) -> 11900 | K34: HOMECENTER | L34: 11900
B35: MAT_C-21 | C35: A. CIVILES | D35: GRAVA LAVADA XM3 | E35: =+H35/1.19 -> 0 | F35: M3 | H35: =ROUNDUP($J35*(1+$C$10),0) -> 0 | J35: =IFERROR(AVERAGEIF($K$13:$P$13,"PRECIO IVA INC.",K35:P35),) -> 0
B36: MAT_C-22 | C36: A. CIVILES | D36: GRAVILLA TAMIZADA DE 1" - 1/8" | E36: =+H36/1.19 -> 0 | F36: M3 | H36: =ROUNDUP($J36*(1+$C$10),0) -> 0 | J36: =IFERROR(AVERAGEIF($K$13:$P$13,"PRECIO IVA INC.",K36:P36),) -> 0
B37: MAT_C-23 | C37: A. CIVILES | D37: GUADUA L=5m | E37: =+H37/1.19 -> 7142.8571 | F37: UND | H37: =ROUNDUP($J37*(1+$C$10),0) -> 8500 | J37: =IFERROR(AVERAGEIF($K$13:$P$13,"PRECIO IVA INC.",K37:P37),) -> 8500 | K37: DATA CAUCA | L37: 8500
B38: MAT_C-24 | C38: A. CIVILES | D38: GUANTE INDUSTRIAL | E38: =+H38/1.19 -> 9159.6639 | F38: UND | H38: =ROUNDUP($J38*(1+$C$10),0) -> 10900 | J38: =IFERROR(AVERAGEIF($K$13:$P$13,"PRECIO IVA INC.",K38:P38),) -> 10900 | K38: HOMECENTER | L38: 10900
B39: MAT_C-25 | C39: A. CIVILES | D39: LADRILLO H-15 | E39: =+H39/1.19 -> 2773.1092 | F39: UND | H39: =ROUNDUP($J39*(1+$C$10),0) -> 3300 | J39: =IFERROR(AVERAGEIF($K$13:$P$13,"PRECIO IVA INC.",K39:P39),) -> 3300 | K39: HOMECENTER | L39: 2800 | O39: COMDIRECTO | P39: 3800 | Q39: =L39*1.35 -> 3780
B40: MAT_C-26 | C40: A. CIVILES | D40: LADRILLO H-10 | E40: =+H40/1.19 -> 1680.6723 | F40: UND | H40: =ROUNDUP($J40*(1+$C$10),0) -> 2000 | J40: =IFERROR(AVERAGEIF($K$13:$P$13,"PRECIO IVA INC.",K40:P40),) -> 2000 | K40: HOMECENTER | L40: 1700 | O40: COMDIRECTO | P40: 2300 | Q40: =L40*1.35 -> 2295
B41: MAT_C-27 | C41: A. CIVILES | D41: LADRILLO LIMPIO | E41: =+H41/1.19 -> 2100.8403 | F41: UND | H41: =ROUNDUP($J41*(1+$C$10),0) -> 2500 | J41: =IFERROR(AVERAGEIF($K$13:$P$13,"PRECIO IVA INC.",K41:P41),) -> 2500 | K41: HOMECENTER | L41: 2500 | Q41: =L41*1.35 -> 3375
B42: MAT_C-28 | C42: A. CIVILES | D42: LADRILLO TOLETE 20x10x6 CM | E42: =+H42/1.19 -> 736.13445 | F42: UND | H42: =ROUNDUP($J42*(1+$C$10),0) -> 876 | J42: =IFERROR(AVERAGEIF($K$13:$P$13,"PRECIO IVA INC.",K42:P42),) -> 876 | K42: HOMECENTER | L42: 750 | M42: BUCARAMANGA | N42: 828 | O42: COMDIRECTO | P42: 1050
B43: MAT_C-29 | C43: A. CIVILES | D43: LAMINA GALV C-20 (0.85) 2X1M | E43: =+H43/1.19 -> 0 | F43: UND | H43: =ROUNDUP($J43*(1+$C$10),0) -> 0 | J43: =IFERROR(AVERAGEIF($K$13:$P$13,"PRECIO IVA INC.",K43:P43),) -> 0
B44: MAT_C-30 | C44: A. CIVILES | D44: PUNTILLA 2" | E44: =+H44/1.19 -> 3823.5294 | F44: LIBR | H44: =ROUNDUP($J44*(1+$C$10),0) -> 4550 | J44: =IFERROR(AVERAGEIF($K$13:$P$13,"PRECIO IVA INC.",K44:P44),) -> 4550 | K44: HOMECENTER | L44: 4800 | M44: ALDIA | N44: 4300
B45: MAT_C-31 | C45: A. CIVILES | D45: ESTACA MADERA COMUN (INCLUYE DESPERDICIO 5%) | E45: =+H45/1.19 -> 7634.4538 | F45: UND | H45: =ROUNDUP($J45*(1+$C$10),0) -> 9085 | J45: =IFERROR(AVERAGEIF($K$13:$P$13,"PRECIO IVA INC.",K45:P45),) -> 9085 | K45: HOMECENTER | L45: =7900*1.15 -> 9085 | M45: FORANDES
B46: MAT_C-32 | C46: A. CIVILES | D46: LISTONES DE MADERA TIPO PINO DE 3" X 3,50 M ALTO | E46: =+H46/1.19 -> 22710.084 | F46: UND | H46: =ROUNDUP($J46*(1+$C$10),0) -> 27025 | J46: =IFERROR(AVERAGEIF($K$13:$P$13,"PRECIO IVA INC.",K46:P46),) -> 27025 | K46: HOMECENTER | L46: =23500*1.15 -> 27025 | M46: ALDIA | O46: MADERAS MAFRACOL
B47: MAT_C-33 | C47: A. CIVILES | D47: MATERIAL FILTRANTE DE 1 A 3" | E47: =+H47/1.19 -> 0 | F47: M3 | H47: =ROUNDUP($J47*(1+$C$10),0) -> 0 | J47: =IFERROR(AVERAGEIF($K$13:$P$13,"PRECIO IVA INC.",K47:P47),) -> 0
B48: MAT_C-34 | C48: A. CIVILES | D48: MATERIAL DE RELLENO (INCLUYE INDICE DE COMPACTACIÓN 5%) | E48: =+H48/1.19 -> 92436.975 | F48: M3 | H48: =ROUNDUP($J48*(1+$C$10),0) -> 110000 | J48: =IFERROR(AVERAGEIF($K$13:$P$13,"PRECIO IVA INC.",K48:P48),) -> 110000 | K48: MATPICO - SOCORRO | L48: =110000 -> 110000
B49: MAT_C-35 | C49: A. CIVILES | D49: PAÑO DE MICROFIBRA | E49: =+H49/1.19 -> 3760.5042 | F49: UND | H49: =ROUNDUP($J49*(1+$C$10),0) -> 4475 | J49: =IFERROR(AVERAGEIF($K$13:$P$13,"PRECIO IVA INC.",K49:P49),) -> 4475 | K49: HOMECENTER | L49: 4475
B50: MAT_C-36 | C50: A. CIVILES | D50: PIEDRA TRITURADA DE 3/4" 50KG | E50: =+H50/1.19 -> 0 | F50: M3 | H50: =ROUNDUP($J50*(1+$C$10),0) -> 0 | J50: =IFERROR(AVERAGEIF($K$13:$P$13,"PRECIO IVA INC.",K50:P50),) -> 0
B51: MAT_C-37 | C51: A. CIVILES | D51: HILO CONSTRUCCION | E51: =+H51/1.19 -> 59.663866 | F51: ML | H51: =ROUNDUP($J51*(1+$C$10),0) -> 71 | J51: =IFERROR(AVERAGEIF($K$13:$P$13,"PRECIO IVA INC.",K51:P51),) -> 70.15 | K51: HOMECENTER | L51: 70.15
B52: MAT_C-38 | C52: A. CIVILES | D52: PLASTICO NEGRO CAL 3. | E52: =+H52/1.19 -> 1722.6891 | F52: M2 | H52: =ROUNDUP($J52*(1+$C$10),0) -> 2050 | J52: =IFERROR(AVERAGEIF($K$13:$P$13,"PRECIO IVA INC.",K52:P52),) -> 2050 | K52: HOMECENTER | L52: 2500 | M52: CALYPSO | N52: 1600
B53: MAT_C-39 | C53: A. CIVILES | D53: PLASTICO X ROLLO 100 METROS (4M ANCHO X 100 M LARGO CALIBRE 4MM) | E53: =+H53/1.19 -> 392436.97 | F53: UND | H53: =ROUNDUP($J53*(1+$C$10),0) -> 467000 | J53: =IFERROR(AVERAGEIF($K$13:$P$13,"PRECIO IVA INC.",K53:P53),) -> 467000 | K53: DISTRIVENUES | L53: 467000
B54: MAT_C-40 | C54: A. CIVILES | D54: RECOGEDOR | E54: =+H54/1.19 -> 10000 | F54: UND | H54: =ROUNDUP($J54*(1+$C$10),0) -> 11900 | J54: =IFERROR(AVERAGEIF($K$13:$P$13,"PRECIO IVA INC.",K54:P54),) -> 11900 | K54: HOMECENTER | L54: 11900
B55: MAT_C-41 | C55: A. CIVILES | D55: SUBBASE GRANULAR | E55: =+H55/1.19 -> 53800 | F55: M3 | H55: =ROUNDUP($J55*(1+$C$10),0) -> 64022 | J55: =IFERROR(AVERAGEIF($K$13:$P$13,"PRECIO IVA INC.",K55:P55),) -> 64022 | K55: ARENERA CHICAMOCHA | L55: 64022
B56: MAT_C-42 | C56: A. CIVILES | D56: TABLA DE MADERA COMUN DE 3x0,2x0,2 | E56: =+H56/1.19 -> 8403.3613 | F56: UND | H56: =ROUNDUP($J56*(1+$C$10),0) -> 10000 | J56: =IFERROR(AVERAGEIF($K$13:$P$13,"PRECIO IVA INC.",K56:P56),) -> 10000 | K56: PRECIO DATA CAUCA | L56: 10000
B57: MAT_C-43 | C57: A. CIVILES | D57: TELA VERDE CERRAMIENTO H=2.10MT | E57: =+H57/1.19 -> 2371.4286 | F57: ML | H57: =ROUNDUP($J57*(1+$C$10),0) -> 2822 | J57: =IFERROR(AVERAGEIF($K$13:$P$13,"PRECIO IVA INC.",K57:P57),) -> 2822 | K57: HOMECENTER | L57: =354400/100 -> 3544 | M57: ALDIA | N57: 2100
B58: MAT_C-44 | C58: A. CIVILES | D58: TORNILLO EN ACERO INOXIDABLE 1 1/2" | E58: =+H58/1.19 -> 1281.5126 | F58: UND | H58: =ROUNDUP($J58*(1+$C$10),0) -> 1525 | J58: =IFERROR(AVERAGEIF($K$13:$P$13,"PRECIO IVA INC.",K58:P58),) -> 1525 | K58: HOMECENTER | L58: 1525
B59: MAT_C-45 | C59: A. CIVILES | D59: TRITURADO DE 3/4 | E59: =+H59/1.19 -> 105042.02 | F59: M3 | H59: =ROUNDUP($J59*(1+$C$10),0) -> 125000 | J59: =IFERROR(AVERAGEIF($K$13:$P$13,"PRECIO IVA INC.",K59:P59),) -> 125000 | L59: 125000
B60: MAT_C-46 | C60: A. CIVILES | D60: TRITURADO DE 1" | E60: =+H60/1.19 -> 0 | F60: M3 | H60: =ROUNDUP($J60*(1+$C$10),0) -> 0 | J60: =IFERROR(AVERAGEIF($K$13:$P$13,"PRECIO IVA INC.",K60:P60),) -> 0
B61: MAT_C-47 | C61: A. CIVILES | D61: TRITURADO DE 1/2" | E61: =+H61/1.19 -> 0 | F61: M3 | H61: =ROUNDUP($J61*(1+$C$10),0) -> 0 | J61: =IFERROR(AVERAGEIF($K$13:$P$13,"PRECIO IVA INC.",K61:P61),) -> 0
B62: MAT_C-48 | C62: A. CIVILES | D62: PUNTILLA DE 3" CON CABEZA LISA X 500 G | E62: =+H62/1.19 -> 9567.2269 | F62: LIBRA | H62: =ROUNDUP($J62*(1+$C$10),0) -> 11385 | J62: =IFERROR(AVERAGEIF($K$13:$P$13,"PRECIO IVA INC.",K62:P62),) -> 11385 | K62: MATPICO - SOCORRO | L62: =9900*1.15 -> 11385
B63: MAT_C-49 | C63: A. CIVILES | D63: PUNTILLA 3" | E63: =+H63/1.19 -> 4285.7143 | F63: LIBRA | H63: =ROUNDUP($J63*(1+$C$10),0) -> 5100 | J63: =IFERROR(AVERAGEIF($K$13:$P$13,"PRECIO IVA INC.",K63:P63),) -> 5100 | K63: HOMECENTER | L63: 5100
B64: MAT_C-50 | C64: A. CIVILES | D64: CUTER O BISTURI DE CORTE | E64: =+H64/1.19 -> 4286.5546 | F64: UND | H64: =ROUNDUP($J64*(1+$C$10),0) -> 5101 | J64: =IFERROR(AVERAGEIF($K$13:$P$13,"PRECIO IVA INC.",K64:P64),) -> 5101 | K64: HOMECENTER | L64: 5101
B65: MAT_C-51 | C65: A. CIVILES | D65: REGLETA LARGA TIPO ANGULO | E65: =+H65/1.19 -> 33529.412 | F65: UND | H65: =ROUNDUP($J65*(1+$C$10),0) -> 39900 | J65: =IFERROR(AVERAGEIF($K$13:$P$13,"PRECIO IVA INC.",K65:P65),) -> 39900 | K65: HOMECENTER | L65: 39900
B66: MAT_C-52 | C66: A. CIVILES | D66: ELEMENTOS DE SUJECION | E66: =+H66/1.19 -> 210.08403 | F66: UND | H66: =ROUNDUP($J66*(1+$C$10),0) -> 250 | J66: =IFERROR(AVERAGEIF($K$13:$P$13,"PRECIO IVA INC.",K66:P66),) -> 250 | K66: HOMECENTER | L66: 250
B67: MAT_C-53 | C67: A. CIVILES | D67: VALDE CONCRETO DE SOPORTE ZAPATA DEL LISTON | E67: =+H67/1.19 -> 17226.891 | F67: UND | H67: =ROUNDUP($J67*(1+$C$10),0) -> 20500 | J67: =IFERROR(AVERAGEIF($K$13:$P$13,"PRECIO IVA INC.",K67:P67),) -> 20500 | K67: HOMECENTER | L67: 20500
B68: MAT_C-54 | C68: A. CIVILES | D68: LECHADA DE CAL APAGADA | E68: =+H68/1.19 -> 3768.9076 | F68: KG | H68: =ROUNDUP($J68*(1+$C$10),0) -> 4485 | J68: =IFERROR(AVERAGEIF($K$13:$P$13,"PRECIO IVA INC.",K68:P68),) -> 4485 | K68: HOMECENTER | L68: =3900*1.15 -> 4485
B69: MAT_C-55 | C69: A. CIVILES | D69: MADERA EN SAPAN TABLA 20X2 CM INMUNIZADA (INCLUYE DESPERDICIO 5% | E69: =+H69/1.19 -> 72504.202 | F69: UND | H69: =ROUNDUP($J69*(1+$C$10),0) -> 86280 | J69: =IFERROR(AVERAGEIF($K$13:$P$13,"PRECIO IVA INC.",K69:P69),) -> 86280 | L69: =71900*1.2 -> 86280
B70: MAT_C-56 | C70: A. CIVILES | D70: TORNILLO ROSCADO 1/2" | E70: =+H70/1.19 -> 1512.605 | F70: UND | H70: =ROUNDUP($J70*(1+$C$10),0) -> 1800 | J70: =IFERROR(AVERAGEIF($K$13:$P$13,"PRECIO IVA INC.",K70:P70),) -> 1800 | L70: =1500*1.2 -> 1800
B71: MAT_C-57 | C71: A. CIVILES | D71: TUERCA | E71: =+H71/1.19 -> 806.72269 | F71: UND | H71: =ROUNDUP($J71*(1+$C$10),0) -> 960 | J71: =IFERROR(AVERAGEIF($K$13:$P$13,"PRECIO IVA INC.",K71:P71),) -> 960 | L71: =800*1.2 -> 960
B72: MAT_C-58 | C72: A. CIVILES | D72: ARANDELA | E72: =+H72/1.19 -> 806.72269 | F72: UND | H72: =ROUNDUP($J72*(1+$C$10),0) -> 960 | J72: =IFERROR(AVERAGEIF($K$13:$P$13,"PRECIO IVA INC.",K72:P72),) -> 960 | L72: 960
B73: MAT_C-59 | C73: A. CIVILES | D73: LECHADA TRADICIONAL (CAL + ARENA) | E73: =+H73/1.19 -> 21260.504 | F73: L | H73: =ROUNDUP($J73*(1+$C$10),0) -> 25300 | J73: =IFERROR(AVERAGEIF($K$13:$P$13,"PRECIO IVA INC.",K73:P73),) -> 25300 | L73: =22000*1.15 -> 25300
B74: MAT_C-60 | C74: A. CIVILES | D74: LADRILLO CON CUÑA (PARA QUE NO SE SALGA LA LECHADA) | E74: =+H74/1.19 -> 2415.9664 | F74: UND | H74: =ROUNDUP($J74*(1+$C$10),0) -> 2875 | J74: =IFERROR(AVERAGEIF($K$13:$P$13,"PRECIO IVA INC.",K74:P74),) -> 2875 | L74: =2500*1.15 -> 2875
B75: MAT_C-61 | C75: A. CIVILES | D75: MADERA PARA ALARGADO - INMUNIZADA (INCLUYE DESPERDICIO 5%) MEDIDAS DE 2" X 4" | E75: =+H75/1.19 -> 86878.151 | F75: M2 | H75: =ROUNDUP($J75*(1+$C$10),0) -> 103385 | J75: =IFERROR(AVERAGEIF($K$13:$P$13,"PRECIO IVA INC.",K75:P75),) -> 103385 | L75: =89900*1.15 -> 103385
B76: MAT_C-62 | C76: A. CIVILES | D76: TEJA ARCILLA | E76: =+H76/1.19 -> 5798.3193 | F76: UND | H76: =ROUNDUP($J76*(1+$C$10),0) -> 6900 | J76: =IFERROR(AVERAGEIF($K$13:$P$13,"PRECIO IVA INC.",K76:P76),) -> 6900 | L76: =6900 -> 6900
B77: MAT_C-63 | C77: A. CIVILES | D77: IMPRIMACIÓN ASFALTICA | E77: =+H77/1.19 -> 46134.454 | F77: GAL | H77: =ROUNDUP($J77*(1+$C$10),0) -> 54900 | J77: =IFERROR(AVERAGEIF($K$13:$P$13,"PRECIO IVA INC.",K77:P77),) -> 54900 | L77: =54900 -> 54900
B78: MAT_C-64 | C78: A. CIVILES | D78: MANTO ASFALTICO (INCLUYE DESPERDICIO 5%) | E78: =+H78/1.19 -> 12588.235 | F78: M2 | H78: =ROUNDUP($J78*(1+$C$10),0) -> 14980 | J78: =IFERROR(AVERAGEIF($K$13:$P$13,"PRECIO IVA INC.",K78:P78),) -> 14980 | L78: =14980 -> 14980
B79: MAT_C-65 | C79: A. CIVILES | D79: PINTURA BITUMINOSA | E79: =+H79/1.19 -> 65546.218 | F79: GAL | H79: =ROUNDUP($J79*(1+$C$10),0) -> 78000 | J79: =IFERROR(AVERAGEIF($K$13:$P$13,"PRECIO IVA INC.",K79:P79),) -> 78000 | L79: =78000 -> 78000
B80: MAT_C-66 | C80: A. CIVILES | D80: SELLADOR Y ESMALTE | E80: =+H80/1.19 -> 96638.655 | F80: GAL | H80: =ROUNDUP($J80*(1+$C$10),0) -> 115000 | J80: =IFERROR(AVERAGEIF($K$13:$P$13,"PRECIO IVA INC.",K80:P80),) -> 115000 | L80: =115000 -> 115000
B81: MAT_C-67 | C81: A. CIVILES | D81: MACHIMBRE INMUNIZADO | E81: =+H81/1.19 -> 83109.244 | F81: M2 | H81: =ROUNDUP($J81*(1+$C$10),0) -> 98900 | J81: =IFERROR(AVERAGEIF($K$13:$P$13,"PRECIO IVA INC.",K81:P81),) -> 98900 | L81: =98900 -> 98900
B82: MAT_C-68 | C82: A. CIVILES | D82: FLANCHE METALICO CAL 26 | E82: =+H82/1.19 -> 15931.092 | F82: ML | H82: =ROUNDUP($J82*(1+$C$10),0) -> 18958 | J82: =IFERROR(AVERAGEIF($K$13:$P$13,"PRECIO IVA INC.",K82:P82),) -> 18958 | L82: 18958
B83: MAT_C-69 | C83: A. CIVILES | D83: REMACHES | E83: =+H83/1.19 -> 294.11765 | F83: UND | H83: =ROUNDUP($J83*(1+$C$10),0) -> 350 | J83: =IFERROR(AVERAGEIF($K$13:$P$13,"PRECIO IVA INC.",K83:P83),) -> 350 | L83: 350
B84: MAT_C-70 | C84: A. CIVILES | D84: MALLA ZARANDA METALICA (INCLUYE DESPERDICIO 5%) | E84: =+H84/1.19 -> 5966.3866 | F84: M2 | H84: =ROUNDUP($J84*(1+$C$10),0) -> 7100 | J84: =IFERROR(AVERAGEIF($K$13:$P$13,"PRECIO IVA INC.",K84:P84),) -> 7100 | L84: 7100
B85: MAT_C-71 | C85: A. CIVILES | D85: TAPA METALICA | E85: =+H85/1.19 -> 210.08403 | F85: UND | H85: =ROUNDUP($J85*(1+$C$10),0) -> 250 | J85: =IFERROR(AVERAGEIF($K$13:$P$13,"PRECIO IVA INC.",K85:P85),) -> 250 | L85: 250
B86: MAT_C-72 | C86: A. CIVILES | D86: REVOQUE EN CAL + ARENILLA (INCLUYE DESPERDICIO 5%) | E86: =+H86/1.19 -> 17689.076 | F86: KG | H86: =ROUNDUP($J86*(1+$C$10),0) -> 21050 | J86: =IFERROR(AVERAGEIF($K$13:$P$13,"PRECIO IVA INC.",K86:P86),) -> 21050 | L86: 21050
B87: MAT_C-73 | C87: A. CIVILES | D87: MINERAL ULTRA FERROMINERALES | E87: =+H87/1.19 -> 26386.555 | F87: KG | H87: =ROUNDUP($J87*(1+$C$10),0) -> 31400 | J87: =IFERROR(AVERAGEIF($K$13:$P$13,"PRECIO IVA INC.",K87:P87),) -> 31400 | K87: HOMECENTER | L87: 31400
B88: MAT_C-74 | C88: A. CIVILES | D88: VINIPEL ENVOPLAST DE PROTECCIÓN TRANSPARENTE X ROLLO 100 M | E88: =+H88/1.19 -> 72478.992 | F88: UND | H88: =ROUNDUP($J88*(1+$C$10),0) -> 86250 | J88: =IFERROR(AVERAGEIF($K$13:$P$13,"PRECIO IVA INC.",K88:P88),) -> 86250 | K88: HOMECENTER | L88: =75000*1.15 -> 86250
B89: MAT_C-75 | C89: A. CIVILES | D89: CAJAS DE CARTON 60 CM X 60 CM X 60 CM | E89: =+H89/1.19 -> 6970.5882 | F89: UND | H89: =ROUNDUP($J89*(1+$C$10),0) -> 8295 | J89: =IFERROR(AVERAGEIF($K$13:$P$13,"PRECIO IVA INC.",K89:P89),) -> 8295 | K89: HOMECENTER | L89: =7900*1.05 -> 8295
B90: MAT_C-76 | C90: A. CIVILES | D90: TOPES DE PROTECCIÓN DE CARTON | E90: =+H90/1.19 -> 1465.5462 | F90: UND | H90: =ROUNDUP($J90*(1+$C$10),0) -> 1744 | J90: =IFERROR(AVERAGEIF($K$13:$P$13,"PRECIO IVA INC.",K90:P90),) -> 1744 | K90: HOMECENTER | L90: =1600*1.09 -> 1744
B91: MAT_C-77 | C91: A. CIVILES | D91: IMPRESION PLANOS Y/O AJUSTES | E91: =+H91/1.19 -> 100000 | F91: GLOBAL | H91: =ROUNDUP($J91*(1+$C$10),0) -> 119000 | J91: =IFERROR(AVERAGEIF($K$13:$P$13,"PRECIO IVA INC.",K91:P91),) -> 119000 | K91: PAPELERIA | L91: 119000
B92: MAT_C-78 | C92: A. CIVILES | D92: SEÑALIZACION GENERAL PARA OBRA | E92: =+H92/1.19 -> 180672.27 | F92: UND | H92: =ROUNDUP($J92*(1+$C$10),0) -> 215000 | J92: =IFERROR(AVERAGEIF($K$13:$P$13,"PRECIO IVA INC.",K92:P92),) -> 215000 | L92: 215000
B93: MAT_C-79 | C93: A. CIVILES | D93: HILO CARRETE X ROLLO | E93: =+H93/1.19 -> 48319.328 | F93: UND | H93: =ROUNDUP($J93*(1+$C$10),0) -> 57500 | J93: =IFERROR(AVERAGEIF($K$13:$P$13,"PRECIO IVA INC.",K93:P93),) -> 57500 | L93: =50000*1.15 -> 57500
B94: MAT_C-80 | C94: A. CIVILES | D94: LECHADA TRADICIONAL CAL (INCLUYE DESPERDICIO 5%) | E94: =+H94/1.19 -> 21260.504 | F94: KILO | H94: =ROUNDUP($J94*(1+$C$10),0) -> 25300 | J94: =IFERROR(AVERAGEIF($K$13:$P$13,"PRECIO IVA INC.",K94:P94),) -> 25300 | L94: =22000*1.15 -> 25300
B95: MAT_C-81 | C95: A. CIVILES | D95: MORTERO DE PEGA | E95: =+H95/1.19 -> 483.19328 | F95: KG | H95: =ROUNDUP($J95*(1+$C$10),0) -> 575 | J95: =IFERROR(AVERAGEIF($K$13:$P$13,"PRECIO IVA INC.",K95:P95),) -> 574.17713 | L95: =H638/1500 -> 574.17713
B96: MAT_C-82 | C96: A. CIVILES | D96: CONCRETO 3000 PSI - 21 MPA MEZCLADO EN OBRA (INCLUYE EQUIPO | E96: =+H96/1.19 -> 774957.98 | F96: M3 | H96: =ROUNDUP($J96*(1+$C$10),0) -> 922200 | J96: =IFERROR(AVERAGEIF($K$13:$P$13,"PRECIO IVA INC.",K96:P96),) -> 922199.59 | L96: =H644*1.05 -> 922199.59
B97: MAT_C-83 | C97: A. CIVILES | D97: FORMALETA LATERAL EN MADERA | E97: =+H97/1.19 -> 3596.6387 | F97: M | H97: =ROUNDUP($J97*(1+$C$10),0) -> 4280 | J97: =IFERROR(AVERAGEIF($K$13:$P$13,"PRECIO IVA INC.",K97:P97),) -> 4280 | L97: =4000*1.07 -> 4280
B98: MAT_C-84 | C98: A. CIVILES | D98: BASE EN CONCRETO DE 300 PSI (21 MPA) MEZCLADO EN OBRA | E98: =+H98/1.19 -> 774957.98 | F98: M3 | H98: =ROUNDUP($J98*(1+$C$10),0) -> 922200 | J98: =IFERROR(AVERAGEIF($K$13:$P$13,"PRECIO IVA INC.",K98:P98),) -> 922199.59 | L98: =L96 -> 922199.59
B99: MAT_C-85 | C99: A. CIVILES | D99: MORTERO IMPERMEABILIZADO | E99: =+H99/1.19 -> 12834.454 | F99: KG | H99: =ROUNDUP($J99*(1+$C$10),0) -> 15273 | J99: =IFERROR(AVERAGEIF($K$13:$P$13,"PRECIO IVA INC.",K99:P99),) -> 15272.253 | L99: =H648/70 -> 15272.253
B100: MAT_C-86 | C100: A. CIVILES | D100: MEDIA CAÑA IMPERMEABILIZADA EN LA BASE (MORTERO IMPERMEAB | E100: =+H100/1.19 -> 12834.454 | F100: KG | H100: =ROUNDUP($J100*(1+$C$10),0) -> 15273 | J100: =IFERROR(AVERAGEIF($K$13:$P$13,"PRECIO IVA INC.",K100:P100),) -> 15272.253 | L100: =L99 -> 15272.253
B101: MAT_C-87 | C101: A. CIVILES | D101: TAPA EN CONCRETO DE 3000 PSI (21 MPA) FUNIDADA EN SITIO CON AGARRADERA METALICA MEDIDAS 80CM X 80XCM | E101: =+H101/1.19 -> 201008.4 | F101: GLOBAL | H101: =ROUNDUP($J101*(1+$C$10),0) -> 239200 | J101: =IFERROR(AVERAGEIF($K$13:$P$13,"PRECIO IVA INC.",K101:P101),) -> 239200 | L101: =208000*1.15 -> 239200
B102: MAT_C-88 | C102: A. CIVILES | D102: MORTERO DE PEGA PARA LADRILLO MURO | E102: =+H102/1.19 -> 483.19328 | F102: KG | H102: =ROUNDUP($J102*(1+$C$10),0) -> 575 | J102: =IFERROR(AVERAGEIF($K$13:$P$13,"PRECIO IVA INC.",K102:P102),) -> 574.17713 | L102: =H638/1500 -> 574.17713
B103: MAT_C-89 | C103: A. CIVILES | D103: CAL APAGADA HIDRATADA "APICHADA" (INCLUYE DESPERDICIO 5%) | E103: =+H103/1.19 -> 7634.4538 | F103: KG | H103: =ROUNDUP($J103*(1+$C$10),0) -> 9085 | J103: =IFERROR(AVERAGEIF($K$13:$P$13,"PRECIO IVA INC.",K103:P103),) -> 9085 | L103: =7900*1.15 -> 9085
...

Sheet M.O
E2: =+Datos!$C$9 -> CONSEJO SUPERIOR DE JUDICATURA– DIRECCIÓN EJECUTIVA SECCIONAL DE ADMINISTRACIÓN JUDICIAL DE BUCARAMANGA | P2: VERSIÓN | Q2: 0
E4: =+Datos!$C$12 -> CONTRATAR EN NOMBRE DE LA NACIÓN– CONSEJO SUPERIOR DE JUDICATURA– DIRECCIÓN EJECUTIVA SECCIONAL DE ADMINISTRACIÓN JUDICIAL DE BUCARAMANGA, MEDIANTE EL SISTEMA DE PRECIOS UNITARIOS FIJOS SIN FORMULA DE REAJUSTE, LA OBRA CIVIL PARA EL REFORZAMIENTO ESTRUCTURAL DE LA SEDE JUDICIAL DE CONFINES SANTANDER, ASÍ COMO LA OBRA ELÉCTRICA, DE ILUMINACIÓN Y DEMÁS REQUERIDAS EN DICHA EDIFICACIÓN, EN LAS CONDICIONES TÉCNICAS, DE CALIDAD Y CANTIDADES EXIGIDAS POR LA ENTIDAD. | P4: PÁGINA | Q4: 1 | R4: DE | S4: 1
P6: FECHA | Q6: DD | R6: MM | S6: AAAA
E7: ANALISIS DE PRECIOS DE MANO DE OBRA | Q7: =+Datos!$C$7 -> 19 | R7: =+Datos!$D$7 -> 6 | S7: =+Datos!$E$7 -> 2026
B11: 1. | C11: SALARIOS DE MANO DE OBRA
C13: Por Ley: | D13: Auxilio Transporte mensual | F13: 249095 | H13: Aux. Transp. Diario | J13: =F13/30 -> 8303.1667 | M13: Año Salario Minimo | O13: 2026
D14: Salario Minimo Mensual | F14: 1750905 | H14: Salario Min. Diario | J14: =F14/30 -> 58363.5
B16: 2. | C16: JORNALES DIARIOS DE MANO DE OBRA
C18: MAESTRO - CARPINTERO - ENCARGADO - ORNAMENTADOR - TOPÓGRAFO [DÍA] | I18: OFICIAL DE CONSTRUCCIÓN - ESTUCADOR - SOLDADOR - CADENERO [DÍA] | O18: AYUDANTE DE OBRA [DÍA]
C19: Salario (3 SMMLV) | E19: =(3*F14)/30 -> 175090.5 | I19: Salario (2 SMMLV) | K19: =+(F14*2)/30 -> 116727 | O19: Salario (1 SMMLV) | Q19: =(+F14/30)*1.1 -> 64199.85 | R19: =+Q19-J14 -> 5836.35
C20: Aux. Transporte | E20: =+J13 -> 8303.1667 | I20: Aux. Transporte | K20: =+J13 -> 8303.1667 | O20: Aux. Transporte | Q20: =+J13 -> 8303.1667
F21: Jornal Total | G21: =+SUM(E19:E20) -> 183393.67 | L21: Jornal Total | M21: =+SUM(K19:K20) -> 125030.17 | R21: Jornal Total | S21: =+SUM(Q19:Q20) -> 72503.017
B24: 3. | C24: CÁLCULO DE PRESTACIONES
C26: Prestaciones Legales | G26: Aportes Patronales | K26: Otros Aportes | O26: Valor Total prestaciones | Q26: =+E31+I31+M31 -> 0.6673
C27: Cesantias por Ley | E27: 0.0833 | G27: Caja de Compensacion | I27: 0.04 | K27: Dotación | M27: 0.0664
C28: Intereses Sobre Cesantias | E28: 0.01 | G28: SENA | I28: 0.02 | K28: Implementos Seguridad | M28: 0.015
C29: Primas Anuales | E29: 0.0833 | G29: ICBF | I29: 0.03 | K29: FIC | M29: 0.003
C30: Vacaciones | E30: 0.0417 | G30: Salud, Pensión, ARP | I30: =8.5%+12%+6.96% -> 0.2746
D31: Subtotal | E31: =+SUM(E27:E30) -> 0.2183 | H31: Subtotal | I31: =+SUM(I27:I30) -> 0.3646 | L31: Subtotal | M31: =M27+M28+M29 -> 0.0844
B33: 4. | C33: CÁLCULO DE DESCANSOS REMUNERADOS
C35: Tiempo pagado y no laborado | F35: 0.0013333333
C36: Mayor valor prestacional por tiempo | F36: =+((6.25)/30)% -> 0.0020833333
C37: TOTAL DESCANSOS REMUNERADOS | F37: =SUM(F35:F36) -> 0.0034166667
B39: 5. | C39: CÁLCULO DE VALORES DE CUADRILLAS
C41: BASES DEL CÁLCULO | H41: CUADRILLA AA [Albañilería] | J41: CUADRILLA BB [Instalaciones varias] | L41: CUADRILLA CC [Pinturas] | N41: CUADRILLA DD [Carpintería Madera] | P41: CUADRILLA EE [Cableado Estructurado] | R41: CUADRILLA FF [Eléctricas]
H42: 1 OFICIAL + 1 AYUDANTE | J42: 1 OFICIAL + 1 AYUDANTE | L42: 1 OFICIAL + 1 ESTUCADOR + 1 AYUDANTE | N42: 1 CARPINTERO + 1 AYUDANTE | P42: 2 OFICIALES | R42: 1 ENCARGADO (30%) + 1 OFICIAL + 1 AYUDANTE
H43: CANT. | I43: VR. PARCIAL | J43: CANT. | K43: VR. PARCIAL | L43: CANT. | M43: VR. PARCIAL | N43: CANT. | O43: VR. PARCIAL | P43: CANT. | Q43: VR. PARCIAL | R43: CANT. | S43: VR. PARCIAL
C44: Ayudante | H44: 1 | I44: =+H44*$S$21 -> 72503.017 | J44: 1 | K44: =+J44*$S$21 -> 72503.017 | L44: 1 | M44: =+L44*$S$21 -> 72503.017 | N44: 1 | O44: =+N44*$S$21 -> 72503.017 | P44: 0 | Q44: =+P44*$S$21 -> 0 | R44: 1 | S44: =+R44*$S$21 -> 72503.017
C45: Oficial | H45: 1 | I45: =+H45*$M$21 -> 125030.17 | J45: 1 | K45: =+J45*$M$21 -> 125030.17 | L45: 1 | M45: =+L45*$M$21 -> 125030.17 | N45: 0 | O45: =+N45*$M$21 -> 0 | P45: 2 | Q45: =+P45*$M$21 -> 250060.33 | R45: 1 | S45: =+R45*$M$21 -> 125030.17
C46: Estucador | H46: 0 | I46: 0 | J46: 0 | K46: 0 | L46: 1 | M46: =+L46*$M$21 -> 125030.17 | N46: 0 | O46: =+N46*$M$21 -> 0 | P46: 0 | Q46: 0 | R46: 0 | S46: =+R46*$M$21 -> 0
C47: Encargado de obra eléctrica (30%) | H47: 0 | I47: 0 | J47: 0 | K47: 0 | L47: 0 | M47: 0 | N47: 0 | O47: =+N47*$M$21 -> 0 | P47: 0 | Q47: 0 | R47: 1 | S47: =+R47*$G$21*0.3 -> 55018.1
C48: Carpintero | H48: 0 | I48: 0 | J48: 0 | K48: 0 | L48: 0 | M48: 0 | N48: 1 | O48: =+N48*$G$21 -> 183393.67 | P48: 0 | Q48: 0 | R48: 0 | S48: =+R48*$M$21 -> 0
C49: Jornal total diario base | I49: =SUM(I44:I48) -> 197533.18 | K49: =SUM(K44:K48) -> 197533.18 | M49: =SUM(M44:M48) -> 322563.35 | O49: =SUM(O44:O48) -> 255896.68 | Q49: =SUM(Q44:Q48) -> 250060.33 | S49: =SUM(S44:S48) -> 252551.28
C50: Prestaciones sociales | H50: =+$E$31 -> 0.2183 | I50: =+I49*H50 -> 43121.494 | J50: =+$E$31 -> 0.2183 | K50: =+K49*J50 -> 43121.494 | L50: =+$E$31 -> 0.2183 | M50: =+M49*L50 -> 70415.579 | N50: =+$E$31 -> 0.2183 | O50: =+O49*N50 -> 55862.246 | P50: =+$E$31 -> 0.2183 | Q50: =+Q49*P50 -> 54588.171 | R50: =+$E$31 -> 0.2183 | S50: =+S49*R50 -> 55131.945
C51: Aportes Patronales | H51: =+$I$31 -> 0.3646 | I51: =+H51*I49 -> 72020.599 | J51: =+$I$31 -> 0.3646 | K51: =+J51*K49 -> 72020.599 | L51: =+$I$31 -> 0.3646 | M51: =+L51*M49 -> 117606.6 | N51: =+$I$31 -> 0.3646 | O51: =+N51*O49 -> 93299.931 | P51: =+$I$31 -> 0.3646 | Q51: =+P51*Q49 -> 91171.998 | R51: =+$I$31 -> 0.3646 | S51: =+R51*S49 -> 92080.198
C52: Otros Aportes | H52: =+$M$31 -> 0.0844 | I52: =+H52*I49 -> 16671.801 | J52: =+$M$31 -> 0.0844 | K52: =+J52*K49 -> 16671.801 | L52: =+$M$31 -> 0.0844 | M52: =+L52*M49 -> 27224.347 | N52: =+$M$31 -> 0.0844 | O52: =+N52*O49 -> 21597.68 | P52: =+$M$31 -> 0.0844 | Q52: =+P52*Q49 -> 21105.092 | R52: =+$M$31 -> 0.0844 | S52: =+R52*S49 -> 21315.328
C53: Descansos remunerados | H53: =+$F$37 -> 0.0034166667 | I53: =+H53*I49 -> 674.90504 | J53: =+$F$37 -> 0.0034166667 | K53: =+J53*K49 -> 674.90504 | L53: =+$F$37 -> 0.0034166667 | M53: =+L53*M49 -> 1102.0914 | N53: =+$F$37 -> 0.0034166667 | O53: =+N53*O49 -> 874.31367 | P53: =+$F$37 -> 0.0034166667 | Q53: =+P53*Q49 -> 854.37281 | R53: =+$F$37 -> 0.0034166667 | S53: =+R53*S49 -> 862.88355
C54: Incremento variables | H54: 0 | I54: =+H54*I49 -> 0 | J54: 0 | K54: =+J54*I55 -> 0 | L54: 0 | M54: =+L54*I55 -> 0 | N54: 0 | O54: =+N54*I55 -> 0 | P54: 0 | Q54: =+P54*K55 -> 0 | R54: 0 | S54: =+R54*M55 -> 0
C55: TOTAL CUADRILLA [DIA] | I55: =SUM(I49:I54) -> 330021.98 | K55: =SUM(K49:K54) -> 330021.98 | M55: =SUM(M49:M54) -> 538911.96 | O55: =SUM(O49:O54) -> 427530.85 | Q55: =SUM(Q49:Q54) -> 417779.97 | S55: =SUM(S49:S54) -> 421941.64
C56: TOTAL CUADRILLA [HH] HORA-HOMBRE | I56: =I55/8 -> 41252.748 | K56: =K55/8 -> 41252.748 | M56: =+M55/8 -> 67363.996 | O56: =O55/8 -> 53441.357 | Q56: =Q55/8 -> 52222.496 | S56: =S55/8 -> 52742.705
C58: BASES DEL CÁLCULO | H58: CUADRILLA FF1 [Eléctricas especializadas] | J58: CUADRILLA GG [Drywall] | L58: CUADRILLA HH [Metálicas] | N58: CUADRILLA II [Topografía] | P58: CUADRILLA JJ [Red contra incendio] | R58: CUADRILLA KK [Aseo]
H59: 1 ENCARGADO (60%) + 2 OFICIALES + 1 AYUDANTE | J59: 2 OFICIALES + 1 AYUDANTE | L59: 1 OFICIAL + 1 AYUDANTE + 1 SOLDADOR | N59: 1 TOPO+ 1 CADENERO + 1 AYUDANTE | P59: 1 ENCARGADO + 2 OFICIALES + 1 AYUDANTE | R59: 2 AYUDANTES
H60: CANT. | I60: VR. PARCIAL | J60: CANT. | K60: VR. PARCIAL | L60: CANT. | M60: VR. PARCIAL | N60: CANT. | O60: VR. PARCIAL | P60: CANT. | Q60: VR. PARCIAL | R60: CANT. | S60: VR. PARCIAL
C61: Ayudante | H61: 1 | I61: =+H61*$S$21 -> 72503.017 | J61: 1 | K61: =+J61*$S$21 -> 72503.017 | L61: 1 | M61: =+L61*$S$21 -> 72503.017 | N61: 1 | O61: =+N61*$S$21 -> 72503.017 | P61: 1 | Q61: =+P61*$S$21 -> 72503.017 | R61: 2 | S61: =+R61*$S$21 -> 145006.03
C62: Oficial | H62: 2 | I62: =+H62*$M$21 -> 250060.33 | J62: 2 | K62: =+J62*$M$21 -> 250060.33 | L62: 1 | M62: =+L62*$M$21 -> 125030.17 | N62: 0 | O62: 0 | P62: 2 | Q62: =+P62*$M$21 -> 250060.33 | R62: 0 | S62: =+R62*$M$21 -> 0
C63: Soldador | H63: 0 | I63: 0 | J63: 0 | K63: 0 | L63: 1 | M63: =+L63*$G$21 -> 183393.67 | N63: 0 | O63: 0 | P63: 0 | Q63: 0 | R63: 0 | S63: =+R63*$S$21 -> 0
C64: Encargado de obra eléctrica (60%) | H64: 1 | I64: =+H64*$G$21*0.6 -> 110036.2 | J64: 0 | K64: 0 | L64: 0 | M64: 0 | N64: 0 | O64: 0 | P64: 1 | Q64: =+P64*$G$21 -> 183393.67 | R64: 0 | S64: =+R64*$S$21 -> 0
C65: Topógrafo | H65: 0 | I65: 0 | J65: 0 | K65: 0 | L65: 0 | M65: 0 | N65: 1 | O65: =+N65*$G$21 -> 183393.67 | P65: 0 | Q65: 0 | R65: 0 | S65: =+R65*$S$21 -> 0
C66: Cadenero | H66: 0 | I66: 0 | J66: 0 | K66: 0 | L66: 0 | M66: 0 | N66: 1 | O66: =+N66*$M$21 -> 125030.17 | P66: 0 | Q66: 0 | R66: 0 | S66: =+R66*$S$21 -> 0
C67: Jornal total diario base | I67: =SUM(I61:I66) -> 432599.55 | K67: =SUM(K61:K66) -> 322563.35 | M67: =SUM(M61:M66) -> 380926.85 | O67: =SUM(O61:O66) -> 380926.85 | Q67: =SUM(Q61:Q66) -> 505957.02 | S67: =SUM(S61:S66) -> 145006.03
C68: Prestaciones sociales | H68: =+$E$31 -> 0.2183 | I68: =+I67*H68 -> 94436.482 | J68: =+$E$31 -> 0.2183 | K68: =+K67*J68 -> 70415.579 | L68: =+$E$31 -> 0.2183 | M68: =+M67*L68 -> 83156.331 | N68: =+$E$31 -> 0.2183 | O68: =+O67*N68 -> 83156.331 | P68: =+$E$31 -> 0.2183 | Q68: =+Q67*P68 -> 110450.42 | R68: =+$E$31 -> 0.2183 | S68: =+S67*R68 -> 31654.817
C69: Aportes Patronales | H69: =+$I$31 -> 0.3646 | I69: =+H69*I67 -> 157725.8 | J69: =+$I$31 -> 0.3646 | K69: =+J69*K67 -> 117606.6 | L69: =+$I$31 -> 0.3646 | M69: =+L69*M67 -> 138885.93 | N69: =+$I$31 -> 0.3646 | O69: =+N69*O67 -> 138885.93 | P69: =+$I$31 -> 0.3646 | Q69: =+P69*Q67 -> 184471.93 | R69: =+$I$31 -> 0.3646 | S69: =+R69*S67 -> 52869.2
C70: Otros Aportes | H70: =+$M$31 -> 0.0844 | I70: =+H70*I67 -> 36511.402 | J70: =+$M$31 -> 0.0844 | K70: =+J70*K67 -> 27224.347 | L70: =+$M$31 -> 0.0844 | M70: =+L70*M67 -> 32150.226 | N70: =+$M$31 -> 0.0844 | O70: =+N70*O67 -> 32150.226 | P70: =+$M$31 -> 0.0844 | Q70: =+P70*Q67 -> 42702.772 | R70: =+$M$31 -> 0.0844 | S70: =+R70*S67 -> 12238.509
C71: Descansos remunerados | H71: =+$F$37 -> 0.0034166667 | I71: =+H71*I67 -> 1478.0485 | J71: =+$F$37 -> 0.0034166667 | K71: =+J71*K67 -> 1102.0914 | L71: =+$F$37 -> 0.0034166667 | M71: =+L71*M67 -> 1301.5001 | N71: =+$F$37 -> 0.0034166667 | O71: =+N71*O67 -> 1301.5001 | P71: =+$F$37 -> 0.0034166667 | Q71: =+P71*Q67 -> 1728.6865 | R71: =+$F$37 -> 0.0034166667 | S71: =+R71*S67 -> 495.43728
C72: Incremento variables | H72: 0 | I72: =+H72*I67 -> 0 | J72: 0 | K72: =+J72*I73 -> 0 | L72: 0 | M72: =+L72*I73 -> 0 | N72: 0 | O72: =+N72*I73 -> 0 | P72: 0 | Q72: =+P72*K73 -> 0 | R72: 0 | S72: =+R72*M73 -> 0
C73: TOTAL CUADRILLA [DIA] | I73: =SUM(I67:I72) -> 722751.28 | K73: =SUM(K67:K72) -> 538911.96 | M73: =SUM(M67:M72) -> 636420.84 | O73: =SUM(O67:O72) -> 636420.84 | Q73: =SUM(Q67:Q72) -> 845310.82 | S73: =SUM(S67:S72) -> 242264
C74: TOTAL CUADRILLA [HH] HORA-HOMBRE | I74: =I73/8 -> 90343.91 | K74: =K73/8 -> 67363.996 | M74: =+M73/8 -> 79552.605 | O74: =O73/8 -> 79552.605 | Q74: =Q73/8 -> 105663.85 | S74: =S73/8 -> 30283
C76: BASES DEL CÁLCULO | H76: CUADRILLA LL [Eléctricas especializadas] | J76: CUADRILLA MM [Eléctricas especializadas] | L76: CUADRILLA NN [Eléctricas especializadas]
H77: 6 AYUDANTES
H78: CANT. | I78: VR. PARCIAL | J78: CANT. | K78: VR. PARCIAL | L78: CANT. | M78: VR. PARCIAL | N78: CANT. | O78: VR. PARCIAL | P78: CANT. | Q78: VR. PARCIAL | R78: CANT. | S78: VR. PARCIAL
C79: Ayudante | H79: 6 | I79: =+H79*$S$21 -> 435018.1
C80: Oficial | H80: 0 | I80: =+H80*$M$21 -> 0
C81: Soldador | H81: 0 | I81: 0
C82: Encargado de obra eléctrica (60%) | H82: 0 | I82: =+H82*$G$21*0.6 -> 0
C83: Topógrafo | H83: 0 | I83: 0
C84: Cadenero | H84: 0 | I84: 0
C85: Jornal total diario base | I85: =SUM(I79:I84) -> 435018.1
C86: Prestaciones sociales | H86: =+$E$31 -> 0.2183 | I86: =+I85*H86 -> 94964.451
C87: Aportes Patronales | H87: =+$I$31 -> 0.3646 | I87: =+H87*I85 -> 158607.6
C88: Otros Aportes | H88: =+$M$31 -> 0.0844 | I88: =+H88*I85 -> 36715.528
C89: Descansos remunerados | H89: =+$F$37 -> 0.0034166667 | I89: =+H89*I85 -> 1486.3118
C90: Incremento variables | H90: 0 | I90: =+H90*I85 -> 0
C91: TOTAL CUADRILLA [DIA] | I91: =SUM(I85:I90) -> 726791.99
C92: TOTAL CUADRILLA [HH] HORA-HOMBRE | I92: =I91/8 -> 90848.999
B95: 6. | C95: LISTADO INDIVIDUAL DE PERSONAL [DÍA]
B96: 1 | C96: 2 | H96: 3 | I96: 4 | J96: 5 | K96: 6 | L96: 7 | M96: 8
B97: COD. | C97: DESCRIPCIÓN | H97: U.M | I97: VR. DÍA | J97: DEDICACIÓN (%) | K97: (%) | L97: VR. JORNAL | M97: HH
B98: M.O-01 | C98: AYUDANTE 1 | H98: JRN | I98: =+$S$21 -> 72503.017 | J98: 1 | K98: =+$Q$26+$F$37 -> 0.67071667 | L98: =+ROUND(I98*J98*(1+K98),0) -> 121132 | M98: =+L98/8 -> 15141.5
B99: M.O-02 | C99: AYUDANTE 2 | H99: JRN | I99: =+$S$21 -> 72503.017 | J99: 1 | K99: =+$Q$26+$F$37 -> 0.67071667 | L99: =+ROUND(I99*J99*(1+K99),0) -> 121132 | M99: =+L99/8 -> 15141.5
B100: M.O-03 | C100: AYUDANTE 3 | H100: JRN | I100: =+$S$21 -> 72503.017 | J100: 1 | K100: =+$Q$26+$F$37 -> 0.67071667 | L100: =+ROUND(I100*J100*(1+K100),0) -> 121132 | M100: =+L100/8 -> 15141.5
B101: M.O-04 | C101: AYUDANTE 4 | H101: JRN | I101: =+$S$21 -> 72503.017 | J101: 1 | K101: =+$Q$26+$F$37 -> 0.67071667 | L101: =+ROUND(I101*J101*(1+K101),0) -> 121132 | M101: =+L101/8 -> 15141.5
B102: M.O-05 | C102: OFICIAL | H102: JRN | I102: =+$M$21 -> 125030.17 | J102: 1 | K102: =+$Q$26+$F$37 -> 0.67071667 | L102: =+ROUND(I102*J102*(1+K102),0) -> 208890 | M102: =+L102/8 -> 26111.25
B103: M.O-06 | C103: OFICIAL 2 | H103: JRN | I103: =+$M$21 -> 125030.17 | J103: 1 | K103: =+$Q$26+$F$37 -> 0.67071667 | L103: =+ROUND(I103*J103*(1+K103),0) -> 208890 | M103: =+L103/8 -> 26111.25
B104: M.O-07 | C104: ESTUCADOR | H104: JRN | I104: =+$M$21 -> 125030.17 | J104: 1 | K104: =+$Q$26+$F$37 -> 0.67071667 | L104: =+ROUND(I104*J104*(1+K104),0) -> 208890 | M104: =+L104/8 -> 26111.25
B105: M.O-08 | C105: SOLDADOR | H105: JRN | I105: =+$M$21 -> 125030.17 | J105: 1 | K105: =+$Q$26+$F$37 -> 0.67071667 | L105: =+ROUND(I105*J105*(1+K105),0) -> 208890 | M105: =+L105/8 -> 26111.25
B106: M.O-09 | C106: ORNAMENTADOR | H106: JRN | I106: =+$G$21 -> 183393.67 | J106: 1 | K106: =+$Q$26+$F$37 -> 0.67071667 | L106: =+ROUND(I106*J106*(1+K106),0) -> 306399 | M106: =+L106/8 -> 38299.875
B107: M.O-10 | C107: CARPINTERO | H107: JRN | I107: =+$G$21 -> 183393.67 | J107: 1 | K107: =+$Q$26+$F$37 -> 0.67071667 | L107: =+ROUND(I107*J107*(1+K107),0) -> 306399 | M107: =+L107/8 -> 38299.875
B108: M.O-11 | C108: MAESTRO | H108: JRN | I108: =+$G$21 -> 183393.67 | J108: 0.3 | K108: =+$Q$26+$F$37 -> 0.67071667 | L108: =+ROUND(I108*J108*(1+K108),0) -> 91920 | M108: =+L108/8 -> 11490
B109: M.O-12 | C109: TOPÓGRAFO | H109: JRN | I109: =+$G$21 -> 183393.67 | J109: 1 | K109: =+$Q$26+$F$37 -> 0.67071667 | L109: =+ROUND(I109*J109*(1+K109),0) -> 306399 | M109: =+L109/8 -> 38299.875
B110: M.O-13 | C110: CADENERO 1 | H110: JRN | I110: =+$M$21 -> 125030.17 | J110: 1 | K110: =+$Q$26+$F$37 -> 0.67071667 | L110: =+ROUND(I110*J110*(1+K110),0) -> 208890 | M110: =+L110/8 -> 26111.25
B111: M.O-14 | C111: CADENERO 2 | H111: JRN | I111: =+$M$21 -> 125030.17 | J111: 1 | K111: =+$Q$26+$F$37 -> 0.67071667 | L111: =+ROUND(I111*J111*(1+K111),0) -> 208890 | M111: =+L111/8 -> 26111.25
B112: M.O-15 | C112: INGENIERO HIDRÁULICO Y/O SANITARIO | H112: JRN | I112: =+$G$21*2 -> 366787.33 | J112: 0.6 | K112: =+$Q$26+$F$37 -> 0.67071667 | L112: =+ROUND(I112*J112*(1+K112),0) -> 367679 | M112: =+L112/8 -> 45959.875
B113: M.O-16 | C113: PLOMERO | H113: JRN | I113: =I102 -> 125030.17 | J113: 1 | K113: =+$Q$26+$F$37 -> 0.67071667 | L113: =+ROUND(I113*J113*(1+K113),0) -> 208890 | M113: =+L113/8 -> 26111.25
B114: M.O-17 | C114: AUXILIAR DE TRANSITO 1 | H114: JRN | I114: =+$S$21 -> 72503.017 | J114: 1 | K114: =+$Q$26+$F$37 -> 0.67071667 | L114: =+ROUND(I114*J114*(1+K114),0) -> 121132 | M114: =+L114/8 -> 15141.5
B115: M.O-18 | C115: AUXILIAR DE TRANSITO 2 | H115: JRN | I115: =+$S$21 -> 72503.017 | J115: 1 | K115: =+$Q$26+$F$37 -> 0.67071667 | L115: =+ROUND(I115*J115*(1+K115),0) -> 121132 | M115: =+L115/8 -> 15141.5
B116: M.O-19 | C116: AUXILIAR DE TRANSITO 3 | H116: JRN | I116: =+$S$21 -> 72503.017 | J116: 1 | K116: =+$Q$26+$F$37 -> 0.67071667 | L116: =+ROUND(I116*J116*(1+K116),0) -> 121132 | M116: =+L116/8 -> 15141.5
B117: M.O-20 | C117: INGENIERO ESPECIALISTA EN VIAS | H117: JRN | I117: =+$G$21*2 -> 366787.33 | J117: 1 | K117: =+$Q$26+$F$37 -> 0.67071667 | L117: =+ROUND(I117*J117*(1+K117),0) -> 612798 | M117: =+L117/8 -> 76599.75
B118: M.O-21 | C118: INGENIERO AMBIENTAL | H118: JRN | I118: =+$G$21*2 -> 366787.33 | J118: 1 | K118: =+$Q$26+$F$37 -> 0.67071667 | L118: =+ROUND(I118*J118*(1+K118),0) -> 612798 | M118: =+L118/8 -> 76599.75
B119: M.O-22 | C119: PROFESIONAL SOCIAL | H119: JRN | I119: =+$M$21*2 -> 250060.33 | J119: 1 | K119: =+$Q$26+$F$37 -> 0.67071667 | L119: =+ROUND(I119*J119*(1+K119),0) -> 417780 | M119: =+L119/8 -> 52222.5
B120: M.O-23 | C120: TECNICO HSEQ | H120: JRN | I120: =+$M$21 -> 125030.17 | J120: 1 | K120: =+$Q$26+$F$37 -> 0.67071667 | L120: =+ROUND(I120*J120*(1+K120),0) -> 208890 | M120: =+L120/8 -> 26111.25
...

Sheet Equipos
D2: =+Datos!$C$9 -> CONSEJO SUPERIOR DE JUDICATURA– DIRECCIÓN EJECUTIVA SECCIONAL DE ADMINISTRACIÓN JUDICIAL DE BUCARAMANGA | F2: VERSIÓN | H2: =Datos!B3 -> 0
D4: =+Datos!$C$12 -> CONTRATAR EN NOMBRE DE LA NACIÓN– CONSEJO SUPERIOR DE JUDICATURA– DIRECCIÓN EJECUTIVA SECCIONAL DE ADMINISTRACIÓN JUDICIAL DE BUCARAMANGA, MEDIANTE EL SISTEMA DE PRECIOS UNITARIOS FIJOS SIN FORMULA DE REAJUSTE, LA OBRA CIVIL PARA EL REFORZAMIENTO ESTRUCTURAL DE LA SEDE JUDICIAL DE CONFINES SANTANDER, ASÍ COMO LA OBRA ELÉCTRICA, DE ILUMINACIÓN Y DEMÁS REQUERIDAS EN DICHA EDIFICACIÓN, EN LAS CONDICIONES TÉCNICAS, DE CALIDAD Y CANTIDADES EXIGIDAS POR LA ENTIDAD. | F4: PÁGINA
F5: 1 | G5: DE | H5: 1
F6: FECHA
D7: LISTADO DE PRECIOS DE EQUIPOS | F7: DD | G7: MM | H7: AAAA
F8: =+Datos!$C$7 -> 19 | G8: =+Datos!$D$7 -> 6 | H8: =+Datos!$E$7 -> 2026
B11: 1 | C11: 2 | D11: 3 | E11: 4 | F11: 5 | G11: 6 | H11: 7
B12: CÓD. | C12: ID. | D12: DESCRIPCIÓN ÍTEM | E12: PRECIO SIN IVA | F12: U.M. | G12: REFERENCIA | H12: PRECIO IVA INC. | I12: TIPO EQU | L12: PRECIO
B13: EQ-01 | C13: - | D13: MEZCLADORA DE CONCRETO 1 BULTO | E13: =+H13/1.19 -> 11625 | F13: HR | G13: - | H13: =(93000*1.19)/8 -> 13833.75 | I13: CIVIL | L13: GARCIA VEGA
B14: EQ-02 | C14: - | D14: EQUIPOS COMPLETO DE TOPOGRAFIA | E14: =+H14/1.19 -> 126050.42 | F14: HR | G14: - | H14: =150000 -> 150000 | I14: CIVIL | L14: JORGE
B15: EQ-03 | C15: - | D15: RETROEXCAVADORA | E15: =+H15/1.19 -> 162815.13 | F15: HR | G15: - | H15: =1550000/8 -> 193750 | I15: CIVIL | L15: GALAN
B16: EQ-04 | C16: - | D16: EQUIPO DEMOLEDOR HEXAGONAL | E16: =+H16/1.19 -> 21625 | F16: HR | G16: - | H16: =(173000*1.19)/8 -> 25733.75 | I16: CIVIL | L16: GARCIA VEGA
B17: EQ-05 | C17: - | D17: CORTADORA DE PAVIMENTO | E17: =+H17/1.19 -> 6054.6069 | F17: HR | G17: - | H17: 7204.9822 | I17: CIVIL | J17: =IF(F17="HR",H17*8,0) -> 57639.858
B18: EQ-06 | C18: - | D18: COMPRESOR DE 70 A 120 HP, CON MARTILLO | E18: =+H18/1.19 -> 56378.151 | F18: HR | G18: - | H18: =((111000*1.19*8)-(65000*8))/8 -> 67090 | I18: CIVIL | J18: =IF(F18="HR",H18*8,0) -> 536720 | L18: GARCIA VEGA
B19: EQ-07 | C19: - | D19: MINICARGADOR | E19: =+H19/1.19 -> 131000 | F19: HR | G19: - | H19: =131000*1.19 -> 155890 | I19: CIVIL | J19: =IF(F19="HR",H19*8,0) -> 1247120 | L19: GARCIA VEGA
B20: EQ-08 | C20: - | D20: ENTIBADO METÁLICO PROF. 0.0-2.50M, INCLUYE ACCESORIOS PARA INSTALACIÓN | E20: =+H20/1.19 -> 478.48442 | F20: HR | G20: KRINGS | H20: 569.39646 | I20: CIVIL | J20: =IF(F20="HR",H20*8,0) -> 4555.1717
B21: EQ-09 | C21: - | D21: ENTIBADO METÁLICO PROF. 2.5-6.00M, INCLUYE ACCESORIOS PARA INSTALACIÓN | E21: =+H21/1.19 -> 875.89824 | F21: HR | G21: KRINGS | H21: =987.98*1.055 -> 1042.3189 | I21: CIVIL | J21: =IF(F21="HR",H21*8,0) -> 8338.5512
B22: EQ-11 | C22: - | D22: RETROEXCAVADORA SOBRE ORUGAS DE PROF. EXCAVACIÓN MÍNIMA DE 6,0 M | E22: 126653.5 | F22: HR | G22: INVIAS 2022-2 | H22: 211960.79 | I22: CIVIL | J22: =IF(F22="HR",H22*8,0) -> 1695686.3
B23: EQ-12 | C23: - | D23: COMPACTADOR MANUAL TIPO SALTARÍN | E23: =+H23/1.19 -> 18250 | F23: HR | H23: =(146000*1.19)/8 -> 21717.5 | I23: CIVIL | J23: =IF(F23="HR",H23*8,0) -> 173740 | L23: GARCIA VEGA
B24: EQ-13 | C24: - | D24: VIBRADOR DE CONCRETO | E24: =+H24/1.19 -> 107000 | F24: DIA | G24: - | H24: =(107000*1.19) -> 127330 | I24: CIVIL | L24: GARCIA VEGA
B25: EQ-14 | C25: - | D25: FORMALETA METALICA | E25: =+H25/1.19 -> 1115.4861 | F25: M2 | G25: - | H25: =(735.486111111111+120+90+170)*1.19 -> 1327.4285 | I25: CIVIL | J25: =IF(F25="HR",H25*8,0) -> 0
B26: EQ-15 | C26: - | D26: ANDAMIO METALICO TUBULAR | E26: =+H26/1.19 -> 23788.007 | F26: DIA | G26: - | H26: 28307.728 | I26: CIVIL | J26: =IF(F26="HR",H26*8,0) -> 0
B27: EQ-16 | C27: - | D27: GUADAÑADORA CILINDRAJE 38-58 CM3 | E27: =+H27/1.19 -> 151260.5 | F27: DIA | H27: 180000 | I27: CIVIL | J27: =IF(F27="HR",H27*8,0) -> 0 | L27: GALAN
B28: EQ-17 | C28: - | D28: ANDAMIO CON TABLAS DE SEGURIDAD | E28: =+H28/1.19 -> 164285.71 | F28: DIA | G28: - | H28: =170000*1.15 -> 195500 | I28: CIVIL | J28: =IF(F28="HR",H28*8,0) -> 0
B29: EQ-18 | C29: - | D29: ANDAMIO DE SEGURIDAD | E29: =+H29/1.19 -> 164285.71 | F29: DIA | G29: - | H29: =170000*1.15 -> 195500 | I29: CIVIL | J29: =IF(F29="HR",H29*8,0) -> 0
B30: EQ-19 | C30: - | D30: EQUIPO DE SOLDADURA | E30: =+H30/1.19 -> 6633.8235 | F30: HR | G30: - | H30: 7894.25 | I30: CIVIL | J30: =IF(F30="HR",H30*8,0) -> 63154
B31: EQ-20 | C31: - | D31: PULIDORA ELECTRICA 4 1/2" | E31: =+H31/1.19 -> 57983.193 | F31: DIA | G31: - | H31: =60000*1.15 -> 69000 | I31: CIVIL | J31: =IF(F31="HR",H31*8,0) -> 0
B32: EQ-21 | C32: - | D32: EQUIPO DE PINTURA (COMPRESOR) | E32: =+H32/1.19 -> 17690.196 | F32: HR | G32: - | H32: 21051.333 | I32: CIVIL | J32: =IF(F32="HR",H32*8,0) -> 168410.67
B33: EQ-22 | D33: PISTOLA PARA APLICAR ADHESIVO EPÓXICO | E33: =+H33/1.19 -> 9508.4804 | F33: HR | G33: - | H33: 11315.092 | I33: CIVIL | J33: =IF(F33="HR",H33*8,0) -> 90520.733
B34: EQ-23 | C34: - | D34: TALADRO | E34: =+H34/1.19 -> 3316.9118 | F34: HR | G34: - | H34: 3947.125 | I34: CIVIL | J34: =IF(F34="HR",H34*8,0) -> 31577
B35: EQ-24 | C35: - | D35: MOTOSIERRA | E35: =+H35/1.19 -> 53070.588 | F35: DIA | G35: - | H35: 63154 | I35: CIVIL | J35: =IF(F35="HR",H35*8,0) -> 0
B36: EQ-25 | C36: - | D36: TALADRO INDUSTRIAL CON BROCA DE 1" | E36: =+H36/1.19 -> 106302.52 | F36: DIA | G36: - | H36: =110000*1.15 -> 126500 | I36: CIVIL | J36: =IF(F36="HR",H36*8,0) -> 0
B37: EQ-26 | C37: - | D37: TALADRO Y BROCA | E37: =+H37/1.19 -> 57983.193 | F37: DIA | G37: - | H37: =60000*1.15 -> 69000 | I37: CIVIL | J37: =IF(F37="HR",H37*8,0) -> 0
B38: EQ-27 | C38: - | D38: MOTOBOMBA DE IMPULSIÓN PARA CONCRETO | E38: =+H38/1.19 -> 68549.51 | F38: HR | G38: - | H38: 81573.917 | I38: CIVIL | J38: =IF(F38="HR",H38*8,0) -> 652591.33
B39: EQ-28 | C39: - | D39: ALLANADORA MECANICA 5HP | E39: 58823.529 | F39: DIA | G39: - | H39: =70000*1.055 -> 73850 | I39: CIVIL | J39: =IF(F39="HR",H39*8,0) -> 0
B40: EQ-29 | C40: - | D40: EQUIPO DE IZAJE | E40: =+H40/1.19 -> 42890.037 | F40: HR | G40: INVIAS 2022-2 | H40: 51039.144 | I40: CIVIL | J40: =IF(F40="HR",H40*8,0) -> 408313.16
B41: EQ-30 | C41: - | D41: ANDAMIO TUBULAR ESTÁNDAR 1.5 X 1.5M - ALQUILER | E41: =+H41/1.19 -> 630.2521 | F41: DIA | H41: 750 | I41: CIVIL | J41: =IF(F41="HR",H41*8,0) -> 0
B42: EQ-31 | D42: PLANTA ELÉCTRICA 3000 WATTS -4000 WATTS | E42: 121070.52 | F42: HR | G42: INVIAS 2022-2 | H42: 144073.92 | I42: CIVIL | J42: =IF(F42="HR",H42*8,0) -> 1152591.4
B43: EQ-32 | D43: ENTIBADO METÁLICO, INCLUYE PERFILES Y ACCESORIOS PARA INSTALACIÓN | E43: =H43/1.19 -> 35420.168 | F43: M2 | H43: 42150 | I43: CIVIL | J43: =IF(F43="HR",H43*8,0) -> 0
B44: EQ-33 | D44: CORTADORA MANUAL DE PORCELANATO HIT 1600 PLUS RUBI | E44: =H44/1.19 -> 49431.933 | F44: DIA | H44: =ROUND(1000000/(17),0) -> 58824 | I44: CIVIL | J44: =IF(F44="HR",H44*8,0) -> 0
B45: EQ-34 | D45: POLIPASTO 5 TON | E45: =H45/1.19 -> 46218.487 | F45: DIA | H45: =1100000/20 -> 55000 | I45: CIVIL
G49: - | H49: 26894 | I49: CIVIL
B50: MEQ-02 | C50: - | D50: CERCHA METALICA DE 3MTS | E50: 420.16807 | F50: DIA | G50: - | H50: 500 | I50: CIVIL
B51: MEQ-03 | C51: - | D51: CRUCETA ANDAMIO | E51: 220 | F51: DIA | G51: - | H51: 261.8 | I51: CIVIL
B52: MEQ-04 | C52: - | D52: FORMALETA METALICA | E52: 1115.4861 | F52: M2 | G52: - | H52: 1327.4285 | I52: CIVIL
B53: MEQ-05 | C53: - | D53: ROTOMARTILLO | E53: 25210.084 | F53: DIA | G53: - | H53: 30000 | I53: CIVIL
B54: MEQ-06 | C54: - | D54: EQUIPO DE OXICORTE (OXIGENO-ACETILENO) | E54: 80000 | F54: DIA | G54: - | H54: 95200 | I54: CIVIL
B55: MEQ-07 | C55: - | D55: PULIDORA MANUAL ELECTRICA | E55: 33613.445 | F55: DIA | G55: - | H55: 40000 | I55: CIVIL
B56: MEQ-08 | C56: - | D56: EQUIPO DE SOLDADURA | E56: 50420.168 | F56: DIA | G56: - | H56: 60000 | I56: CIVIL
B57: MEQ-09 | C57: - | D57: TABLERO O PLAQUETA DE 1.4MT X O.7MT | E57: 350 | F57: DIA | G57: - | H57: 416.5 | I57: CIVIL
B58: MEQ-10 | C58: - | D58: TABLONES 3 MTS | E58: 380 | F58: DIA | G58: - | H58: 452.2 | I58: CIVIL
B59: MEQ-11 | C59: - | D59: PARAL CORRIENTE 3 M | E59: 180 | F59: DIA | G59: - | H59: 214.2 | I59: CIVIL
B60: MEQ-12 | C60: - | D60: PARAL CORRIENTE 4 M | E60: 130 | F60: DIA | G60: - | H60: 154.7 | I60: CIVIL
B61: MEQ-13 | C61: - | D61: VIBRADOR DE CONCRETO A GASOLINA | E61: 50420.168 | F61: DIA | G61: - | H61: 60000 | I61: CIVIL
... B66: MEQ-18 | C66: - | D66: COMPRESOR (BARRIDO Y SOPLADO) | E66: 21008.403 | F66: DIA | G66: - | H66: 25000 | I66: CIVIL
B67: MEQ-19 | C67: - | D67: DEMOLEDOR | E67: 12605.042 | F67: DIA | G67: - | H67: =90000*1.15 -> 103500 | I67: CIVIL
B68: MEQ-20 | C68: - | D68: ALLANADORA MECANICA 5HP | E68: 58823.529 | F68: DIA | G68: - | H68: 70000 | I68: CIVIL
B69: MEQ-21 | C69: - | D69: EQUIPOS DE TOPOGRAFIA | E69: 126050.42 | F69: DIA | G69: - | H69: 150000 | I69: CIVIL
B70: MEQ-22 | C70: - | D70: MEZCLADORA DE CONCRETO 1 BULTO | E70: 75630.252 | F70: DIA | G70: - | H70: 90000 | I70: CIVIL
B71: MEQ-23 | C71: - | D71: PARALES METALICOS | E71: 180 | F71: DIA | G71: - | H71: 214.2 | I71: CIVIL
B72: MEQ-24 | C72: - | D72: PULIDORA PISO 2 EJES | E72: 33613.445 | F72: DIA | G72: - | H72: 40000 | I72: CIVIL
B73: MEQ-25 | C73: - | D73: MOTOBOMBA DE IMPULSIÓN PARA CONCRETO | E73: 521008.4 | F73: DIA | G73: - | H73: 620000 | I73: CIVIL
B74: MEQ-26 | C74: - | D74: EQUIPO DEMOLEDOR HEXAGONAL | E74: 42016.807 | F74: DIA | G74: - | H74: 50000 | I74: CIVIL
B75: MEQ-27 | C75: - | D75: MOTOSIERRA | E75: 50420.168 | F75: DIA | G75: - | H75: 60000 | I75: CIVIL
B76: MEQ-28 | C76: - | D76: EQUIPO DE ACABADO SUPERFICIAL PAVIMENTO RIGIDO | E76: 25210.084 | F76: DIA | G76: - | H76: 30000 | I76: CIVIL
B77: MEQ-29 | C77: - | D77: REGLA VIBRATORIA | E77: 33613.445 | F77: DIA | G77: - | H77: 40000 | I77: CIVIL
B78: MEQ-30 | C78: - | D78: CORTADORA DE CONCRETO | E78: 84033.613 | F78: DIA | G78: - | H78: 100000 | I78: CIVIL
B79: MEQ-31 | C79: - | D79: HIDROLAVADORA ELÉCTRICA | E79: 42016.807 | F79: DIA | G79: - | H79: 50000 | I79: CIVIL
... B88: MEQ-40 | C88: - | D88: COMPACTADOR NEUMÁTICO | E88: 113083.48 | F88: HR | G88: - | H88: 134569.34 | I88: CIVIL
B89: MEQ-41 | C89: - | D89: CARROTANQUE DE AGUA(1000 GALONES) | E89: 64834.531 | F89: HR | H89: 77153.091 | I89: CIVIL
B90: MEQ-42 | C90: - | D90: MINICARGADOR | E90: 84033.613 | F90: HR | G90: - | H90: 100000 | I90: CIVIL
B91: MEQ-43 | C91: - | D91: ANDAMIAJE PARA APLICAR LA CARGA (EQUIPO SUSTITUTO DE LA TARA) | E91: 53541.785 | F91: U | G91: INVIAS 2022-2 | H91: 63714.724 | I91: CIVIL
B92: MEQ-44 | C92: - | D92: ASPERSOR MANUAL DE 20 LITROS | E92: 2854.6747 | F92: H | G92: INVIAS 2022-2 | H92: 3397.0629 | I92: CIVIL
B93: MEQ-45 | C93: - | D93: ASTILLADORA DE MADERA PARA TRITURAR, POTENCIA APROXIMADA 75 HP | E93: 69503.634 | F93: H | G93: INVIAS 2022-2 | H93: 82709.325 | I93: CIVIL
B94: MEQ-46 | C94: - | D94: MOTOBOMBA DE CONCRETO | E94: 66099.095 | F94: H | G94: INVIAS 2022-2 | H94: 78657.923 | I94: CIVIL
B95: MEQ-47 | C95: - | D95: BARREDORA DE SUCCIÓN, ALMACENAMIENTO APROXIMADO 6 M3 | E95: 123803.79 | F95: H | G95: INVIAS 2022-2 | H95: 147326.51 | I95: CIVIL
B96: MEQ-48 | C96: - | D96: BOMBA DE CONCRETO, PRODUCCIÓN: 30 M3/H- 50 M3/H | E96: 53027.319 | F96: H | G96: INVIAS 2022-2 | H96: 63102.509 | I96: CIVIL
B97: MEQ-49 | C97: - | D97: BOMBA DE INYECCIÓN MANUAL | E97: 35919.403 | F97: H | G97: INVIAS 2022-2 | H97: 42744.089 | I97: CIVIL
B98: MEQ-50 | C98: - | D98: BOMBA ELÉCTRICA PARA ACCIONAR LA CELDA ESPECIAL DE CARGA | E98: 53997.883 | F98: H | G98: INVIAS 2022-2 | H98: 64257.481 | I98: CIVIL
B99: MEQ-51 | C99: - | D99: BOMBA PARA GATO DE TENSIONAMIENTO (FUERZA MÁXIMA 300 TONELADAS) | E99: 44583.396 | F99: H | G99: INVIAS 2022-2 | H99: 53054.242 | I99: CIVIL
B100: MEQ-52 | C100: - | D100: BULDOZER POTENCIA AL VOLANTE DE 305 HP, MOTOR DE 2100 RPM, LONGITUD DE HOJA 6,39M | E100: 159845.76 | F100: H | G100: INVIAS 2022-2 | H100: 190216.45 | I100: CIVIL
B101: MEQ-53 | C101: - | D101: BULDOZER, POTENCIA AL VOLANTE DE 140 HP, MOTOR DE 2200 RPM, LONGITUD DE HOJA 4,80M | E101: 159845.76 | F101: H | G101: INVIAS 2022-2 | H101: 190216.45 | I101: CIVIL
... B221: MEQ-173 | C221: - | D221: VOLQUETA 7 M3 | E221: 63326.748 | F221: H | G221: INVIAS 2022-2 | H221: 64055.005 | I221: CIVIL
B222: MEQ-174 | C222: - | D222: SIERRA CIRCULAR | E222: 63327.748 | F222: H | H222: =90000*1.15 -> 103500
B223: MEQ-175 | D223: SOPLETE DE GAS | E223: =H223/1.19 -> 50420.168 | F223: H | H223: =60000 -> 60000 | I223: CIVIL
B229: HE001 | D229: HERRAMIENTAS MENORES | E229: =+H229/1.19 -> 85235.294 | F229: Gl | H229: 101430 | I229: ELECTRICOS
B230: HE002 | D230: EQUIPO DE SEGURIDAD | E230: =+H230/1.19 -> 46096.639 | F230: Gl | H230: 54855 | I230: ELECTRICOS
B231: HE003 | D231: EQUIPO DE TOPOGRAFÍA | E231: =+H231/1.19 -> 108718.49 | F231: Gl | H231: 129375 | I231: ELECTRICOS
B232: HE004 | D232: CAMPERO | E232: =+H232/1.19 -> 150405.04 | F232: Dia | H232: 178982 | I232: ELECTRICOS
B233: HE005 | D233: CAMIONETA PICK-UP EQUIPADA | E233: =+H233/1.19 -> 196791.98 | F233: Dia | H233: 234182.45 | I233: ELECTRICOS
B234: HE006 | D234: CAMION | E234: =+H234/1.19 -> 313109.24 | F234: Dia | H234: 372600 | I234: ELECTRICOS
B235: HE007 | D235: VOLQUETA | E235: =+H235/1.19 -> 173949.58 | F235: Viaje | H235: 207000 | I235: ELECTRICOS
B236: HE008 | D236: GRÚA CANASTA HIDRÁULICA | E236: =+H236/1.19 -> 457747.21 | F236: Dia | H236: 544719.18 | I236: ELECTRICOS
B237: HE009 | D237: VIBROCOMPACTADOR | E237: =+H237/1.19 -> 69579.832 | F237: Dia | H237: 82800 | I237: ELECTRICOS
B238: HE010 | D238: COMPRESOR UN MARTILLO | E238: =+H238/1.19 -> 391386.55 | F238: Dia | H238: 465750 | I238: ELECTRICOS
B239: HE011 | D239: CORTADORA | E239: =+H239/1.19 -> 52184.874 | F239: Dia | H239: 62100 | I239: ELECTRICOS
B240: HE013 | D240: MARTILLO DEMOLEDOR ELÉCTRICO | E240: =+H240/1.19 -> 47752.101 | F240: Dia | H240: 56825 | I240: ELECTRICOS
... B296: EQU.021 | D296: FORMALETA PARA CONCRETO | E296: =+H296/1.19 -> 69579.832 | F296: m3 | H296: 82800 | I296: ELECTRICOS
B299: =Transportes!B105 -> 0 | D299: =Transportes!D105 -> 0 | E299: =+H299/1.19 -> 0 | F299: =Transportes!F105 -> 0 | H299: =Transportes!H105 -> 0 | I299: ELECTRICOS
B300: =Transportes!B106 -> 0 | D300: =Transportes!D106 -> 0 | E300: =+H300/1.19 -> 0 | F300: =Transportes!F106 -> 0 | H300: =Transportes!H106 -> 0 | I300: ELECTRICOS
...

Sheet Transportes
D2: =+Datos!$C$9 -> CONSEJO SUPERIOR DE JUDICATURA– DIRECCIÓN EJECUTIVA SECCIONAL DE ADMINISTRACIÓN JUDICIAL DE BUCARAMANGA | F2: VERSIÓN | H2: =Datos!B3 -> 0
D4: =+Datos!$C$12 -> CONTRATAR EN NOMBRE DE LA NACIÓN– CONSEJO SUPERIOR DE JUDICATURA– DIRECCIÓN EJECUTIVA SECCIONAL DE ADMINISTRACIÓN JUDICIAL DE BUCARAMANGA, MEDIANTE EL SISTEMA DE PRECIOS UNITARIOS FIJOS SIN FORMULA DE REAJUSTE, LA OBRA CIVIL PARA EL REFORZAMIENTO ESTRUCTURAL DE LA SEDE JUDICIAL DE CONFINES SANTANDER, ASÍ COMO LA OBRA ELÉCTRICA, DE ILUMINACIÓN Y DEMÁS REQUERIDAS EN DICHA EDIFICACIÓN, EN LAS CONDICIONES TÉCNICAS, DE CALIDAD Y CANTIDADES EXIGIDAS POR LA ENTIDAD. | F4: PÁGINA
F5: 1 | G5: DE | H5: 1
F6: FECHA
D7: LISTADO DE PRECIOS DE TRANSPORTES | F7: DD | G7: MM | H7: AAAA
F8: =+Datos!$C$7 -> 19 | G8: =+Datos!$D$7 -> 6 | H8: =+Datos!$E$7 -> 2026
B10: DISTANCIAS
B11: 1 | C11: 2 | D11: 3 | E11: 4 | F11: 5 | G11: 6 | H11: 7
B12: CÓD. | C12: REF. | D12: DESCRIPCIÓN ÍTEM | E12: PRECIO IVA INC. | F12: U.M. | G12: DISTANCIA o CANT | H12: PRECIO
B13: D-01 | C13: - | D13: DISTANCIA A CANTERA (SOCORRO - CONFINES) | E13: 118600 | F13: M3-KM | G13: =AVERAGE($K$14,$K$39) -> 50.85 | H13: =+E13/G13 -> 2332.35
B14: D-02 | D14: DISTANCIA A PROVEEDOR MATERIALES (SOCORRO - CONFINES) | E14: 118600 | F14: M3-KM | G14: =AVERAGE($K$14,$K$39) -> 50.85 | H14: =IFERROR(E14/G14,) -> 2332.35 | J14: Cantera 1: GRISELA ESTHER HERNANDEZ ROZO | K14: 59.3 | L14: km
B15: D-03 | D15: DISTANCIA A ESCOMBRERA AUTORIZADA | E15: 10000 | F15: - | G15: =MAX($K$60,$K$81) -> 46.8 | H15: =IFERROR(E15/G15,) -> 213.67521
B16: D-04 | D16: DISTANCIA A PROVEEDOR ACERO (SOCORRO - CONFINES) | E16: 2965 | F16: KG-KM | G16: =AVERAGE($K$14,$K$39) -> 50.85 | H16: =IFERROR(E16/G16,) -> 58.308751
B17: D-05 | D17: DERECHOS DE DISPOSICIÓN DE MATERIALES Y/O EXPLOTACIÓN (SOCORRO) | E17: 8100 | F17: M3 | G17: 1 | H17: =IFERROR(E17/G17,) -> 8100
B18: D-06 | D18: TRASIEGO INTERNO DE MATERIALES DISTANCIAS MENORES A 100 METROS | E18: 15000 | F18: M3-M | G18: 100 | H18: =IFERROR(E18/G18,) -> 150
B19: D-07 | D19: DISTANCIA A PROVEEDOR MATERIALES (SOCORRO - CONFINES) | E19: 2965 | F19: KG-KM | G19: =AVERAGE($K$14,$K$39) -> 50.85 | H19: =IFERROR(E19/G19,) -> 58.308751
B20: D-08 | D20: DISTANCIA A PROVEEDOR ELECTRICO | F20: FLETE | H20: =IFERROR(E20/G20,) -> 0
B21: D-09 | D21: DISTANCIA A PROVEEDOR ENTIBADO | F21: T-KM | H21: =IFERROR(E21/G21,) -> 0
B22: D-10 | D22: TRANSPORTE EN VOLQUETA DE MATERIAL | E22: 2000 | F22: M3-KM | G22: 1 | H22: =IFERROR(E22/G22,) -> 2000
B23: D-11 | D23: DISTANCIA RURAL | F23: KM | H23: =IFERROR(E23/G23,) -> 0 | J23: MODIFICAR
B25: FECHA PRECIOS: | C25: 45078
B26: 1 | C26: 2 | D26: 3 | E26: 4 | F26: 5 | G26: 6 | H26: 7
B27: CÓD. | C27: REF. | D27: DESCRIPCIÓN ÍTEM | E27: PRECIO SIN IVA | F27: U.M. | G27: DISTANCIA o CANT | H27: PRECIO IVA INC.
D29: OBRA CIVIL
B30: T-01 | C30: - | D30: TRANSPORTE DE MATERIALES ACERO | E30: - | F30: KG-KM | G30: =+G16 -> 50.85 | H30: =+H16 -> 58.308751
B31: T-02 | D31: TRANSPORTE DE MATERIALES | E31: - | F31: M3-KM | G31: =+G14 -> 50.85 | H31: =+H14 -> 2332.35
B32: T-03 | C32: - | D32: TRANSPORTE DE AGREGADOS | E32: - | F32: M3-KM | G32: =+G13 -> 50.85 | H32: =+H13 -> 2332.35
B33: T-04 | D33: TRANSPORTE DE MATERIAL SOBRANTE | E33: - | F33: M3-KM | G33: =+G15 -> 46.8 | H33: =+H15 -> 213.67521
B34: T-05 | C34: - | D34: DERECHOS DE DISPOSICIÓN DE MATERIALES Y/O EXPLOTACIÓN | E34: - | F34: M3 | G34: =+G17 -> 1 | H34: =+H17 -> 8100
B35: T-06 | C35: - | D35: TRANSPORTE DE MATERIALES KG | E35: - | F35: KG-KM | G35: =+G22 -> 1 | H35: =+H19 -> 58.308751
B36: T-07 | C36: - | D36: TRANSPORTE DE TUBERÍA Y ACCESORIOS | E36: - | F36: KG-KM | G36: =+G22 -> 1 | H36: =+H22 -> 2000
B37: T-08 | C37: - | D37: TRASIEGO INTERNO DE MATERIALES DISTANCIAS MENORES A 100 METROS | E37: - | F37: M3-M | G37: =+G18 -> 100 | H37: =+H18 -> 150
B38: T-09 | C38: - | D38: TRASIEGO INTERNO DE MATERIALES DISTANCIAS MENORES A 100 METROS (KG) | E38: - | F38: KG-M | G38: =+G18 -> 100 | H38: =+H19 -> 58.308751
B39: T-10 | C39: - | D39: FLETE NACIONAL ASEGURADO | E39: - | F39: TON | G39: 59.3 | H39: 120000 | J39: Cantera 1: ASOARENEROS SANPAV | K39: 42.4 | L39: Km
B40: T-11 | D40: TRANSPORTE DE MATERIAL SOBRANTE, RCE Y/O PRESTAMOS | E40: - | F40: M3-KM | G40: =+G22 -> 1 | H40: =+H22 -> 2000
B41: T-12 | C41: - | D41: TRANSPORTE DE ENTIBADO METÁLICO | E41: - | F41: T-KM | G41: - | H41: =+H28 -> 0
B42: T-13 | D42: VOLQUETA DE 6M3 | F42: DIA | H42: 450000
D43: ELECTRICOS
B44: T-13 | D44: TRANSPORTE MATERIAL ELÉCTRICO APARATOS Y TORNILLERIA | F44: KM | G44: 117 | H44: 45
B45: T-14 | D45: TRANSPORTE MATERIAL ELÉCTRICO CABLEADO PARA COMETIDAS | F45: KM | G45: 177 | H45: 10
B46: T-15 | D46: TRANSPORTE MATERIAL ELÉCTRICO CABLEADO PARA CABLEADO | F46: KM | G46: 117 | H46: 5
B47: T-16 | D47: TRANSPORTE MATERIAL TABLEROS Y GABINETES PRICIPALES | F47: KM | G47: 117 | H47: 2800
B48: T-17 | D48: TRANSPORTE MATERIAL TABLEROS ENCHUFABLES | F48: KM | G48: 117 | H48: 283
B49: T-18 | D49: TRANSPORTE TUBERIA | F49: KM | G49: 117 | H49: 10
J59: BOTADERO DE TIERRA EL PARQUE S.A
J60: Escombrera 1: RCD EL CASCAJAL, Santander | K60: 46.8 | L60: km
J80: BOTADERO
J81: Escombrera 2: Confines, Santander | K81: 5 | L81: km
Q146: =UPPER(B139)

Sheet AIU
D2: =+Datos!$C$9 -> CONSEJO SUPERIOR DE JUDICATURA– DIRECCIÓN EJECUTIVA SECCIONAL DE ADMINISTRACIÓN JUDICIAL DE BUCARAMANGA | F2: VERSIÓN | H2: =Datos!B3 -> 0
D4: =+Datos!$C$12 -> CONTRATAR EN NOMBRE DE LA NACIÓN– CONSEJO SUPERIOR DE JUDICATURA– DIRECCIÓN EJECUTIVA SECCIONAL DE ADMINISTRACIÓN JUDICIAL DE BUCARAMANGA, MEDIANTE EL SISTEMA DE PRECIOS UNITARIOS FIJOS SIN FORMULA DE REAJUSTE, LA OBRA CIVIL PARA EL REFORZAMIENTO ESTRUCTURAL DE LA SEDE JUDICIAL DE CONFINES SANTANDER, ASÍ COMO LA OBRA ELÉCTRICA, DE ILUMINACIÓN Y DEMÁS REQUERIDAS EN DICHA EDIFICACIÓN, EN LAS CONDICIONES TÉCNICAS, DE CALIDAD Y CANTIDADES EXIGIDAS POR LA ENTIDAD. | F4: PÁGINA
F5: 1 | G5: DE | H5: 1
F6: FECHA
D7: DESGLOSE AIU | F7: DD | G7: MM | H7: AAAA
F8: =+Datos!$C$7 -> 19 | G8: =+Datos!$D$7 -> 6 | H8: =+Datos!$E$7 -> 2026
B11: 1 | C11: 2 | D11: 3 | E11: 4 | F11: 5 | G11: 6 | H11: 7
B12: No | C12: CANT | D12: DESCRIPCIÓN | E12: DEDICACIÓN | F12: VALOR MENSUAL | G12: No. MESES | H12: VALOR TOTAL | J12: 1
B13: 1 | D13: PERSONAL ADMINISTRATIVO | H13: =+SUM(H14:H17) -> 51750000 | J13: =+H13/$J$12 -> 51750000
B14: 1.1 | C14: 1 | D14: DIRECTOR DE OBRA | E14: 0.5 | F14: 10000000 | G14: 3 | H14: =+C14*E14*F14*G14 -> 15000000 | J14: =+H14/$J$12 -> 15000000
B15: 1.2 | C15: 1 | D15: RESIDENTE DE OBRA | E15: 1 | F15: 5000000 | G15: =G14 -> 3 | H15: =+C15*E15*F15*G15 -> 15000000 | J15: =+H15/$J$12 -> 15000000
B16: 1.3 | C16: 1 | D16: ESPECIALISTA EN ESTRUCTURAS | E16: 0.5 | F16: 8000000 | G16: =G15 -> 3 | H16: =+C16*E16*F16*G16 -> 12000000 | J16: =+H16/$J$12 -> 12000000
B17: 1.6 | C17: 1 | D17: ESPECIALISTA EN GEOTECNIA | E17: 0.5 | F17: 6500000 | G17: =G14 -> 3 | H17: =+C17*E17*F17*G17 -> 9750000 | J17: =+H17/$J$12 -> 9750000
B18: 2 | D18: PERSONAL DE SOPORTE | H18: =+SUM(H19:H21) -> 17400000 | J18: =+H18/$J$12 -> 17400000
B19: 2.1 | C19: 1 | D19: PROFESIONAL AMBIENTAL | E19: 0.5 | F19: 3000000 | G19: =G17 -> 3 | H19: =+C19*E19*F19*G19 -> 4500000 | J19: =+H19/$J$12 -> 4500000
B20: 2.2 | C20: 1 | D20: PROFESIONAL SST | E20: 1 | F20: 3000000 | G20: =G19 -> 3 | H20: =+C20*E20*F20*G20 -> 9000000 | J20: =+H20/$J$12 -> 9000000
B21: 2.4 | C21: 1 | D21: ALMACENISTA | E21: 1 | F21: 1300000 | G21: =G14 -> 3 | H21: =+C21*E21*F21*G21 -> 3900000 | J21: =+H21/$J$12 -> 3900000
B22: 4 | D22: INSTALACIONES | H22: =+SUM(H23:H24) -> 5600000 | J22: =+H22/$J$12 -> 5600000
B23: 4.1 | C23: 1 | D23: ARRIENDO OFICINA INCLUYE SERVICIOS PÚBLICOS | E23: - | F23: 1500000 | G23: =G14 -> 3 | H23: =+C23*F23*G23 -> 4500000 | J23: =+H23/$J$12 -> 4500000
B24: 4.2 | C24: 1 | D24: VALLA INFORMATIVA | E24: - | F24: 1100000 | G24: 1 | H24: =+C24*F24 -> 1100000 | J24: =+H24/$J$12 -> 1100000
B25: 5 | D25: OTROS COSTOS | H25: =+SUM(H26:H27) -> 4500000 | J25: =+H25/$J$12 -> 4500000
B26: 5.1 | C26: 1 | D26: GASTOS DE PAPELERÍA Y PLANOS | E26: - | F26: 800000 | G26: =G14 -> 3 | H26: =+C26*F26*G26 -> 2400000 | J26: =+H26/$J$12 -> 2400000
B27: 5.2 | C27: 1 | D27: ENSAYOS Y PRUEBAS | E27: - | F27: 700000 | G27: =G14 -> 3 | H27: =+C27*F27*G27 -> 2100000 | J27: =+H27/$J$12 -> 2100000
J28: =+H28/$J$12 -> 0
B29: 6 | C29: Tasa % | D29: GARANTÍAS | E29: %Asegurado | F29: Valor base | G29: Vigencia [meses] | H29: =SUM(H35,H36,H37) -> 53282396 | J29: =+H29/$J$12 -> 53282396
B30: 6.1 | C30: 0.003 | D30: CUMPLIMIENTO | E30: 0.1 | F30: 5.1021892e+08 | G30: 17.33 | H30: =+C30*E30*F30*G30 -> 2652628.2 | J30: =+H30/$J$12 -> 2652628.2
B31: 6.2 | C31: 0.00275 | D31: SALARIOS Y PRESTACIONES SOCIALES | E31: 0.05 | F31: =F30 -> 5.1021892e+08 | G31: 41.833 | H31: =+C31*E31*F31*G31 -> 2934798.4 | J31: =+H31/$J$12 -> 2934798.4
B32: 6.3 | C32: 0.003 | D32: ESTABILIDAD DE LA OBRA | E32: 0.3 | F32: =F31 -> 5.1021892e+08 | G32: 41.833 | H32: =+C32*E32*F32*G32 -> 19209589 | J32: =+H32/$J$12 -> 19209589
B33: 6.4 | C33: 0.003 | D33: CALIDAD Y CORRECTO FUNCIONAMIENTO DE LOS BIENES Y EQUIPOS SUMINISTRADOS | E33: 0.3 | F33: =F32 -> 5.1021892e+08 | G33: 41.8333 | H33: =+C33*E33*F33*G33 -> 19209727 | J33: =+H33/$J$12 -> 19209727
B34: 6.5 | C34: 0.0035 | D34: RESPONSABILIDAD EXTRACONTRACTUAL | E34: 0.079107505 | F34: =F33 -> 5.1021892e+08 | G34: 5.333 | H34: =+C34*E34*F34*G34 -> 753379.64 | J34: =+H34/$J$12 -> 753379.64
G35: SUBTOTAL | H35: =SUM(H30:H34) -> 44760123
G36: GASTOS EXPEDICION | H36: 15000
G37: IVA | H37: =(SUM(H35:H36)*0.19) -> 8507273.3
B38: 8 | C38: Tasa % | D38: IMPUESTOS Y SEGUROS | F38: Valor base | H38: =+SUM(H39:H41) -> 38266419 | J38: =+H38/$J$12 -> 38266419
B39: 8.2 | C39: 0.04 | D39: ESTAMPILLA PRO ADULTO MAYOR | E39: - | F39: =F34 -> 5.1021892e+08 | G39: - | H39: =C39*F39 -> 20408757 | J39: =+H39/$J$12 -> 20408757
B40: 8.3 | C40: 0.02 | D40: ESTAMPILLA PRO CULTURA | E40: - | F40: =F39 -> 5.1021892e+08 | G40: - | H40: =C40*F40 -> 10204378 | J40: =+H40/$J$12 -> 10204378
B41: 8.4 | C41: 0.015 | D41: ESTAMPILLA PRO DEPORTE Y RECREACIÓN | E41: - | F41: =F40 -> 5.1021892e+08 | G41: - | H41: =C41*F41 -> 7653283.8 | J41: =+H41/$J$12 -> 7653283.8
G42: SUBTOTAL COSTOS DE ADMINISTRACION | H42: =H38+H29+H25+H22+H18+H13 -> 1.7079882e+08 | J42: =+H42/$J$12 -> 1.7079882e+08
G44: COSTO DIRECTO DE OBRA | H44: 0
E45: ADMINISTRACION | G45: =H42/(Presupuesto!#REF!) -> #REF! | H45: =ROUND(H42,0) -> 170798815 | I45: 0.31
E46: IMPREVISTOS | G46: 0.01 | H46: =ROUND(G46*$I$41,0) -> 0
E47: UTILIDADES | G47: 0.05 | H47: =ROUND(G47*$I$41,0) -> 0
E48: TOTAL AIU | G48: =SUM(G45:G47) -> #REF! | H48: =SUM(H45:H47) -> 170798815

Sheet Presupuesto
A2: CÓDIGOS:
C4: Código | D4: CCE-EICP-FM-47 | E4: Versión | F4: 1
C6: PRESUPUESTO DE OBRA
C7: =Datos!C12 -> CONTRATAR EN NOMBRE DE LA NACIÓN– CONSEJO SUPERIOR DE JUDICATURA– DIRECCIÓN EJECUTIVA SECCIONAL DE ADMINISTRACIÓN JUDICIAL DE BUCARAMANGA, MEDIANTE EL SISTEMA DE PRECIOS UNITARIOS FIJOS SIN FORMULA DE REAJUSTE, LA OBRA CIVIL PARA EL REFORZAMIENTO ESTRUCTURAL DE LA SEDE JUDICIAL DE CONFINES SANTANDER, ASÍ COMO LA OBRA ELÉCTRICA, DE ILUMINACIÓN Y DEMÁS REQUERIDAS EN DICHA EDIFICACIÓN, EN LAS CONDICIONES TÉCNICAS, DE CALIDAD Y CANTIDADES EXIGIDAS POR LA ENTIDAD.
C9: Nº | D9: ÍTEM DE PAGO | E9: ESPECIFICACIONES | G9: DESCRIPCIÓN | H9: UND. | I9: CANTIDAD | J9: VALOR UNITARIO | K9: VALOR TOTAL
E10: GENERAL | F10: PARTICULAR
D11: I. OBRA CIVIL SEDE JUDICIAL CONFINES | K11: =K102 -> 198500117
C12: 1 | D12: =IF(C12="","",VLOOKUP(C12,ListaAct,4,FALSE)) -> PRELIMINARES
D13: 1.1 | G13: =IF(D13="","",VLOOKUP(D13,ListaAct,4,FALSE)) -> Localizacion y replanteo | H13: =IF(D13="","",VLOOKUP(D13,ListaAct,5,FALSE)) -> m2 | I13: =IF(D13="","",VLOOKUP(D13,ListaAct,6,FALSE)) -> 130 | J13: =IF(D13="","",VLOOKUP(D13,ListaAct,7,FALSE)) -> 6608 | K13: =IF(D13="","",ROUND(J13*I13,0)) -> 859040
D14: 1.2 | G14: =IF(D14="","",VLOOKUP(D14,ListaAct,4,FALSE)) -> Instalacion de plastico negro para proteger construcción | H14: =IF(D14="","",VLOOKUP(D14,ListaAct,5,FALSE)) -> m2 | I14: =IF(D14="","",VLOOKUP(D14,ListaAct,6,FALSE)) -> 60 | J14: =IF(D14="","",VLOOKUP(D14,ListaAct,7,FALSE)) -> 10496 | K14: =IF(D14="","",ROUND(J14*I14,0)) -> 629760
D15: 1.3 | G15: =IF(D15="","",VLOOKUP(D15,ListaAct,4,FALSE)) -> Instalación durante la obra de cerramiento en polisombra sostenido con madera resistente apoyada en recipiente pesado no anclado al piso a una altura de 3.0 mts alrededor del juzgado separada 1,50 mts de las fachadas. | H15: =IF(D15="","",VLOOKUP(D15,ListaAct,5,FALSE)) -> ml | I15: =IF(D15="","",VLOOKUP(D15,ListaAct,6,FALSE)) -> 39.5 | J15: =IF(D15="","",VLOOKUP(D15,ListaAct,7,FALSE)) -> 79834 | K15: =IF(D15="","",ROUND(J15*I15,0)) -> 3153443
C16: Subtotal | K16: =+SUM(K13:K15) -> 4642243
C17: 2 | D17: =IF(C17="","",VLOOKUP(C17,ListaAct,4,FALSE)) -> DEMOLICIONES, DESCAPOTES Y RETIROS
D18: 2.1 | G18: =IF(D18="","",VLOOKUP(D18,ListaAct,4,FALSE)) -> Demolición de placa de concreto e=0,10 mts zona norte. | H18: =IF(D18="","",VLOOKUP(D18,ListaAct,5,FALSE)) -> m2 | I18: =IF(D18="","",VLOOKUP(D18,ListaAct,6,FALSE)) -> 4.51 | J18: =IF(D18="","",VLOOKUP(D18,ListaAct,7,FALSE)) -> 60382 | K18: =IF(D18="","",ROUND(J18*I18,0)) -> 272323
D19: 2.2 | G19: =IF(D19="","",VLOOKUP(D19,ListaAct,4,FALSE)) -> Demolición de pañete en mortero comun muros norte, sur y occidente en bahareque y tapia pisada interno y externo. | H19: =IF(D19="","",VLOOKUP(D19,ListaAct,5,FALSE)) -> m2 | I19: =IF(D19="","",VLOOKUP(D19,ListaAct,6,FALSE)) -> 161.35 | J19: =IF(D19="","",VLOOKUP(D19,ListaAct,7,FALSE)) -> 36403 | K19: =IF(D19="","",ROUND(J19*I19,0)) -> 5873624
D20: 2.3 | G20: =IF(D20="","",VLOOKUP(D20,ListaAct,4,FALSE)) -> Retiro de maleza en la zona norte del juzgado. | H20: =IF(D20="","",VLOOKUP(D20,ListaAct,5,FALSE)) -> m2 | I20: =IF(D20="","",VLOOKUP(D20,ListaAct,6,FALSE)) -> 8.5 | J20: =IF(D20="","",VLOOKUP(D20,ListaAct,7,FALSE)) -> 33746 | K20: =IF(D20="","",ROUND(J20*I20,0)) -> 286841
D21: 2.4 | G21: =IF(D21="","",VLOOKUP(D21,ListaAct,4,FALSE)) -> Desmonte de voladizo fachadas sur . Conservar teja de arcilla en lugar seguro para su reutilización | H21: =IF(D21="","",VLOOKUP(D21,ListaAct,5,FALSE)) -> ml | I21: =IF(D21="","",VLOOKUP(D21,ListaAct,6,FALSE)) -> 11.66 | J21: =IF(D21="","",VLOOKUP(D21,ListaAct,7,FALSE)) -> 44582 | K21: =IF(D21="","",ROUND(J21*I21,0)) -> 519826
D22: 2.5 | G22: =IF(D22="","",VLOOKUP(D22,ListaAct,4,FALSE)) -> Regata sobre muro desnudo tipo cajuela de 30 mm conservando los bordes y vertices, incluye superficie en lechada de cal apagada. | H22: =IF(D22="","",VLOOKUP(D22,ListaAct,5,FALSE)) -> ml | I22: =IF(D22="","",VLOOKUP(D22,ListaAct,6,FALSE)) -> 247.9 | J22: =IF(D22="","",VLOOKUP(D22,ListaAct,7,FALSE)) -> 19524 | K22: =IF(D22="","",ROUND(J22*I22,0)) -> 4840000
D23: 2.6 | G23: =IF(D23="","",VLOOKUP(D23,ListaAct,4,FALSE)) -> Retiro de pintura deteriorada de puertas, ventanas y capiteles en madera ambas caras hasta dejar superficie original. | H23: =IF(D23="","",VLOOKUP(D23,ListaAct,5,FALSE)) -> m2 | I23: =IF(D23="","",VLOOKUP(D23,ListaAct,6,FALSE)) -> 5.46 | J23: =IF(D23="","",VLOOKUP(D23,ListaAct,7,FALSE)) -> 14540 | K23: =IF(D23="","",ROUND(J23*I23,0)) -> 79388
D24: 2.7 | G24: =IF(D24="","",VLOOKUP(D24,ListaAct,4,FALSE)) -> Retiro de pañete en mal estado zonas no tradionales | H24: =IF(D24="","",VLOOKUP(D24,ListaAct,5,FALSE)) -> m2 | I24: =IF(D24="","",VLOOKUP(D24,ListaAct,6,FALSE)) -> 3 | J24: =IF(D24="","",VLOOKUP(D24,ListaAct,7,FALSE)) -> 24269 | K24: =IF(D24="","",ROUND(J24*I24,0)) -> 72807
C25: Subtotal | K25: =+SUM(K18:K24) -> 11944809
C26: 3 | D26: =IF(C26="","",VLOOKUP(C26,ListaAct,4,FALSE)) -> EXCAVACIONES
D27: 3.1 | G27: =IF(D27="","",VLOOKUP(D27,ListaAct,4,FALSE)) -> Excavación en material comun con retiro a lugar seguro de suelo costado norte | H27: =IF(D27="","",VLOOKUP(D27,ListaAct,5,FALSE)) -> m3 | I27: =IF(D27="","",VLOOKUP(D27,ListaAct,6,FALSE)) -> 10.85 | J27: =IF(D27="","",VLOOKUP(D27,ListaAct,7,FALSE)) -> 72806 | K27: =IF(D27="","",ROUND(J27*I27,0)) -> 789945
C28: Subtotal | G28: =IF(D28="","",VLOOKUP(D28,ListaAct,4,FALSE)) | H28: =IF(D28="","",VLOOKUP(D28,ListaAct,5,FALSE)) | I28: =IF(D28="","",VLOOKUP(D28,ListaAct,6,FALSE)) | J28: =IF(D28="","",VLOOKUP(D28,ListaAct,8,FALSE)) | K28: =+SUM(K27:K27) -> 789945
C29: 4 | D29: =IF(C29="","",VLOOKUP(C29,ListaAct,4,FALSE)) -> PERFORACIONES
D30: 4.1 | G30: =IF(D30="","",VLOOKUP(D30,ListaAct,4,FALSE)) -> Perforaciones en muro de contención de 1" según plano con instalación de geodren NT 2000 o similar. | H30: =IF(D30="","",VLOOKUP(D30,ListaAct,5,FALSE)) -> m2 | I30: =IF(D30="","",VLOOKUP(D30,ListaAct,6,FALSE)) -> 6.41 | J30: =IF(D30="","",VLOOKUP(D30,ListaAct,7,FALSE)) -> 115410 | K30: =IF(D30="","",ROUND(J30*I30,0)) -> 739778
D31: 4.2 | G31: =IF(D31="","",VLOOKUP(D31,ListaAct,4,FALSE)) -> Perforaciones en muros de bahareque y tapia pisada con broca especial y tecnica de protección sin perdida o arrastre del material del muro con inyección de lechada tradicional. | H31: =IF(D31="","",VLOOKUP(D31,ListaAct,5,FALSE)) -> m2 | I31: =IF(D31="","",VLOOKUP(D31,ListaAct,6,FALSE)) -> 152.78 | J31: =IF(D31="","",VLOOKUP(D31,ListaAct,7,FALSE)) -> 72197 | K31: =IF(D31="","",ROUND(J31*I31,0)) -> 11030258
C32: Subtotal | K32: =+SUM(K30:K31) -> 11770036
C33: 5 | D33: =IF(C33="","",VLOOKUP(C33,ListaAct,4,FALSE)) -> RELLENOS
D34: 5.1 | G34: =IF(D34="","",VLOOKUP(D34,ListaAct,4,FALSE)) -> Relleno con material seleccionado y compactado | H34: =IF(D34="","",VLOOKUP(D34,ListaAct,5,FALSE)) -> m3 | I34: =IF(D34="","",VLOOKUP(D34,ListaAct,6,FALSE)) -> 12.52 | J34: =IF(D34="","",VLOOKUP(D34,ListaAct,7,FALSE)) -> 150054 | K34: =IF(D34="","",ROUND(J34*I34,0)) -> 1878676
C35: Subtotal | K35: =+SUM(K34:K34) -> 1878676
C36: 6 | D36: =IF(C36="","",VLOOKUP(C36,ListaAct,4,FALSE)) -> REFORZAMIENTO ESTRUCTURAL
D37: 6.1 | G37: =IF(D37="","",VLOOKUP(D37,ListaAct,4,FALSE)) -> Suministro e instalación de tabla en madera 20 x 2 cms en sapan o similar inmunizado y protegido con Profilan o simialr según diseño. Incluye cajas de traslapo, muescas de borde, avellanados y terminaciones | H37: =IF(D37="","",VLOOKUP(D37,ListaAct,5,FALSE)) -> ml | I37: =IF(D37="","",VLOOKUP(D37,ListaAct,6,FALSE)) -> 247.9 | J37: =IF(D37="","",VLOOKUP(D37,ListaAct,7,FALSE)) -> 150635 | K37: =IF(D37="","",ROUND(J37*I37,0)) -> 37342417
D38: 6.2 | G38: =IF(D38="","",VLOOKUP(D38,ListaAct,4,FALSE)) -> Suministro e instalación de tornillo roscado de 1/2" con arandelas y tuercas, según diseño, para junta de confinamiento, incluye lechada tradicional de cal y arena o ladrillo con cuña de madera en los extremos. | H38: =IF(D38="","",VLOOKUP(D38,ListaAct,5,FALSE)) -> m2 | I38: =IF(D38="","",VLOOKUP(D38,ListaAct,6,FALSE)) -> 155 | J38: =IF(D38="","",VLOOKUP(D38,ListaAct,7,FALSE)) -> 62695 | K38: =IF(D38="","",ROUND(J38*I38,0)) -> 9717725
D39: 6.3 | G39: =IF(D39="","",VLOOKUP(D39,ListaAct,4,FALSE)) -> Platina metalica de 1/8" para vanos, según especificaciones. Incluye tornillos | H39: =IF(D39="","",VLOOKUP(D39,ListaAct,5,FALSE)) -> und | I39: =IF(D39="","",VLOOKUP(D39,ListaAct,6,FALSE)) -> 22 | J39: =IF(D39="","",VLOOKUP(D39,ListaAct,7,FALSE)) -> 130795 | K39: =IF(D39="","",ROUND(J39*I39,0)) -> 2877490
D40: 6.4 | G40: =IF(D40="","",VLOOKUP(D40,ListaAct,4,FALSE)) -> Platina metalica de 3/16" para esquinero, según especificaciones. Incluye tornillos. | H40: =IF(D40="","",VLOOKUP(D40,ListaAct,5,FALSE)) -> und | I40: =IF(D40="","",VLOOKUP(D40,ListaAct,6,FALSE)) -> 6 | J40: =IF(D40="","",VLOOKUP(D40,ListaAct,7,FALSE)) -> 136558 | K40: =IF(D40="","",ROUND(J40*I40,0)) -> 819348
C41: Subtotal | K41: =+SUM(K37:K40) -> 50756980
C42: 7 | D42: =IF(C42="","",VLOOKUP(C42,ListaAct,4,FALSE)) -> CUBIERTAS
D43: 7.1 | G43: =IF(D43="","",VLOOKUP(D43,ListaAct,4,FALSE)) -> Construcción total de voladizo de cubierta costado sur (fachada principal). Incluye durmientes, machimbre, manto asfaltico, mortero de pega, teja, inmunizado de madera, sellado y pintura esmalte | H43: =IF(D43="","",VLOOKUP(D43,ListaAct,5,FALSE)) -> m2 | I43: =IF(D43="","",VLOOKUP(D43,ListaAct,6,FALSE)) -> 9.33 | J43: =IF(D43="","",VLOOKUP(D43,ListaAct,7,FALSE)) -> 392555 | K43: =IF(D43="","",ROUND(J43*I43,0)) -> 3662538
D44: 7.2 | G44: =IF(D44="","",VLOOKUP(D44,ListaAct,4,FALSE)) -> Suministro e instalación de flanche metalico calibre 26 muro occidental sobre actual flanche. | H44: =IF(D44="","",VLOOKUP(D44,ListaAct,5,FALSE)) -> m | I44: =IF(D44="","",VLOOKUP(D44,ListaAct,6,FALSE)) -> 7.21 | J44: =IF(D44="","",VLOOKUP(D44,ListaAct,7,FALSE)) -> 63833 | K44: =IF(D44="","",ROUND(J44*I44,0)) -> 460236
C45: Subtotal | K45: =+SUM(K43:K44) -> 4122774
C46: 8 | D46: =IF(C46="","",VLOOKUP(C46,ListaAct,4,FALSE)) -> REVOQUE TRADICIONAL
D47: 8.1 | G47: =IF(D47="","",VLOOKUP(D47,ListaAct,4,FALSE)) -> Suministro e instalación de malla tipo zaranda metalica adosada al muro con tapa metalica de gaseosa cada 50 cm. Ambos sentidos | H47: =IF(D47="","",VLOOKUP(D47,ListaAct,5,FALSE)) -> m2 | I47: =IF(D47="","",VLOOKUP(D47,ListaAct,6,FALSE)) -> 161.35 | J47: =IF(D47="","",VLOOKUP(D47,ListaAct,7,FALSE)) -> 46992 | K47: =IF(D47="","",ROUND(J47*I47,0)) -> 7582159
D48: 8.2 | G48: =IF(D48="","",VLOOKUP(D48,ListaAct,4,FALSE)) -> Aplicación de revoque tradicional en cal y arenilla según especificación, e=variable | H48: =IF(D48="","",VLOOKUP(D48,ListaAct,5,FALSE)) -> m2 | I48: =IF(D48="","",VLOOKUP(D48,ListaAct,6,FALSE)) -> 161.35 | J48: =IF(D48="","",VLOOKUP(D48,ListaAct,7,FALSE)) -> 102192 | K48: =IF(D48="","",ROUND(J48*I48,0)) -> 16488679
C49: Subtotal | K49: =+SUM(K47:K48) -> 24070838
C50: 9 | D50: =IF(C50="","",VLOOKUP(C50,ListaAct,4,FALSE)) -> CONCRETO
D51: 9.1 | G51: =IF(D51="","",VLOOKUP(D51,ListaAct,4,FALSE)) -> Placa de concreto reforzado e=12 cm costado norte con pendiente del 2%, malla electrosoldad de 8,5 mm. | H51: =IF(D51="","",VLOOKUP(D51,ListaAct,5,FALSE)) -> m2 | I51: =IF(D51="","",VLOOKUP(D51,ListaAct,6,FALSE)) -> 13.42 | J51: =IF(D51="","",VLOOKUP(D51,ListaAct,7,FALSE)) -> 229042 | K51: =IF(D51="","",ROUND(J51*I51,0)) -> 3073744
C52: Subtotal | K52: =+SUM(K51) -> 3073744
C53: 10 | D53: =IF(C53="","",VLOOKUP(C53,ListaAct,4,FALSE)) -> DISPOSICION DE AGUAS LLUVIAS
D54: 10.1 | G54: =IF(D54="","",VLOOKUP(D54,ListaAct,4,FALSE)) -> Caja aguas lluvias según diseño en base de concreto y muros de ladrillo macizo, pañetada con medias cañas y pendiente. | H54: =IF(D54="","",VLOOKUP(D54,ListaAct,5,FALSE)) -> und | I54: =IF(D54="","",VLOOKUP(D54,ListaAct,6,FALSE)) -> 1 | J54: =IF(D54="","",VLOOKUP(D54,ListaAct,7,FALSE)) -> 1240945 | K54: =IF(D54="","",ROUND(J54*I54,0)) -> 1240945
D55: 10.2 | G55: =IF(D55="","",VLOOKUP(D55,ListaAct,4,FALSE)) -> Tuberia de 4" aguas lluvias PVC incluye accesorios de fijacion | H55: =IF(D55="","",VLOOKUP(D55,ListaAct,5,FALSE)) -> ml | I55: =IF(D55="","",VLOOKUP(D55,ListaAct,6,FALSE)) -> 6.54 | J55: =IF(D55="","",VLOOKUP(D55,ListaAct,7,FALSE)) -> 60296 | K55: =IF(D55="","",ROUND(J55*I55,0)) -> 394336
D56: 10.3 | G56: =IF(D56="","",VLOOKUP(D56,ListaAct,4,FALSE)) -> Suministro e instalación de canal metalica cal 22 según diseño exterior incluye salida de 4" y fijaciones metalicas cada 50 cm. | H56: =IF(D56="","",VLOOKUP(D56,ListaAct,5,FALSE)) -> ml | I56: =IF(D56="","",VLOOKUP(D56,ListaAct,6,FALSE)) -> 12.7 | J56: =IF(D56="","",VLOOKUP(D56,ListaAct,7,FALSE)) -> 134117 | K56: =IF(D56="","",ROUND(J56*I56,0)) -> 1703286
D57: 10.4 | G57: =IF(D57="","",VLOOKUP(D57,ListaAct,4,FALSE)) -> Reinstalación de bajantes aguas lluvias 4" PVC incluye regata en muro y piso, accesorios, fijaciones. | H57: =IF(D57="","",VLOOKUP(D57,ListaAct,5,FALSE)) -> ml | I57: =IF(D57="","",VLOOKUP(D57,ListaAct,6,FALSE)) -> 10.57 | J57: =IF(D57="","",VLOOKUP(D57,ListaAct,7,FALSE)) -> 99487 | K57: =IF(D57="","",ROUND(J57*I57,0)) -> 1051578
C58: Subtotal | K58: =+SUM(K54:K57) -> 4390145
C59: 11 | D59: =IF(C59="","",VLOOKUP(C59,ListaAct,4,FALSE)) -> ACABADOS
D60: 11.1 | G60: =IF(D60="","",VLOOKUP(D60,ListaAct,4,FALSE)) -> Pintura para muros interior y exterior mezcla real apichada de cal y agua, tres manos | H60: =IF(D60="","",VLOOKUP(D60,ListaAct,5,FALSE)) -> m2 | I60: =IF(D60="","",VLOOKUP(D60,ListaAct,6,FALSE)) -> 148.94 | J60: =IF(D60="","",VLOOKUP(D60,ListaAct,7,FALSE)) -> 46731 | K60: =IF(D60="","",ROUND(J60*I60,0)) -> 6960115
D61: 11.2 | G61: =IF(D61="","",VLOOKUP(D61,ListaAct,4,FALSE)) -> Pintura para socalo de muros interior mezcla real apichada de cal, mina de color y agua, tres manos | H61: =IF(D61="","",VLOOKUP(D61,ListaAct,5,FALSE)) -> m2 | I61: =IF(D61="","",VLOOKUP(D61,ListaAct,6,FALSE)) -> 11.09 | J61: =IF(D61="","",VLOOKUP(D61,ListaAct,7,FALSE)) -> 31456 | K61: =IF(D61="","",ROUND(J61*I61,0)) -> 348847
D62: 11.3 | G62: =IF(D62="","",VLOOKUP(D62,ListaAct,4,FALSE)) -> Suministro e instalación de fachaleta en muro fachada sur según diseño actual. | H62: =IF(D62="","",VLOOKUP(D62,ListaAct,5,FALSE)) -> m2 | I62: =IF(D62="","",VLOOKUP(D62,ListaAct,6,FALSE)) -> 5.2 | J62: =IF(D62="","",VLOOKUP(D62,ListaAct,7,FALSE)) -> 96886 | K62: =IF(D62="","",ROUND(J62*I62,0)) -> 503807
D63: 11.4 | G63: =IF(D63="","",VLOOKUP(D63,ListaAct,4,FALSE)) -> Inmunizado, sellado y pintado de puertas, ventanas y capiteles ambas caras en madera en esmalte color habano o tabaco, incluye varillas de acero. | H63: =IF(D63="","",VLOOKUP(D63,ListaAct,5,FALSE)) -> m2 | I63: =IF(D63="","",VLOOKUP(D63,ListaAct,6,FALSE)) -> 9.66 | J63: =IF(D63="","",VLOOKUP(D63,ListaAct,7,FALSE)) -> 44971 | K63: =IF(D63="","",ROUND(J63*I63,0)) -> 434420
D64: 11.5 | G64: =IF(D64="","",VLOOKUP(D64,ListaAct,4,FALSE)) -> Pintura vinilo tipo 1 a 3 manos muros no tradicionales | H64: =IF(D64="","",VLOOKUP(D64,ListaAct,5,FALSE)) -> m2 | I64: =IF(D64="","",VLOOKUP(D64,ListaAct,6,FALSE)) -> 157.57 | J64: =IF(D64="","",VLOOKUP(D64,ListaAct,7,FALSE)) -> 20119 | K64: =IF(D64="","",ROUND(J64*I64,0)) -> 3170151
D65: 11.6 | G65: =IF(D65="","",VLOOKUP(D65,ListaAct,4,FALSE)) -> Pintura en esmalte color marrón carpinteria metalica interior. | H65: =IF(D65="","",VLOOKUP(D65,ListaAct,5,FALSE)) -> m2 | I65: =IF(D65="","",VLOOKUP(D65,ListaAct,6,FALSE)) -> 9.86 | J65: =IF(D65="","",VLOOKUP(D65,ListaAct,7,FALSE)) -> 22284 | K65: =IF(D65="","",ROUND(J65*I65,0)) -> 219720
D66: 11.7 | G66: =IF(D66="","",VLOOKUP(D66,ListaAct,4,FALSE)) -> Reposición pañetes en mortero no tradicional 1:4 | H66: =IF(D66="","",VLOOKUP(D66,ListaAct,5,FALSE)) -> m2 | I66: =IF(D66="","",VLOOKUP(D66,ListaAct,6,FALSE)) -> 5.19 | J66: =IF(D66="","",VLOOKUP(D66,ListaAct,7,FALSE)) -> 30272 | K66: =IF(D66="","",ROUND(J66*I66,0)) -> 157112
D67: 11.8 | G67: =IF(D67="","",VLOOKUP(D67,ListaAct,4,FALSE)) -> Reinstalacion de acabado de piso en fachaleta en gres según diseño actual. | H67: =IF(D67="","",VLOOKUP(D67,ListaAct,5,FALSE)) -> ml | I67: =IF(D67="","",VLOOKUP(D67,ListaAct,6,FALSE)) -> 2 | J67: =IF(D67="","",VLOOKUP(D67,ListaAct,7,FALSE)) -> 44859 | K67: =IF(D67="","",ROUND(J67*I67,0)) -> 89718
C68: Subtotal | K68: =+SUM(K60:K67) -> 11883890
C69: 14 | D69: =IF(C69="","",VLOOKUP(C69,ListaAct,4,FALSE)) -> ACTIVIDADES ELECTRICAS, DATOS Y DEMAS REQUERIDAS
D70: 14.1 | G70: =IF(D70="","",VLOOKUP(D70,ListaAct,4,FALSE)) -> Desmonte de luminarias y/o bombillos incluye desmonte de cableado, canaletas y accesorios de soporte | H70: =IF(D70="","",VLOOKUP(D70,ListaAct,5,FALSE)) -> und | I70: =IF(D70="","",VLOOKUP(D70,ListaAct,6,FALSE)) -> 12 | J70: =IF(D70="","",VLOOKUP(D70,ListaAct,7,FALSE)) -> 33921 | K70: =IF(D70="","",ROUND(J70*I70,0)) -> 407052
D71: 14.2 | G71: =IF(D71="","",VLOOKUP(D71,ListaAct,4,FALSE)) -> Desmonte de puntos electricos incluye desmonto de cableado, canaletas, Tableros y accesorios de soporte | H71: =IF(D71="","",VLOOKUP(D71,ListaAct,5,FALSE)) -> und | I71: =IF(D71="","",VLOOKUP(D71,ListaAct,6,FALSE)) -> 8 | J71: =IF(D71="","",VLOOKUP(D71,ListaAct,7,FALSE)) -> 62787 | K71: =IF(D71="","",ROUND(J71*I71,0)) -> 502296
D72: 14.3 | G72: =IF(D72="","",VLOOKUP(D72,ListaAct,4,FALSE)) -> Suministro, Transporte E Instalación De Salida Para Iluminación 110 V, Incluye Caja Octogonal, Caja Rectangular, Interruptor Sencillo, Conectores, Cable Cu 3x12 Thwnn Lszh, Ducto EMT pintado de color segun especificacion Ø 1/2", Clavija Aerea Tipo Hembra 15 A, Clavija Aerea Tipo Macho 15 A, Cable Encauchetado 3x16 Awg Thwn Lszh | H72: =IF(D72="","",VLOOKUP(D72,ListaAct,5,FALSE)) -> und | I72: =IF(D72="","",VLOOKUP(D72,ListaAct,6,FALSE)) -> 14 | J72: =IF(D72="","",VLOOKUP(D72,ListaAct,7,FALSE)) -> 294603 | K72: =IF(D72="","",ROUND(J72*I72,0)) -> 4124442
D73: 14.4 | G73: =IF(D73="","",VLOOKUP(D73,ListaAct,4,FALSE)) -> Suministro, Transporte E Instalación De Panel Led 120x30 Cm, 45 W, 6500 K, colgante Incluye Marco Soporte, kit de suspension (guayas) Elementos De Sujeción Y Fijación De La Lámpara | H73: =IF(D73="","",VLOOKUP(D73,ListaAct,5,FALSE)) -> und | I73: =IF(D73="","",VLOOKUP(D73,ListaAct,6,FALSE)) -> 8 | J73: =IF(D73="","",VLOOKUP(D73,ListaAct,7,FALSE)) -> 123571 | K73: =IF(D73="","",ROUND(J73*I73,0)) -> 988568
D74: 14.5 | G74: =IF(D74="","",VLOOKUP(D74,ListaAct,4,FALSE)) -> Suministro, Transporte E Instalación De Panel Led Cuadrada 60x60 Cm, 48 W, 6500 K,colgante Incluye Marco Soporte, kit de suspension (guayas), Elementos De Sujeción Y Fijación De La Lámpara | H74: =IF(D74="","",VLOOKUP(D74,ListaAct,5,FALSE)) -> und | I74: =IF(D74="","",VLOOKUP(D74,ListaAct,6,FALSE)) -> 2 | J74: =IF(D74="","",VLOOKUP(D74,ListaAct,7,FALSE)) -> 116500 | K74: =IF(D74="","",ROUND(J74*I74,0)) -> 233000
D75: 14.6 | G75: =IF(D75="","",VLOOKUP(D75,ListaAct,4,FALSE)) -> Suministro, Transporte E Instalación De Bombillo Led (20-40w), Incluye roseta, Elementos De Sujeción Y Fijación De La Lámpara | H75: =IF(D75="","",VLOOKUP(D75,ListaAct,5,FALSE)) -> und | I75: =IF(D75="","",VLOOKUP(D75,ListaAct,6,FALSE)) -> 4 | J75: =IF(D75="","",VLOOKUP(D75,ListaAct,7,FALSE)) -> 28971 | K75: =IF(D75="","",ROUND(J75*I75,0)) -> 115884
D76: 14.7 | G76: =IF(D76="","",VLOOKUP(D76,ListaAct,4,FALSE)) -> Desmonte y reubicacion de tablero de circuitos. | H76: =IF(D76="","",VLOOKUP(D76,ListaAct,5,FALSE)) -> und | I76: =IF(D76="","",VLOOKUP(D76,ListaAct,6,FALSE)) -> 2 | J76: =IF(D76="","",VLOOKUP(D76,ListaAct,7,FALSE)) -> 260618 | K76: =IF(D76="","",ROUND(J76*I76,0)) -> 521236
D77: 14.8 | G77: =IF(D77="","",VLOOKUP(D77,ListaAct,4,FALSE)) -> Suministro, Transporte E Instalación De Salida Tomacorriente 110 V, Incluye: Cable Cu 3x12 Awh Thwnn Lszh, Toma Blanca 20 A, caja y tapa. | H77: =IF(D77="","",VLOOKUP(D77,ListaAct,5,FALSE)) -> und | I77: =IF(D77="","",VLOOKUP(D77,ListaAct,6,FALSE)) -> 11 | J77: =IF(D77="","",VLOOKUP(D77,ListaAct,7,FALSE)) -> 142882 | K77: =IF(D77="","",ROUND(J77*I77,0)) -> 1571702
D78: 14.9 | G78: =IF(D78="","",VLOOKUP(D78,ListaAct,4,FALSE)) -> Suministro, Transporte E Instalación De Salida Toma Regulada 110 V, Incluye: Cable Cu 3x12 Awh Thwnn Lszh, Toma Naranja 20 A caja y tapa. | H78: =IF(D78="","",VLOOKUP(D78,ListaAct,5,FALSE)) -> und | I78: =IF(D78="","",VLOOKUP(D78,ListaAct,6,FALSE)) -> 4 | J78: =IF(D78="","",VLOOKUP(D78,ListaAct,7,FALSE)) -> 159398 | K78: =IF(D78="","",ROUND(J78*I78,0)) -> 637592
D79: 14.10 | G79: =IF(D79="","",VLOOKUP(D79,ListaAct,4,FALSE)) -> Suministro, Transporte E Instalación De Salida Voz Y Datos, Incluye: Herrajes, Jack, Face Plate, Cable Utp Categoria 6a , Ponchado Del Cable Y Marcación | H79: =IF(D79="","",VLOOKUP(D79,ListaAct,5,FALSE)) -> und | I79: =IF(D79="","",VLOOKUP(D79,ListaAct,6,FALSE)) -> 6 | J79: =IF(D79="","",VLOOKUP(D79,ListaAct,7,FALSE)) -> 123989 | K79: =IF(D79="","",ROUND(J79*I79,0)) -> 743934
D80: 14.11 | G80: =IF(D80="","",VLOOKUP(D80,ListaAct,4,FALSE)) -> Suministro, Transporte E Instalación De Canaleta Metalica 12x5 Cm, En Pintura Electrostatica Blanca, Con Separador, Incluye: Elementos De Fijación Y Soporte | H80: =IF(D80="","",VLOOKUP(D80,ListaAct,5,FALSE)) -> m | I80: =IF(D80="","",VLOOKUP(D80,ListaAct,6,FALSE)) -> 40.36 | J80: =IF(D80="","",VLOOKUP(D80,ListaAct,7,FALSE)) -> 56586 | K80: =IF(D80="","",ROUND(J80*I80,0)) -> 2283811
D81: 14.12 | G81: =IF(D81="","",VLOOKUP(D81,ListaAct,4,FALSE)) -> Suministro E Instalación De Troquel Metálico Piramidal Triple 12 X 5 Blanco | H81: =IF(D81="","",VLOOKUP(D81,ListaAct,5,FALSE)) -> und | I81: =IF(D81="","",VLOOKUP(D81,ListaAct,6,FALSE)) -> 5 | J81: =IF(D81="","",VLOOKUP(D81,ListaAct,7,FALSE)) -> 60614 | K81: =IF(D81="","",ROUND(J81*I81,0)) -> 303070
... D90: 14.21 | G90: =IF(D90="","",VLOOKUP(D90,ListaAct,4,FALSE)) -> Desmonte, suministro e instalacion de soportes de flanche | H90: =IF(D90="","",VLOOKUP(D90,ListaAct,5,FALSE)) -> und | I90: =IF(D90="","",VLOOKUP(D90,ListaAct,6,FALSE)) -> 10 | J90: =IF(D90="","",VLOOKUP(D90,ListaAct,7,FALSE)) -> 209838 | K90: =IF(D90="","",ROUND(J90*I90,0)) -> 2098380
C91: Subtotal | K91: =+SUM(K70:K90) -> 16528514
C92: 12 | D92: =IF(C92="","",VLOOKUP(C92,ListaAct,4,FALSE)) -> LIMPIEZA GENERAL
D93: 12.1 | G93: =IF(D93="","",VLOOKUP(D93,ListaAct,4,FALSE)) -> Aseo y limpieza general de cada espacio interno y externo del juzgado. | H93: =IF(D93="","",VLOOKUP(D93,ListaAct,5,FALSE)) -> glb | I93: =IF(D93="","",VLOOKUP(D93,ListaAct,6,FALSE)) -> 1 | J93: =IF(D93="","",VLOOKUP(D93,ListaAct,7,FALSE)) -> 1014582 | K93: =IF(D93="","",ROUND(J93*I93,0)) -> 1014582
D94: 12.2 | G94: =IF(D94="","",VLOOKUP(D94,ListaAct,4,FALSE)) -> Retiro de escombros a sitio seguro avalado por la autoridad local o regional.(Municipio de San Gil). | H94: =IF(D94="","",VLOOKUP(D94,ListaAct,5,FALSE)) -> glb | I94: =IF(D94="","",VLOOKUP(D94,ListaAct,6,FALSE)) -> 1 | J94: =IF(D94="","",VLOOKUP(D94,ListaAct,7,FALSE)) -> 3568683 | K94: =IF(D94="","",ROUND(J94*I94,0)) -> 3568683
C95: Subtotal | K95: =+SUM(K93:K94) -> 4583265
G97: SUBTOTAL | K97: =K95+K68+K58+K91+K52+K49+K45+K41+K35+K32+K28+K25+K16 -> 150435859
G98: ADMINISTRACION | J98: 0.25 | K98: =ROUND(J98*K97,0) -> 37608965
G99: IMPREVISTOS | J99: 0.01 | K99: =ROUND(J99*K97,0) -> 1504359
G100: UTILIDAD | J100: 0.05 | K100: =ROUND(J100*K97,0) -> 7521793
G101: IVA SOBRE UTILIDAD | J101: 0.19 | K101: =ROUND(J101*K100,0) -> 1429141
G102: VALOR TOTAL OBRA | K102: =K97+K98+K99+K100+K101 -> 198500117
C104: Nº | D104: ÍTEM DE PAGO | E104: ESPECIFICACIONES | G104: DESCRIPCIÓN | H104: UND. | I104: CANTIDAD | J104: VALOR UNITARIO | K104: VALOR TOTAL
E105: GENERAL | F105: PARTICULAR
D106: OTRAS ACTIVIDADES Y/O SERVICIOS REQUERIDOS (SIN AIU)
D107: 13.1 | G107: =IF(D107="","",VLOOKUP(D107,ListaAct,4,FALSE)) -> Retiro de muebles, equipos, archivos, documentos y demas elementos no fijos del juzgado a lugar seguro previamente informado por la seccional | H107: =IF(D107="","",VLOOKUP(D107,ListaAct,5,FALSE)) -> glb | I107: =IF(D107="","",VLOOKUP(D107,ListaAct,6,FALSE)) -> 1 | J107: =IF(D107="","",VLOOKUP(D107,ListaAct,7,FALSE)) -> 1497635 | K107: =IF(D107="","",ROUND(J107*I107,0)) -> 1497635
D108: 13.2 | G108: =IF(D108="","",VLOOKUP(D108,ListaAct,4,FALSE)) -> Tramite y obtención de licencia de construcción ante la alcaldia de confines. | H108: =IF(D108="","",VLOOKUP(D108,ListaAct,5,FALSE)) -> glb | I108: =IF(D108="","",VLOOKUP(D108,ListaAct,6,FALSE)) -> 1 | J108: =IF(D108="","",VLOOKUP(D108,ListaAct,7,FALSE)) -> 1357552 | K108: =IF(D108="","",ROUND(J108*I108,0)) -> 1357552
D109: 13.3 | G109: =IF(D109="","",VLOOKUP(D109,ListaAct,4,FALSE)) -> Suministro e instalación de medidas de seguridad en movilidad tales como avisos, conos, captafaro nocturno, entre otros que garanticen la movilidad en la esquina de la carrera 6 y calle 2. | H109: =IF(D109="","",VLOOKUP(D109,ListaAct,5,FALSE)) -> glb | I109: =IF(D109="","",VLOOKUP(D109,ListaAct,6,FALSE)) -> 1 | J109: =IF(D109="","",VLOOKUP(D109,ListaAct,7,FALSE)) -> 2706683 | K109: =IF(D109="","",ROUND(J109*I109,0)) -> 2706683
D110: 14.22 | G110: =IF(D110="","",VLOOKUP(D110,ListaAct,4,FALSE)) -> Suministro e instalacion de Patch - Cord, Cat. 6A de 2 m | H110: =IF(D110="","",VLOOKUP(D110,ListaAct,5,FALSE)) -> und | I110: =IF(D110="","",VLOOKUP(D110,ListaAct,6,FALSE)) -> 6 | J110: =IF(D110="","",VLOOKUP(D110,ListaAct,7,FALSE)) -> 27197 | K110: =IF(D110="","",ROUND(J110*I110,0)) -> 163182
D111: 14.23 | G111: =IF(D111="","",VLOOKUP(D111,ListaAct,4,FALSE)) -> Gabinete Rack 9ur, incluye Elementos de soporte y fijacion | H111: =IF(D111="","",VLOOKUP(D111,ListaAct,5,FALSE)) -> und | I111: =IF(D111="","",VLOOKUP(D111,ListaAct,6,FALSE)) -> 1 | J111: =IF(D111="","",VLOOKUP(D111,ListaAct,7,FALSE)) -> 594135 | K111: =IF(D111="","",ROUND(J111*I111,0)) -> 594135
D112: 14.24 | G112: =IF(D112="","",VLOOKUP(D112,ListaAct,4,FALSE)) -> Suministro e instalacion de Ups 3 Kva Incluye cometida electrica, canalizacion Y Todo Lo Necesario Para Su Instalacion | H112: =IF(D112="","",VLOOKUP(D112,ListaAct,5,FALSE)) -> und | I112: =IF(D112="","",VLOOKUP(D112,ListaAct,6,FALSE)) -> 1 | J112: =IF(D112="","",VLOOKUP(D112,ListaAct,7,FALSE)) -> 2721487 | K112: =IF(D112="","",ROUND(J112*I112,0)) -> 2721487
C113: Subtotal | K113: =+SUM(K107:K112) -> 9040674
G115: SUBTOTAL | K115: =K113 -> 9040674
...

Sheet Actividades
E2: =+Datos!$C$9 -> CONSEJO SUPERIOR DE JUDICATURA– DIRECCIÓN EJECUTIVA SECCIONAL DE ADMINISTRACIÓN JUDICIAL DE BUCARAMANGA | I2: VERSIÓN | K2: =Datos!F4 -> 0
I4: PÁGINA
E5: =+Datos!$C$12 -> CONTRATAR EN NOMBRE DE LA NACIÓN– CONSEJO SUPERIOR DE JUDICATURA– DIRECCIÓN EJECUTIVA SECCIONAL DE ADMINISTRACIÓN JUDICIAL DE BUCARAMANGA, MEDIANTE EL SISTEMA DE PRECIOS UNITARIOS FIJOS SIN FORMULA DE REAJUSTE, LA OBRA CIVIL PARA EL REFORZAMIENTO ESTRUCTURAL DE LA SEDE JUDICIAL DE CONFINES SANTANDER, ASÍ COMO LA OBRA ELÉCTRICA, DE ILUMINACIÓN Y DEMÁS REQUERIDAS EN DICHA EDIFICACIÓN, EN LAS CONDICIONES TÉCNICAS, DE CALIDAD Y CANTIDADES EXIGIDAS POR LA ENTIDAD. | I5: 1 | J5: DE | K5: 1
I6: FECHA
E7: LISTADO DE ACTIVIDADES Y CANTIDADES | I7: DD | J7: MM | K7: AAAA
I8: =+Datos!$C$7 -> 19 | J8: =+Datos!$D$7 -> 6 | K8: =+Datos!$E$7 -> 2026
D10: 1 | E10: 2 | F10: 3 | G10: 4 | H10: 5 | I10: 6 | J10: 7 | K10: 8
B11: CLASIF. | C11: CÓD. | D11: ÍTEM | E11: CAPITULO / ID. | F11: SUBCAPÍTULO | G11: DESCRIPCIÓN | H11: U.M. | I11: CANTIDAD | J11: VR. UNIT COSTO DIRECTO | K11: VR. UNIT INCLUYE A.I.U
B12: P | G12: I. OBRA CIVIL SEDE JUDICIAL CONFINES
B13: P | D13: 1 | G13: PRELIMINARES
B14: A | C14: 1 | D14: 1.1 | E14: OBRA CIVIL | F14: PRELIMINARES | G14: Localizacion y replanteo | H14: m2 | I14: =130 -> 130 | J14: =APU!N64 -> 6608 | K14: =APU!N74 -> 8656
B15: A | C15: 2 | D15: 1.2 | E15: OBRA CIVIL | F15: PRELIMINARES | G15: Instalacion de plastico negro para proteger construcción | H15: m2 | I15: =60 -> 60 | J15: =APU!N150 -> 10496 | K15: =APU!N160 -> 13750
B16: A | C16: 3 | D16: 1.3 | E16: OBRA CIVIL | F16: PRELIMINARES | G16: Instalación durante la obra de cerramiento en polisombra sostenido con madera resistente apoyada en recipiente pesado no anclado al piso a una altura de 3.0 mts alrededor del juzgado separada 1,50 mts de las fachadas. | H16: ml | I16: =39.5 -> 39.5 | J16: 79834 | K16: =ROUND(J16*1.31,0) -> 104583
B17: D | D17: 2 | G17: DEMOLICIONES, DESCAPOTES Y RETIROS
B18: A | C18: 4 | D18: 2.1 | E18: OBRA CIVIL | F18: DEMOLICIONES, DESCAPOTES Y RETIROS | G18: Demolición de placa de concreto e=0,10 mts zona norte. | H18: m2 | I18: =4.51 -> 4.51 | J18: =APU!N320 -> 60382 | K18: =APU!N330 -> 79100
B19: A | C19: 5 | D19: 2.2 | E19: OBRA CIVIL | F19: DEMOLICIONES, DESCAPOTES Y RETIROS | G19: Demolición de pañete en mortero comun muros norte, sur y occidente en bahareque y tapia pisada interno y externo. | H19: m2 | I19: =161.35 -> 161.35 | J19: =APU!N405 -> 36403 | K19: =APU!N415 -> 47688
B20: A | C20: 6 | D20: 2.3 | E20: OBRA CIVIL | F20: DEMOLICIONES, DESCAPOTES Y RETIROS | G20: Retiro de maleza en la zona norte del juzgado. | H20: m2 | I20: =8.5 -> 8.5 | J20: =APU!N490 -> 33746 | K20: =ROUND(J20*1.31,0) -> 44207
B21: A | C21: 7 | D21: 2.4 | E21: OBRA CIVIL | F21: DEMOLICIONES, DESCAPOTES Y RETIROS | G21: Desmonte de voladizo fachadas sur . Conservar teja de arcilla en lugar seguro para su reutilización | H21: ml | I21: =11.66 -> 11.66 | J21: =APU!N575 -> 44582 | K21: =ROUND(J21*1.31,0) -> 58402
B22: A | C22: 8 | D22: 2.5 | E22: OBRA CIVIL | F22: DEMOLICIONES, DESCAPOTES Y RETIROS | G22: Regata sobre muro desnudo tipo cajuela de 30 mm conservando los bordes y vertices, incluye superficie en lechada de cal apagada. | H22: ml | I22: =247.9 -> 247.9 | J22: =APU!N660 -> 19524 | K22: =ROUND(J22*1.31,0) -> 25576
B23: A | C23: 9 | D23: 2.6 | E23: OBRA CIVIL | F23: DEMOLICIONES, DESCAPOTES Y RETIROS | G23: Retiro de pintura deteriorada de puertas, ventanas y capiteles en madera ambas caras hasta dejar superficie original. | H23: m2 | I23: =5.46 -> 5.46 | J23: =APU!N745 -> 14540 | K23: =ROUND(J23*1.31,0) -> 19047
B24: A | C24: 10 | D24: 2.7 | E24: OBRA CIVIL | F24: DEMOLICIONES, DESCAPOTES Y RETIROS | G24: Retiro de pañete en mal estado zonas no tradionales | H24: m2 | I24: =3 -> 3 | J24: =APU!N830 -> 24269 | K24: =ROUND(J24*1.31,0) -> 31792
B25: P | D25: 3 | G25: EXCAVACIONES
B26: A | C26: 11 | D26: 3.1 | E26: OBRA CIVIL | F26: EXCAVACIONES | G26: Excavación en material comun con retiro a lugar seguro de suelo costado norte | H26: m3 | I26: =10.85 -> 10.85 | J26: =APU!N915 -> 72806 | K26: =ROUND(J26*1.31,0) -> 95376
B27: P | D27: 4 | G27: PERFORACIONES
B28: A | C28: 12 | D28: 4.1 | E28: OBRA CIVIL | F28: PERFORACIONES | G28: Perforaciones en muro de contención de 1" según plano con instalación de geodren NT 2000 o similar. | H28: m2 | I28: =6.41 -> 6.41 | J28: =APU!N1000 -> 115410 | K28: =ROUND(J28*1.31,0) -> 151187
B29: A | C29: 13 | D29: 4.2 | E29: OBRA CIVIL | F29: PERFORACIONES | G29: Perforaciones en muros de bahareque y tapia pisada con broca especial y tecnica de protección sin perdida o arrastre del material del muro con inyección de lechada tradicional. | H29: m2 | I29: =152.78 -> 152.78 | J29: =APU!N1085 -> 72197 | K29: =ROUND(J29*1.31,0) -> 94578
B30: P | D30: 5 | G30: RELLENOS
B31: A | C31: 14 | D31: 5.1 | E31: OBRA CIVIL | F31: RELLENOS | G31: Relleno con material seleccionado y compactado | H31: m3 | I31: =12.52 -> 12.52 | J31: =APU!N1170 -> 150054 | K31: =ROUND(J31*1.31,0) -> 196571
B32: P | D32: 6 | G32: REFORZAMIENTO ESTRUCTURAL
B33: A | C33: 15 | D33: 6.1 | E33: OBRA CIVIL | F33: REFORZAMIENTO ESTRUCTURAL | G33: Suministro e instalación de tabla en madera 20 x 2 cms en sapan o similar inmunizado y protegido con Profilan o simialr según diseño. Incluye cajas de traslapo, muescas de borde, avellanados y terminaciones | H33: ml | I33: =247.9 -> 247.9 | J33: =APU!N1255 -> 150635 | K33: =ROUND(J33*1.31,0) -> 197332
B34: A | C34: 16 | D34: 6.2 | E34: OBRA CIVIL | F34: REFORZAMIENTO ESTRUCTURAL | G34: Suministro e instalación de tornillo roscado de 1/2" con arandelas y tuercas, según diseño, para junta de confinamiento, incluye lechada tradicional de cal y arena o ladrillo con cuña de madera en los extremos. | H34: m2 | I34: =155 -> 155 | J34: =APU!N1340 -> 62695 | K34: =ROUND(J34*1.31,0) -> 82130
B35: A | C35: 17 | D35: 6.3 | E35: OBRA CIVIL | F35: REFORZAMIENTO ESTRUCTURAL | G35: Platina metalica de 1/8" para vanos, según especificaciones. Incluye tornillos | H35: und | I35: =22 -> 22 | J35: =APU!N1425 -> 130795 | K35: =ROUND(J35*1.31,0) -> 171341
B36: A | C36: 18 | D36: 6.4 | E36: OBRA CIVIL | F36: REFORZAMIENTO ESTRUCTURAL | G36: Platina metalica de 3/16" para esquinero, según especificaciones. Incluye tornillos. | H36: und | I36: =6 -> 6 | J36: =APU!N1510 -> 136558 | K36: =ROUND(J36*1.31,0) -> 178891
B37: P | D37: 7 | G37: CUBIERTAS
B38: A | C38: 19 | D38: 7.1 | E38: OBRA CIVIL | F38: CUBIERTAS | G38: Construcción total de voladizo de cubierta costado sur (fachada principal). Incluye durmientes, machimbre, manto asfaltico, mortero de pega, teja, inmunizado de madera, sellado y pintura esmalte | H38: m2 | I38: =9.33 -> 9.33 | J38: =APU!N1595 -> 392555 | K38: =ROUND(J38*1.31,0) -> 514247
B39: A | C39: 20 | D39: 7.2 | E39: OBRA CIVIL | F39: CUBIERTAS | G39: Suministro e instalación de flanche metalico calibre 26 muro occidental sobre actual flanche. | H39: m | I39: =7.21 -> 7.21 | J39: =APU!N1680 -> 63833 | K39: =ROUND(J39*1.31,0) -> 83621
B40: P | D40: 8 | G40: REVOQUE TRADICIONAL
B41: A | C41: 21 | D41: 8.1 | E41: OBRA CIVIL | F41: REVOQUE TRADICIONAL | G41: Suministro e instalación de malla tipo zaranda metalica adosada al muro con tapa metalica de gaseosa cada 50 cm. Ambos sentidos | H41: m2 | I41: =161.35 -> 161.35 | J41: =APU!N1765 -> 46992 | K41: =ROUND(J41*1.31,0) -> 61560
B42: A | C42: 22 | D42: 8.2 | E42: OBRA CIVIL | F42: REVOQUE TRADICIONAL | G42: Aplicación de revoque tradicional en cal y arenilla según especificación, e=variable | H42: m2 | I42: =161.35 -> 161.35 | J42: =APU!N1850 -> 102192 | K42: =ROUND(J42*1.31,0) -> 133872
B43: P | D43: 9 | G43: CONCRETO
B44: A | C44: 23 | D44: 9.1 | E44: OBRA CIVIL | F44: CONCRETO | G44: Placa de concreto reforzado e=12 cm costado norte con pendiente del 2%, malla electrosoldad de 8,5 mm. | H44: m2 | I44: =13.42 -> 13.42 | J44: =APU!N1935 -> 229042 | K44: =ROUND(J44*1.31,0) -> 300045
B45: P | D45: 10 | G45: DISPOSICION DE AGUAS LLUVIAS
B46: A | C46: 24 | D46: 10.1 | E46: OBRA CIVIL | F46: DISPOSICION DE AGUAS LLUVIAS | G46: Caja aguas lluvias según diseño en base de concreto y muros de ladrillo macizo, pañetada con medias cañas y pendiente. | H46: und | I46: =1 -> 1 | J46: =APU!N2020 -> 1240945 | K46: =ROUND(J46*1.31,0) -> 1625638
B47: A | C47: 25 | D47: 10.2 | E47: OBRA CIVIL | F47: DISPOSICION DE AGUAS LLUVIAS | G47: Tuberia de 4" aguas lluvias PVC incluye accesorios de fijacion | H47: ml | I47: =6.54 -> 6.54 | J47: =APU!N2103 -> 60296 | K47: =ROUND(J47*1.31,0) -> 78988
B48: A | C48: 26 | D48: 10.3 | E48: OBRA CIVIL | F48: DISPOSICION DE AGUAS LLUVIAS | G48: Suministro e instalación de canal metalica cal 22 según diseño exterior incluye salida de 4" y fijaciones metalicas cada 50 cm. | H48: ml | I48: =12.7 -> 12.7 | J48: =APU!N2187 -> 134117 | K48: =ROUND(J48*1.31,0) -> 175693
B49: A | C49: 27 | D49: 10.4 | E49: OBRA CIVIL | F49: DISPOSICION DE AGUAS LLUVIAS | G49: Reinstalación de bajantes aguas lluvias 4" PVC incluye regata en muro y piso, accesorios, fijaciones. | H49: ml | I49: =10.57 -> 10.57 | J49: =APU!N2276 -> 99487 | K49: =ROUND(J49*1.31,0) -> 130328
B50: P | D50: 11 | G50: ACABADOS
B51: A | C51: 28 | D51: 11.1 | E51: OBRA CIVIL | F51: ACABADOS | G51: Pintura para muros interior y exterior mezcla real apichada de cal y agua, tres manos | H51: m2 | I51: =148.94 -> 148.94 | J51: =APU!N2360 -> 46731 | K51: =ROUND(J51*1.31,0) -> 61218
B52: A | C52: 29 | D52: 11.2 | E52: OBRA CIVIL | F52: ACABADOS | G52: Pintura para socalo de muros interior mezcla real apichada de cal, mina de color y agua, tres manos | H52: m2 | I52: =11.09 -> 11.09 | J52: =APU!N2444 -> 31456 | K52: =ROUND(J52*1.31,0) -> 41207
B53: A | C53: 30 | D53: 11.3 | E53: OBRA CIVIL | F53: ACABADOS | G53: Suministro e instalación de fachaleta en muro fachada sur según diseño actual. | H53: m2 | I53: =5.2 -> 5.2 | J53: =APU!N2528 -> 96886 | K53: =ROUND(J53*1.31,0) -> 126921
B54: A | C54: 31 | D54: 11.4 | E54: OBRA CIVIL | F54: ACABADOS | G54: Inmunizado, sellado y pintado de puertas, ventanas y capiteles ambas caras en madera en esmalte color habano o tabaco, incluye varillas de acero. | H54: m2 | I54: =9.66 -> 9.66 | J54: =APU!N2615 -> 44971 | K54: =ROUND(J54*1.31,0) -> 58912
B55: A | C55: 32 | D55: 11.5 | E55: OBRA CIVIL | F55: ACABADOS | G55: Pintura vinilo tipo 1 a 3 manos muros no tradicionales | H55: m2 | I55: =157.57 -> 157.57 | J55: =APU!N2700 -> 20119 | K55: =ROUND(J55*1.31,0) -> 26356
B56: A | C56: 33 | D56: 11.6 | E56: OBRA CIVIL | F56: ACABADOS | G56: Pintura en esmalte color marrón carpinteria metalica interior. | H56: m2 | I56: =9.86 -> 9.86 | J56: =APU!N2784 -> 22284 | K56: =ROUND(J56*1.31,0) -> 29192
B57: A | C57: 34 | D57: 11.7 | E57: OBRA CIVIL | F57: ACABADOS | G57: Reposición pañetes en mortero no tradicional 1:4 | H57: m2 | I57: =5.19 -> 5.19 | J57: =APU!N2868 -> 30272 | K57: =ROUND(J57*1.31,0) -> 39656
B58: A | C58: 35 | D58: 11.8 | E58: OBRA CIVIL | F58: ACABADOS | G58: Reinstalacion de acabado de piso en fachaleta en gres según diseño actual. | H58: ml | I58: =2 -> 2 | J58: =APU!N2952 -> 44859 | K58: =ROUND(J58*1.31,0) -> 58765
B59: P | D59: 14 | G59: ACTIVIDADES ELECTRICAS, DATOS Y DEMAS REQUERIDAS
B60: A | C60: 36 | D60: 14.1 | E60: OBRA CIVIL | F60: ACTIVIDADES ELECTRICAS, DATOS Y DEMAS REQUERIDAS | G60: Desmonte de luminarias y/o bombillos incluye desmonte de cableado, canaletas y accesorios de soporte | H60: und | I60: =12 -> 12 | J60: =APU!N3457 -> 33921 | K60: =ROUND(J60*1.31,0) -> 44437
B61: A | C61: 37 | D61: 14.2 | E61: OBRA CIVIL | F61: ACTIVIDADES ELECTRICAS, DATOS Y DEMAS REQUERIDAS | G61: Desmonte de puntos electricos incluye desmonto de cableado, canaletas, Tableros y accesorios de soporte | H61: und | I61: =8 -> 8 | J61: =APU!N3541 -> 62787 | K61: =ROUND(J61*1.31,0) -> 82251
B62: A | C62: 38 | D62: 14.3 | E62: OBRA CIVIL | F62: ACTIVIDADES ELECTRICAS, DATOS Y DEMAS REQUERIDAS | G62: Suministro, Transporte E Instalación De Salida Para Iluminación 110 V, Incluye Caja Octogonal, Caja Rectangular, Interruptor Sencillo, Conectores, Cable Cu 3x12 Thwnn Lszh, Ducto EMT pintado de color segun especificacion Ø 1/2", Clavija Aerea Tipo Hembra 15 A, Clavija Aerea Tipo Macho 15 A, Cable Encauchetado 3x16 Awg Thwn Lszh | H62: und | I62: =14 -> 14 | J62: =APU!N3627 -> 294603 | K62: =ROUND(J62*1.31,0) -> 385930
B63: A | C63: 39 | D63: 14.4 | E63: OBRA CIVIL | F63: ACTIVIDADES ELECTRICAS, DATOS Y DEMAS REQUERIDAS | G63: Suministro, Transporte E Instalación De Panel Led 120x30 Cm, 45 W, 6500 K, colgante Incluye Marco Soporte, kit de suspension (guayas) Elementos De Sujeción Y Fijación De La Lámpara | H63: und | I63: =8 -> 8 | J63: =APU!N3713 -> 123571 | K63: =ROUND(J63*1.31,0) -> 161878
B64: A | C64: 40 | D64: 14.5 | E64: OBRA CIVIL | F64: ACTIVIDADES ELECTRICAS, DATOS Y DEMAS REQUERIDAS | G64: Suministro, Transporte E Instalación De Panel Led Cuadrada 60x60 Cm, 48 W, 6500 K,colgante Incluye Marco Soporte, kit de suspension (guayas), Elementos De Sujeción Y Fijación De La Lámpara | H64: und | I64: =2 -> 2 | J64: =APU!N3798 -> 116500 | K64: =ROUND(J64*1.31,0) -> 152615
B65: A | C65: 41 | D65: 14.6 | E65: OBRA CIVIL | F65: ACTIVIDADES ELECTRICAS, DATOS Y DEMAS REQUERIDAS | G65: Suministro, Transporte E Instalación De Bombillo Led (20-40w), Incluye roseta, Elementos De Sujeción Y Fijación De La Lámpara | H65: und | I65: =4 -> 4 | J65: =APU!N3883 -> 28971 | K65: =ROUND(J65*1.31,0) -> 37952
B66: A | C66: 42 | D66: 14.7 | E66: OBRA CIVIL | F66: ACTIVIDADES ELECTRICAS, DATOS Y DEMAS REQUERIDAS | G66: Desmonte y reubicacion de tablero de circuitos. | H66: und | I66: =2 -> 2 | J66: =APU!N3969 -> 260618 | K66: =ROUND(J66*1.31,0) -> 341410
B67: A | C67: 43 | D67: 14.8 | E67: OBRA CIVIL | F67: ACTIVIDADES ELECTRICAS, DATOS Y DEMAS REQUERIDAS | G67: Suministro, Transporte E Instalación De Salida Tomacorriente 110 V, Incluye: Cable Cu 3x12 Awh Thwnn Lszh, Toma Blanca 20 A, caja y tapa. | H67: und | I67: =11 -> 11 | J67: =APU!N4054 -> 142882 | K67: =ROUND(J67*1.31,0) -> 187175
B68: A | C68: 44 | D68: 14.9 | E68: OBRA CIVIL | F68: ACTIVIDADES ELECTRICAS, DATOS Y DEMAS REQUERIDAS | G68: Suministro, Transporte E Instalación De Salida Toma Regulada 110 V, Incluye: Cable Cu 3x12 Awh Thwnn Lszh, Toma Naranja 20 A caja y tapa. | H68: und | I68: =4 -> 4 | J68: =APU!N4139 -> 159398 | K68: =ROUND(J68*1.31,0) -> 208811
B69: A | C69: 45 | D69: 14.10 | E69: OBRA CIVIL | F69: ACTIVIDADES ELECTRICAS, DATOS Y DEMAS REQUERIDAS | G69: Suministro, Transporte E Instalación De Salida Voz Y Datos, Incluye: Herrajes, Jack, Face Plate, Cable Utp Categoria 6a , Ponchado Del Cable Y Marcación | H69: und | I69: =6 -> 6 | J69: =APU!N4224 -> 123989 | K69: =ROUND(J69*1.31,0) -> 162426
B70: A | C70: 46 | D70: 14.11 | E70: OBRA CIVIL | F70: ACTIVIDADES ELECTRICAS, DATOS Y DEMAS REQUERIDAS | G70: Suministro, Transporte E Instalación De Canaleta Metalica 12x5 Cm, En Pintura Electrostatica Blanca, Con Separador, Incluye: Elementos De Fijación Y Soporte | H70: m | I70: =40.36 -> 40.36 | J70: =APU!N4309 -> 56586 | K70: =ROUND(J70*1.31,0) -> 74128
B71: A | C71: 47 | D71: 14.12 | E71: OBRA CIVIL | F71: ACTIVIDADES ELECTRICAS, DATOS Y DEMAS REQUERIDAS | G71: Suministro E Instalación De Troquel Metálico Piramidal Triple 12 X 5 Blanco | H71: und | I71: =5 -> 5 | J71: =APU!N4394 -> 60614 | K71: =ROUND(J71*1.31,0) -> 79404
B72: A | C72: 48 | D72: 14.13 | E72: OBRA CIVIL | F72: ACTIVIDADES ELECTRICAS, DATOS Y DEMAS REQUERIDAS | G72: Suministro E Instalación De Troquel Metálico Piramidal doble 12 X 5 Blanco | H72: und | I72: =2 -> 2 | J72: =APU!N4478 -> 56961 | K72: =ROUND(J72*1.31,0) -> 74619
B73: A | C73: 49 | D73: 14.14 | E73: OBRA CIVIL | F73: ACTIVIDADES ELECTRICAS, DATOS Y DEMAS REQUERIDAS | G73: Suministro E Instalación De Troquel Metálico Piramidal Sencillo 12 X 5 Blanco | H73: und | I73: =2 -> 2 | J73: =APU!N4562 -> 53845 | K73: =ROUND(J73*1.31,0) -> 70537
B74: A | C74: 50 | D74: 14.15 | E74: OBRA CIVIL | F74: ACTIVIDADES ELECTRICAS, DATOS Y DEMAS REQUERIDAS | G74: Suministro e instalación de persiana en aluminio Incluye marco | H74: m2 | I74: =1.53 -> 1.53 | J74: =APU!N4647 -> 352152 | K74: =ROUND(J74*1.31,0) -> 461319
B75: A | C75: 51 | D75: 14.16 | E75: OBRA CIVIL | F75: ACTIVIDADES ELECTRICAS, DATOS Y DEMAS REQUERIDAS | G75: Desmonte, suministro e instalacion de cerradura metalica | H75: und | I75: =3 -> 3 | J75: =APU!N4731 -> 193662 | K75: =ROUND(J75*1.31,0) -> 253697
B76: A | C76: 52 | D76: 14.17 | E76: OBRA CIVIL | F76: ACTIVIDADES ELECTRICAS, DATOS Y DEMAS REQUERIDAS | G76: Desmonte y reintalacion de placa informativa | H76: und | I76: =1 -> 1 | J76: =APU!N4816 -> 103030 | K76: =ROUND(J76*1.31,0) -> 134969
B77: A | C77: 53 | D77: 14.18 | E77: OBRA CIVIL | F77: ACTIVIDADES ELECTRICAS, DATOS Y DEMAS REQUERIDAS | G77: Desmonte, Suministro e instalacion de tapa para gabinte metalico de medidor electrico | H77: und | I77: =1 -> 1 | J77: =APU!N4902 -> 130968 | K77: =ROUND(J77*1.31,0) -> 171568
B78: A | C78: 54 | D78: 14.19 | E78: OBRA CIVIL | F78: ACTIVIDADES ELECTRICAS, DATOS Y DEMAS REQUERIDAS | G78: Desmonte, Suministro e instalacion de asiento sanitario | H78: und | I78: =1 -> 1 | J78: =APU!N4987 -> 119960 | K78: =ROUND(J78*1.31,0) -> 157148
B79: A | C79: 55 | D79: 14.20 | E79: OBRA CIVIL | F79: ACTIVIDADES ELECTRICAS, DATOS Y DEMAS REQUERIDAS | G79: Desmonte de lavamanos existente y Suministro e instalacion lavamanos, incluye griferia, sifon desague y acople sanitario. | H79: und | I79: =1 -> 1 | J79: =APU!N5075 -> 302198 | K79: =ROUND(J79*1.31,0) -> 395879
B80: A | C80: 56 | D80: 14.21 | E80: OBRA CIVIL | F80: ACTIVIDADES ELECTRICAS, DATOS Y DEMAS REQUERIDAS | G80: Desmonte, suministro e instalacion de soportes de flanche | H80: und | I80: =10 -> 10 | J80: =APU!N5160 -> 209838 | K80: =ROUND(J80*1.31,0) -> 274888
B81: P | D81: 12 | G81: LIMPIEZA GENERAL
B82: A | C82: 57 | D82: 12.1 | E82: OBRA CIVIL | F82: LIMPIEZA GENERAL | G82: Aseo y limpieza general de cada espacio interno y externo del juzgado. | H82: glb | I82: =1 -> 1 | J82: =APU!N3036 -> 1014582 | K82: =ROUND(J82*1.31,0) -> 1329102
B83: A | C83: 58 | D83: 12.2 | E83: OBRA CIVIL | F83: LIMPIEZA GENERAL | G83: Retiro de escombros a sitio seguro avalado por la autoridad local o regional.(Municipio de San Gil). | H83: glb | I83: =1 -> 1 | J83: =APU!N3120 -> 3568683 | K83: =ROUND(J83*1.31,0) -> 4674975
B84: P | D84: 13 | G84: OTRAS ACTIVIDADES Y/O SERVICIOS REQUERIDOS (SIN AIU)
B85: A | C85: 59 | D85: 13.1 | E85: OBRA CIVIL | F85: OTRAS ACTIVIDADES Y/O SERVICIOS REQUERIDOS (SIN AIU) | G85: Retiro de muebles, equipos, archivos, documentos y demas elementos no fijos del juzgado a lugar seguro previamente informado por la seccional | H85: glb | I85: =1 -> 1 | J85: =APU!N3205 -> 1497635 | K85: =ROUND(J85*1.31,0) -> 1961902
B86: A | C86: 60 | D86: 13.2 | E86: OBRA CIVIL | F86: OTRAS ACTIVIDADES Y/O SERVICIOS REQUERIDOS (SIN AIU) | G86: Tramite y obtención de licencia de construcción ante la alcaldia de confines. | H86: glb | I86: =1 -> 1 | J86: =APU!N3289 -> 1357552 | K86: =ROUND(J86*1.31,0) -> 1778393
B87: A | C87: 61 | D87: 13.3 | E87: OBRA CIVIL | F87: OTRAS ACTIVIDADES Y/O SERVICIOS REQUERIDOS (SIN AIU) | G87: Suministro e instalación de medidas de seguridad en movilidad tales como avisos, conos, captafaro nocturno, entre otros que garanticen la movilidad en la esquina de la carrera 6 y calle 2. | H87: glb | I87: =1 -> 1 | J87: =APU!N3373 -> 2706683 | K87: =ROUND(J87*1.31,0) -> 3545755
B88: A | C88: 62 | D88: 14.22 | E88: OBRA CIVIL | F88: OTRAS ACTIVIDADES Y/O SERVICIOS REQUERIDOS (SIN AIU) | G88: Suministro e instalacion de Patch - Cord, Cat. 6A de 2 m | H88: und | I88: =6 -> 6 | J88: =APU!N5245 -> 27197 | K88: =ROUND(J88*1.31,0) -> 35628
B89: A | C89: 63 | D89: 14.23 | E89: OBRA CIVIL | F89: OTRAS ACTIVIDADES Y/O SERVICIOS REQUERIDOS (SIN AIU) | G89: Gabinete Rack 9ur, incluye Elementos de soporte y fijacion | H89: und | I89: =1 -> 1 | J89: =APU!N5330 -> 594135 | K89: =ROUND(J89*1.31,0) -> 778317
B90: A | C90: 64 | D90: 14.24 | E90: OBRA CIVIL | F90: OTRAS ACTIVIDADES Y/O SERVICIOS REQUERIDOS (SIN AIU) | G90: Suministro e instalacion de Ups 3 Kva Incluye cometida electrica, canalizacion Y Todo Lo Necesario Para Su Instalacion | H90: und | I90: =1 -> 1 | J90: =APU!N5415 -> 2721487 | K90: =ROUND(J90*1.31,0) -> 3565148

Sheet subAPU
A1: CÓDIGOS:
E5: =+Datos!$C$9 -> CONSEJO SUPERIOR DE JUDICATURA– DIRECCIÓN EJECUTIVA SECCIONAL DE ADMINISTRACIÓN JUDICIAL DE BUCARAMANGA | L5: VERSIÓN | N5: =Datos!$C$4 -> 1
E7: =Datos!$C$13 -> BGA - 030 - 2026 | L7: PÁGINA
L8: 1 | M8: DE | N8: 1
E9: =Datos!$C$12 -> CONTRATAR EN NOMBRE DE LA NACIÓN– CONSEJO SUPERIOR DE JUDICATURA– DIRECCIÓN EJECUTIVA SECCIONAL DE ADMINISTRACIÓN JUDICIAL DE BUCARAMANGA, MEDIANTE EL SISTEMA DE PRECIOS UNITARIOS FIJOS SIN FORMULA DE REAJUSTE, LA OBRA CIVIL PARA EL REFORZAMIENTO ESTRUCTURAL DE LA SEDE JUDICIAL DE CONFINES SANTANDER, ASÍ COMO LA OBRA ELÉCTRICA, DE ILUMINACIÓN Y DEMÁS REQUERIDAS EN DICHA EDIFICACIÓN, EN LAS CONDICIONES TÉCNICAS, DE CALIDAD Y CANTIDADES EXIGIDAS POR LA ENTIDAD.
L10: FECHA
L11: DD | M11: MM | N11: AAAA
E12: ANALISIS DE PRECIOS UNITARIOS | L12: =+Datos!C7 -> 19 | M12: =+Datos!D7 -> 6 | N12: =+Datos!E7 -> 2026
C15: CAPÍTULO: | D15: SUBANÁLISIS DE CONCRETOS Y MORTEROS
C16: SUBCAPÍTULO: | D16: N.A
C19: DATOS ESPECÍFICOS
C21: ÍTEM | D21: DESCRIPCIÓN | L21: UNIDAD | N21: CANTIDAD
C22: N.A | D22: MORTERO 1:3 PREPARADO EN OBRA | L22: M3 | N22: 1 | Q22: Dosificación Morteros
C23: I. EQUIPO
C26: DESCRIPCIÓN | G26: MARCA | I26: TIPO | K26: TARIFA/HORA | L26: RENDIMIENTO | N26: Vr. UNITARIO
C27: HERRAMIENTA MENOR (% M.O) | L27: 0.05 | N27: =+L27*N58 -> 2506.4111
A28: {=IF(C28<>0,INDEX(CodEquipos,MATCH(C28,Equipos,0),),)} -> EQ-01 | C28: MEZCLADORA DE CONCRETO 1 BULTO | K28: =IF($A28>0,(VLOOKUP($A28,TablaEquipos,7,FALSE)),"") -> 13833.75 | L28: =+L53/8 -> 1.125 | N28: =IF(L28>0,K28/L28,"") -> 12296.667
A29: {=IF(C29<>0,INDEX(CodEquipos,MATCH(C29,Equipos,0),),)} -> 0 | K29: =IF($A29>0,(VLOOKUP($A29,TablaEquipos,7,FALSE)),"") | N29: =IF(L29>0,K29/L29,"")
A30: {=IF(C30<>0,INDEX(CodEquipos,MATCH(C30,Equipos,0),),)} -> 0 | K30: =IF($A30>0,(VLOOKUP($A30,TablaEquipos,7,FALSE)),"") | N30: =IF(L30>0,K30/L30,"")
C31: SUBTOTAL $ | N31: =+SUM(N27:N30) -> 14803.078
C32: II. MATERIALES
C35: DESCRIPCIÓN | J35: UNIDAD | K35: CANTIDAD | L35: PRECIO UNIT. | N35: Vr. UNITARIO
A36: {=IF(C36<>0,INDEX(CodMat,MATCH(C36,Materiales,0),),)} -> MAT_C-01 | C36: AGUA | J36: =IF($A36>0,(VLOOKUP($A36,TablaInsumos,5,FALSE)),"") -> LT | K36: 210 | L36: =IF($A36>0,(VLOOKUP($A36,TablaInsumos,7,FALSE)),"") -> 46 | N36: =IF(K36>0,L36*K36,"") -> 9660
A37: {=IF(C37<>0,INDEX(CodMat,MATCH(C37,Materiales,0),),)} -> MAT_C-03 | C37: ARENA GRUESA | J37: =IF($A37>0,(VLOOKUP($A37,TablaInsumos,5,FALSE)),"") -> M3 | K37: 1.1 | L37: =IF($A37>0,(VLOOKUP($A37,TablaInsumos,7,FALSE)),"") -> 86414 | N37: =IF(K37>0,L37*K37,"") -> 95055.4 | P37: =K37*0.75 -> 0.825
A38: {=IF(C38<>0,INDEX(CodMat,MATCH(C38,Materiales,0),),)} -> MAT_C-12 | C38: CEMENTO GRIS | J38: =IF($A38>0,(VLOOKUP($A38,TablaInsumos,5,FALSE)),"") -> KG | K38: 450 | L38: =IF($A38>0,(VLOOKUP($A38,TablaInsumos,7,FALSE)),"") -> 1164 | N38: =IF(K38>0,L38*K38,"") -> 523800
A39: {=IF(C39<>0,INDEX(CodMat,MATCH(C39,Materiales,0),),)} -> 0 | J39: =IF($A39>0,(VLOOKUP($A39,TablaInsumos,5,FALSE)),"") | L39: =IF($A39>0,(VLOOKUP($A39,TablaInsumos,7,FALSE)),"") | N39: =IF(K39>0,L39*K39,"")
A40: {=IF(C40<>0,INDEX(CodMat,MATCH(C40,Materiales,0),),)} -> 0 | J40: =IF($A40>0,(VLOOKUP($A40,TablaInsumos,5,FALSE)),"") | L40: =IF($A40>0,(VLOOKUP($A40,TablaInsumos,7,FALSE)),"") | N40: =IF(K40>0,L40*K40,"")
C41: SUBTOTAL $ | N41: =+SUM(N36:N40) -> 628515.4
C42: III. TRANSPORTES
C45: MATERIAL | I45: VOL. o PESO | J45: DISTANCIA | K45: M3 o Ton/Km | L45: TARIFA | N45: Vr. UNITARIO
A46: {=IF(C46<>0,INDEX(CodTransporte,MATCH(C46,Transporte,0),),)} -> T-03 | C46: TRANSPORTE DE AGREGADOS | I46: =+K37 -> 1.1 | J46: =IF($A46>0,(VLOOKUP($A46,TablaTransporte,6,FALSE)),"") -> 50.85 | K46: =IF($A46>0,(VLOOKUP($A46,TablaTransporte,5,FALSE)),"") -> M3-KM | L46: =IF($A46>0,(VLOOKUP($A46,TablaTransporte,7,FALSE)),"") -> 2332.35 | N46: =IF(I46>0,J46*L46*I46,"") -> 130460
A47: {=IF(C47<>0,INDEX(CodTransporte,MATCH(C47,Transporte,0),),)} -> T-02 | C47: TRANSPORTE DE MATERIALES | I47: =+(K38/50)*0.035 -> 0.315 | J47: =IF($A47>0,(VLOOKUP($A47,TablaTransporte,6,FALSE)),"") -> 50.85 | K47: =IF($A47>0,(VLOOKUP($A47,TablaTransporte,5,FALSE)),"") -> M3-KM | L47: =IF($A47>0,(VLOOKUP($A47,TablaTransporte,7,FALSE)),"") -> 2332.35 | N47: =IF(I47>0,J47*L47*I47,"") -> 37359
C48: SUBTOTAL $ | N48: =+SUM(N46:N47) -> 167819
C49: IV. MANO DE OBRA
C52: TRABAJADOR | I52: JORNAL | J52: PRESTACIONES | K52: JORNAL TOTAL | L52: RENDIMIENTO | N52: Vr. UNITARIO
A53: {=IF(C53<>0,INDEX(CodMO,MATCH(C53,MO,0),),)} -> M.O-05 | C53: OFICIAL | I53: =IF($A53>0,(VLOOKUP($A53,TablaMO,8,FALSE)),"") -> 125030.17 | J53: =IF($A53>0,(VLOOKUP($A53,TablaMO,10,FALSE)),"") -> 0.67071667 | K53: =IF($A53>0,(VLOOKUP($A53,TablaMO,11,FALSE)),"") -> 208890 | L53: 9 | N53: =IF(L53>0,K53/L53,"") -> 23210
A54: {=IF(C54<>0,INDEX(CodMO,MATCH(C54,MO,0),),)} -> M.O-01 | C54: AYUDANTE 1 | I54: =IF($A54>0,(VLOOKUP($A54,TablaMO,8,FALSE)),"") -> 72503.017 | J54: =IF($A54>0,(VLOOKUP($A54,TablaMO,10,FALSE)),"") -> 0.67071667 | K54: =IF($A54>0,(VLOOKUP($A54,TablaMO,11,FALSE)),"") -> 121132 | L54: =L53 -> 9 | N54: =IF(L54>0,K54/L54,"") -> 13459.111
A55: {=IF(C55<>0,INDEX(CodMO,MATCH(C55,MO,0),),)} -> M.O-02 | C55: AYUDANTE 2 | I55: =IF($A55>0,(VLOOKUP($A55,TablaMO,8,FALSE)),"") -> 72503.017 | J55: =IF($A55>0,(VLOOKUP($A55,TablaMO,10,FALSE)),"") -> 0.67071667 | K55: =IF($A55>0,(VLOOKUP($A55,TablaMO,11,FALSE)),"") -> 121132 | L55: =L53 -> 9 | N55: =IF(L55>0,K55/L55,"") -> 13459.111
A56: {=IF(C56<>0,INDEX(CodMO,MATCH(C56,MO,0),),)} -> 0 | I56: =IF($A56>0,(VLOOKUP($A56,TablaMO,8,FALSE)),"") | J56: =IF($A56>0,(VLOOKUP($A56,TablaMO,10,FALSE)),"") | K56: =IF($A56>0,(VLOOKUP($A56,TablaMO,11,FALSE)),"") | N56: =IF(L56>0,K56/L56,"")
A57: {=IF(C57<>0,INDEX(CodMO,MATCH(C57,MO,0),),)} -> 0 | I57: =IF($A57>0,(VLOOKUP($A57,TablaMO,8,FALSE)),"") | J57: =IF($A57>0,(VLOOKUP($A57,TablaMO,10,FALSE)),"") | K57: =IF($A57>0,(VLOOKUP($A57,TablaMO,11,FALSE)),"") | N57: =IF(L57>0,K57/L57,"")
C58: SUBTOTAL $ | N58: =+SUM(N53:N57) -> 50128.222
C60: TOTAL COSTO DIRECTO $ | N60: =+SUM(N58,N48,N41,N31) -> 861265.7
C61: V. COSTOS INDIRECTOS
C64: Descripción | L64: Porcentaje | N64: Valor Total
C65: ADMINISTRACION | L65: =+Datos!$E$18 -> 0.25 | N65: =+L65*N60 -> 215316.43
C66: IMPREVISTOS | L66: =+Datos!$E$19 -> 0.01 | N66: =+L66*N60 -> 8612.657
C67: UTILIDAD | L67: =+Datos!$E$20 -> 0.05 | N67: =+L67*N60 -> 43063.285
C68: SUBTOTAL $ | N68: =+SUM(N65:N67) -> 266992.37
C70: Precio Unitario Total Aproximado al peso $ | N70: =+ROUND(SUM(N68,N60),0) -> 1128258
D75: Nombre: | J75: Nombre:
D76: Elabora | J76: Interventor:
D77: Matricula No. : | J77: Matricula No. :
E87: =+Datos!$C$9 -> CONSEJO SUPERIOR DE JUDICATURA– DIRECCIÓN EJECUTIVA SECCIONAL DE ADMINISTRACIÓN JUDICIAL DE BUCARAMANGA | L87: VERSIÓN | N87: =Datos!$C$4 -> 1
E89: =Datos!$C$13 -> BGA - 030 - 2026 | L89: PÁGINA
L90: 1 | M90: DE | N90: 1
E91: =Datos!$C$12 -> CONTRATAR EN NOMBRE DE LA NACIÓN– CONSEJO SUPERIOR DE JUDICATURA– DIRECCIÓN EJECUTIVA SECCIONAL DE ADMINISTRACIÓN JUDICIAL DE BUCARAMANGA, MEDIANTE EL SISTEMA DE PRECIOS UNITARIOS FIJOS SIN FORMULA DE REAJUSTE, LA OBRA CIVIL PARA EL REFORZAMIENTO ESTRUCTURAL DE LA SEDE JUDICIAL DE CONFINES SANTANDER, ASÍ COMO LA OBRA ELÉCTRICA, DE ILUMINACIÓN Y DEMÁS REQUERIDAS EN DICHA EDIFICACIÓN, EN LAS CONDICIONES TÉCNICAS, DE CALIDAD Y CANTIDADES EXIGIDAS POR LA ENTIDAD.
L92: FECHA
L93: DD | M93: MM | N93: AAAA
E94: ANALISIS DE PRECIOS UNITARIOS | L94: =+Datos!C89 -> 0 | M94: =+Datos!D89 -> 0 | N94: =+Datos!E89 -> 0
C97: CAPÍTULO: | D97: SUBANÁLISIS DE CONCRETOS Y MORTEROS
C98: SUBCAPÍTULO: | D98: N.A
C101: DATOS ESPECÍFICOS
C103: ÍTEM | D103: DESCRIPCIÓN | L103: UNIDAD | N103: CANTIDAD
C104: N.A | D104: MORTERO 1:4 PREPARADO EN OBRA | L104: M3 | N104: 1
C105: I. EQUIPO
C108: DESCRIPCIÓN | G108: MARCA | I108: TIPO | K108: TARIFA/HORA | L108: RENDIMIENTO | N108: Vr. UNITARIO
C109: HERRAMIENTA MENOR (% M.O) | L109: 0.1 | N109: =+L109*N140 -> 5639.425
A110: {=IF(C110<>0,INDEX(CodEquipos,MATCH(C110,Equipos,0),),)} -> EQ-01 | C110: MEZCLADORA DE CONCRETO 1 BULTO | K110: =IF($A110>0,(VLOOKUP($A110,TablaEquipos,7,FALSE)),"") -> 13833.75 | L110: =+L135/8 -> 1 | N110: =IF(L110>0,K110/L110,"") -> 13833.75
A111: {=IF(C111<>0,INDEX(CodEquipos,MATCH(C111,Equipos,0),),)} -> 0 | K111: =IF($A111>0,(VLOOKUP($A111,TablaEquipos,7,FALSE)),"") | N111: =IF(L111>0,K111/L111,"")
A112: {=IF(C112<>0,INDEX(CodEquipos,MATCH(C112,Equipos,0),),)} -> 0 | K112: =IF($A112>0,(VLOOKUP($A112,TablaEquipos,7,FALSE)),"") | N112: =IF(L112>0,K112/L112,"")
C113: SUBTOTAL $ | N113: =+SUM(N109:N112) -> 19473.175
C114: II. MATERIALES
C117: DESCRIPCIÓN | J117: UNIDAD | K117: CANTIDAD | L117: PRECIO UNIT. | N117: Vr. UNITARIO
A118: {=IF(C118<>0,INDEX(CodMat,MATCH(C118,Materiales,0),),)} -> MAT_C-01 | C118: AGUA | J118: =IF($A118>0,(VLOOKUP($A118,TablaInsumos,5,FALSE)),"") -> LT | K118: 194 | L118: =IF($A118>0,(VLOOKUP($A118,TablaInsumos,7,FALSE)),"") -> 46 | N118: =IF(K118>0,L118*K118,"") -> 8924
A119: {=IF(C119<>0,INDEX(CodMat,MATCH(C119,Materiales,0),),)} -> MAT_C-03 | C119: ARENA GRUESA | J119: =IF($A119>0,(VLOOKUP($A119,TablaInsumos,5,FALSE)),"") -> M3 | K119: 1.16 | L119: =IF($A119>0,(VLOOKUP($A119,TablaInsumos,7,FALSE)),"") -> 86414 | N119: =IF(K119>0,L119*K119,"") -> 100240.24
A120: {=IF(C120<>0,INDEX(CodMat,MATCH(C120,Materiales,0),),)} -> MAT_C-12 | C120: CEMENTO GRIS | J120: =IF($A120>0,(VLOOKUP($A120,TablaInsumos,5,FALSE)),"") -> KG | K120: 375 | L120: =IF($A120>0,(VLOOKUP($A120,TablaInsumos,7,FALSE)),"") -> 1164 | N120: =IF(K120>0,L120*K120,"") -> 436500
J121: =IF($A121>0,(VLOOKUP($A121,TablaInsumos,5,FALSE)),"") | L121: =IF($A121>0,(VLOOKUP($A121,TablaInsumos,7,FALSE)),"") | N121: =IF(K121>0,L121*K121,"")
J122: =IF($A122>0,(VLOOKUP($A122,TablaInsumos,5,FALSE)),"") | L122: =IF($A122>0,(VLOOKUP($A122,TablaInsumos,7,FALSE)),"") | N122: =IF(K122>0,L122*K122,"")
C123: SUBTOTAL $ | N123: =+SUM(N118:N122) -> 545664.24
C124: III. TRANSPORTES
C127: MATERIAL | I127: VOL. o PESO | J127: DISTANCIA | K127: M3 o Ton/Km | L127: TARIFA | N127: Vr. UNITARIO
A128: {=IF(C128<>0,INDEX(CodTransporte,MATCH(C128,Transporte,0),),)} -> T-03 | C128: TRANSPORTE DE AGREGADOS | I128: =+K119 -> 1.16 | J128: =IF($A128>0,(VLOOKUP($A128,TablaTransporte,6,FALSE)),"") -> 50.85 | K128: =IF($A128>0,(VLOOKUP($A128,TablaTransporte,5,FALSE)),"") -> M3-KM | L128: =IF($A128>0,(VLOOKUP($A128,TablaTransporte,7,FALSE)),"") -> 2332.35 | N128: =IF(I128>0,J128*L128*I128,"") -> 137576
A129: {=IF(C129<>0,INDEX(CodTransporte,MATCH(C129,Transporte,0),),)} -> T-02 | C129: TRANSPORTE DE MATERIALES | I129: =+(K120/50)*0.035 -> 0.2625 | J129: =IF($A129>0,(VLOOKUP($A129,TablaTransporte,6,FALSE)),"") -> 50.85 | K129: =IF($A129>0,(VLOOKUP($A129,TablaTransporte,5,FALSE)),"") -> M3-KM | L129: =IF($A129>0,(VLOOKUP($A129,TablaTransporte,7,FALSE)),"") -> 2332.35 | N129: =IF(I129>0,J129*L129*I129,"") -> 31132.5
C130: SUBTOTAL $ | N130: =+SUM(N128:N129) -> 168708.5
C131: IV. MANO DE OBRA
C134: TRABAJADOR | I134: JORNAL | J134: PRESTACIONES | K134: JORNAL TOTAL | L134: RENDIMIENTO | N134: Vr. UNITARIO
A135: {=IF(C135<>0,INDEX(CodMO,MATCH(C135,MO,0),),)} -> M.O-05 | C135: OFICIAL | I135: =IF($A135>0,(VLOOKUP($A135,TablaMO,8,FALSE)),"") -> 125030.17 | J135: =IF($A135>0,(VLOOKUP($A135,TablaMO,10,FALSE)),"") -> 0.67071667 | K135: =IF($A135>0,(VLOOKUP($A135,TablaMO,11,FALSE)),"") -> 208890 | L135: 8 | N135: =IF(L135>0,K135/L135,"") -> 26111.25
A136: {=IF(C136<>0,INDEX(CodMO,MATCH(C136,MO,0),),)} -> M.O-01 | C136: AYUDANTE 1 | I136: =IF($A136>0,(VLOOKUP($A136,TablaMO,8,FALSE)),"") -> 72503.017 | J136: =IF($A136>0,(VLOOKUP($A136,TablaMO,10,FALSE)),"") -> 0.67071667 | K136: =IF($A136>0,(VLOOKUP($A136,TablaMO,11,FALSE)),"") -> 121132 | L136: =L135 -> 8 | N136: =IF(L136>0,K136/L136,"") -> 15141.5
A137: {=IF(C137<>0,INDEX(CodMO,MATCH(C137,MO,0),),)} -> M.O-02 | C137: AYUDANTE 2 | I137: =IF($A137>0,(VLOOKUP($A137,TablaMO,8,FALSE)),"") -> 72503.017 | J137: =IF($A137>0,(VLOOKUP($A137,TablaMO,10,FALSE)),"") -> 0.67071667 | K137: =IF($A137>0,(VLOOKUP($A137,TablaMO,11,FALSE)),"") -> 121132 | L137: =L135 -> 8 | N137: =IF(L137>0,K137/L137,"") -> 15141.5
A138: {=IF(C138<>0,INDEX(CodMO,MATCH(C138,MO,0),),)} -> 0 | I138: =IF($A138>0,(VLOOKUP($A138,TablaMO,8,FALSE)),"") | J138: =IF($A138>0,(VLOOKUP($A138,TablaMO,10,FALSE)),"") | K138: =IF($A138>0,(VLOOKUP($A138,TablaMO,11,FALSE)),"") | N138: =IF(L138>0,K138/L138,"")
A139: {=IF(C139<>0,INDEX(CodMO,MATCH(C139,MO,0),),)} -> 0 | I139: =IF($A139>0,(VLOOKUP($A139,TablaMO,8,FALSE)),"") | J139: =IF($A139>0,(VLOOKUP($A139,TablaMO,10,FALSE)),"") | K139: =IF($A139>0,(VLOOKUP($A139,TablaMO,11,FALSE)),"") | N139: =IF(L139>0,K139/L139,"")
C140: SUBTOTAL $ | N140: =+SUM(N135:N139) -> 56394.25
C142: TOTAL COSTO DIRECTO $ | N142: =+SUM(N140,N130,N123,N113) -> 790240.17
C143: V. COSTOS INDIRECTOS
C146: Descripción | L146: Porcentaje | N146: Valor Total
C147: ADMINISTRACION | L147: =+Datos!$E$18 -> 0.25 | N147: =+L147*N142 -> 197560.04
C148: IMPREVISTOS | L148: =+Datos!$E$19 -> 0.01 | N148: =+L148*N142 -> 7902.4017
C149: UTILIDAD | L149: =+Datos!$E$20 -> 0.05 | N149: =+L149*N142 -> 39512.008
C150: SUBTOTAL $ | N150: =+SUM(N147:N149) -> 244974.45
C152: Precio Unitario Total Aproximado al peso $ | N152: =+ROUND(SUM(N150,N142),0) -> 1035215
...

Sheet Cantidades
B2: I. MURO DE CONTENCIÓN
B5: MEMORIA DE CÁLCULO DE CANTIDADES
B8: No. CONTRATO | D8: =Datos!$C$13 -> BGA - 030 - 2026 | E8: ELABORÓ | L8: FECHA:
B9: OBJETO: | D9: =Datos!$C$12 -> CONTRATAR EN NOMBRE DE LA NACIÓN– CONSEJO SUPERIOR DE JUDICATURA– DIRECCIÓN EJECUTIVA SECCIONAL DE ADMINISTRACIÓN JUDICIAL DE BUCARAMANGA, MEDIANTE EL SISTEMA DE PRECIOS UNITARIOS FIJOS SIN FORMULA DE REAJUSTE, LA OBRA CIVIL PARA EL REFORZAMIENTO ESTRUCTURAL DE LA SEDE JUDICIAL DE CONFINES SANTANDER, ASÍ COMO LA OBRA ELÉCTRICA, DE ILUMINACIÓN Y DEMÁS REQUERIDAS EN DICHA EDIFICACIÓN, EN LAS CONDICIONES TÉCNICAS, DE CALIDAD Y CANTIDADES EXIGIDAS POR LA ENTIDAD.
B10: CONTRATISTA | D10: =Datos!$C$27 -> SASERCO SAS | L10: UBICACIÓN | N10: =Datos!$C$14 -> CONFINES, SANTANDER
B12: ITEM | C12: M_1.1 | D12: =+VLOOKUP(C12,ListaAct,4,FALSE) -> #N/A | J12: U.M | K12: =+VLOOKUP(C12,ListaAct,5,FALSE) -> #N/A | L12: UBICACIÓN | M12: =Datos!$C$14 -> CONFINES, SANTANDER
B13: LOCALIZACIÓN / ESQUEMA | G13: ID. | H13: DESCRIPCIÓN | K13: DIMENSIONES | O13: TOTAL
K14: Base [m] | L14: Long. [m] | M14: Profund [m] | N14: -
G15: 1
G16: 2 | O16: =+PRODUCT(K16:N16) -> 0
G17: 3 | O17: =+PRODUCT(K17:N17) -> 0
G18: 4 | O18: =+PRODUCT(K18:N18) -> 0
G19: 5 | O19: =+PRODUCT(K19:N19) -> 0
G20: 6 | O20: =+PRODUCT(K20:N20) -> 0
G21: 7 | O21: =+PRODUCT(K21:N21) -> 0
G22: 8 | O22: =+PRODUCT(K22:N22) -> 0
G23: 9 | O23: =+PRODUCT(K23:N23) -> 0
G24: 10 | O24: =+PRODUCT(K24:N24) -> 0
G25: 11 | O25: =+PRODUCT(K25:N25) -> 0
G26: 12 | O26: =+PRODUCT(K26:N26) -> 0
G27: 13 | O27: =+PRODUCT(K27:N27) -> 0
... G38: 24 | O38: =+PRODUCT(K38:N38) -> 0
G39: SUBTOTAL | O39: =+ROUND(SUM(O15:O38),2) -> 0
G40: DESPERDICIO | O40: 0
G41: CANTIDAD TOTAL ACUMULADA | O41: =+ROUND(SUM(O39:O40),2) -> 0
B43: OBSERVACIONES:
B48: _________________________ | L48: _________________________
B49: Consultor | L49: Interventoría

Sheet APU
A1: CÓDIGOS:
E3: =Datos!$C$9 -> CONSEJO SUPERIOR DE JUDICATURA– DIRECCIÓN EJECUTIVA SECCIONAL DE ADMINISTRACIÓN JUDICIAL DE BUCARAMANGA | L3: VERSIÓN | N3: 1
E5: =Datos!$C$13 -> BGA - 030 - 2026 | L5: PÁGINA
E6: =Datos!$C$12 -> CONTRATAR EN NOMBRE DE LA NACIÓN– CONSEJO SUPERIOR DE JUDICATURA– DIRECCIÓN EJECUTIVA SECCIONAL DE ADMINISTRACIÓN JUDICIAL DE BUCARAMANGA, MEDIANTE EL SISTEMA DE PRECIOS UNITARIOS FIJOS SIN FORMULA DE REAJUSTE, LA OBRA CIVIL PARA EL REFORZAMIENTO ESTRUCTURAL DE LA SEDE JUDICIAL DE CONFINES SANTANDER, ASÍ COMO LA OBRA ELÉCTRICA, DE ILUMINACIÓN Y DEMÁS REQUERIDAS EN DICHA EDIFICACIÓN, EN LAS CONDICIONES TÉCNICAS, DE CALIDAD Y CANTIDADES EXIGIDAS POR LA ENTIDAD. | L6: 1 | M6: DE | N6: 1
L8: FECHA
L9: DD | M9: MM | N9: AAAA
E10: ANALISIS DE PRECIOS UNITARIOS | L10: =Datos!$C$7 -> 19 | M10: =Datos!$D$7 -> 6 | N10: =Datos!$E$7 -> 2026
C13: CAPÍTULO: | D13: =VLOOKUP(C18,ListaAct,2,0) -> OBRA CIVIL
C14: SUBCAPÍTULO: | D14: =VLOOKUP(C18,ListaAct,3,0) -> PRELIMINARES
C15: DATOS ESPECÍFICOS
C17: ÍTEM | D17: DESCRIPCIÓN | L17: UNIDAD | N17: CANTIDAD
C18: 1.1 | D18: =IF($C18>0,(VLOOKUP($C18,ListaAct,4,FALSE)),"") -> Localizacion y replanteo | L18: =IF($C18>0,(VLOOKUP($C18,ListaAct,5,FALSE)),"") -> m2 | N18: =IF($C18>0,(VLOOKUP($C18,ListaAct,6,FALSE)),"") -> 130
C19: I. EQUIPO
C22: DESCRIPCIÓN | G22: MARCA | I22: TIPO | K22: TARIFA | L22: RENDIMIENTO | N22: Vr. UNITARIO
C23: HERRAMIENTA MENOR (% M.O) | L23: 0.05 | N23: =+L23*N62 -> 42.106942
A24: {=IF(C24<>0,INDEX(CodEquipos,MATCH(C24,Equipos,0),),)} -> EQ-02 | C24: EQUIPOS COMPLETO DE TOPOGRAFIA | I24: DIA | K24: =IF($A24>0,(VLOOKUP($A24,TablaEquipos,7,FALSE)),"") -> 150000 | L24: =+L57/8 -> 63.459103 | N24: =IF(L24>0,K24/L24,"") -> 2363.7271
A25: {=IF(C25<>0,INDEX(CodEquipos,MATCH(C25,Equipos,0),),)} -> 0 | K25: =IF($A25>0,(VLOOKUP($A25,TablaEquipos,7,FALSE)),"") | N25: =IF(L25>0,K25/L25,"")
A26: {=IF(C26<>0,INDEX(CodEquipos,MATCH(C26,Equipos,0),),)} -> 0
A27: {=IF(C27<>0,INDEX(CodEquipos,MATCH(C27,Equipos,0),),)} -> 0 | K27: =IF($A27>0,(VLOOKUP($A27,TablaEquipos,7,FALSE)),"") | N27: =IF(L27>0,K27/L27,"")
A28: {=IF(C28<>0,INDEX(CodEquipos,MATCH(C28,Equipos,0),),)} -> 0 | K28: =IF($A28>0,(VLOOKUP($A28,TablaEquipos,7,FALSE)),"") | N28: =IF(L28>0,K28/L28,"")
C29: SUBTOTAL $ | N29: =+SUM(N23:N28) -> 2405.834
C30: II. MATERIALES
C33: DESCRIPCIÓN | J33: UNIDAD | K33: CANTIDAD | L33: PRECIO UNIT. | N33: Vr. UNITARIO
A34: {=IF(C34<>0,INDEX(CodMat,MATCH(C34,Materiales,0),),)} -> MAT_C-31 | C34: ESTACA MADERA COMUN (INCLUYE DESPERDICIO 5%) | J34: =IF($A34>0,(VLOOKUP($A34,TablaInsumos,5,FALSE)),"") -> UND | K34: 0.33 | L34: =IF($A34>0,(VLOOKUP($A34,TablaInsumos,7,FALSE)),"") -> 9085 | N34: =IF(K34>0,L34*K34,"") -> 2998.05
A35: {=IF(C35<>0,INDEX(CodMat,MATCH(C35,Materiales,0),),)} -> MAT_C-37 | C35: HILO CONSTRUCCION | J35: =IF($A35>0,(VLOOKUP($A35,TablaInsumos,5,FALSE)),"") -> ML | K35: 1.5 | L35: =IF($A35>0,(VLOOKUP($A35,TablaInsumos,7,FALSE)),"") -> 71 | N35: =IF(K35>0,L35*K35,"") -> 106.5
A36: {=IF(C36<>0,INDEX(CodMat,MATCH(C36,Materiales,0),),)} -> MAT_C-49 | C36: PUNTILLA 3" | J36: =IF($A36>0,(VLOOKUP($A36,TablaInsumos,5,FALSE)),"") -> LIBRA | K36: 0.05 | L36: =IF($A36>0,(VLOOKUP($A36,TablaInsumos,7,FALSE)),"") -> 5100 | N36: =IF(K36>0,L36*K36,"") -> 255
A37: {=IF(C37<>0,INDEX(CodMat,MATCH(C37,Materiales,0),),)} -> 0 | J37: =IF($A37>0,(VLOOKUP($A37,TablaInsumos,5,FALSE)),"") | L37: =IF($A37>0,(VLOOKUP($A37,TablaInsumos,7,FALSE)),"") | N37: =IF(K37>0,L37*K37,"")
A38: {=IF(C38<>0,INDEX(CodMat,MATCH(C38,Materiales,0),),)} -> 0 | J38: =IF($A38>0,(VLOOKUP($A38,TablaInsumos,5,FALSE)),"") | L38: =IF($A38>0,(VLOOKUP($A38,TablaInsumos,7,FALSE)),"") | N38: =IF(K38>0,L38*K38,"")
A39: {=IF(C39<>0,INDEX(CodMat,MATCH(C39,Materiales,0),),)} -> 0 | J39: =IF($A39>0,(VLOOKUP($A39,TablaInsumos,5,FALSE)),"") | L39: =IF($A39>0,(VLOOKUP($A39,TablaInsumos,7,FALSE)),"") | N39: =IF(K39>0,L39*K39,"")
A40: {=IF(C40<>0,INDEX(CodMat,MATCH(C40,Materiales,0),),)} -> 0 | J40: =IF($A40>0,(VLOOKUP($A40,TablaInsumos,5,FALSE)),"") | L40: =IF($A40>0,(VLOOKUP($A40,TablaInsumos,7,FALSE)),"") | N40: =IF(K40>0,L40*K40,"")
A41: {=IF(C41<>0,INDEX(CodMat,MATCH(C41,Materiales,0),),)} -> 0 | J41: =IF($A41>0,(VLOOKUP($A41,TablaInsumos,5,FALSE)),"") | L41: =IF($A41>0,(VLOOKUP($A41,TablaInsumos,7,FALSE)),"") | N41: =IF(K41>0,L41*K41,"")
C42: SUBTOTAL $ | N42: =+SUM(N34:N41) -> 3359.55
C43: III. TRANSPORTES
C46: MATERIAL | I46: VOL. o PESO | J46: DISTANCIA | K46: M3 o Ton/Km | L46: TARIFA | N46: Vr. UNITARIO
A47: {=IF(C47<>0,INDEX(CodTransporte,MATCH(C47,Transporte,0),),)} -> 0 | J47: =IF($A47>0,(VLOOKUP($A47,TablaTransporte,6,FALSE)),"") | K47: =IF($A47>0,(VLOOKUP($A47,TablaTransporte,5,FALSE)),"") | L47: =IF($A47>0,(VLOOKUP($A47,TablaTransporte,7,FALSE)),"") | N47: =IF(I47>0,J47*L47*I47,"")
A48: {=IF(C48<>0,INDEX(CodTransporte,MATCH(C48,Transporte,0),),)} -> 0 | J48: =IF($A48>0,(VLOOKUP($A48,TablaTransporte,6,FALSE)),"") | K48: =IF($A48>0,(VLOOKUP($A48,TablaTransporte,5,FALSE)),"") | L48: =IF($A48>0,(VLOOKUP($A48,TablaTransporte,7,FALSE)),"") | N48: =IF(I48>0,J48*L48*I48,"")
A49: {=IF(C49<>0,INDEX(CodTransporte,MATCH(C49,Transporte,0),),)} -> 0 | J49: =IF($A49>0,(VLOOKUP($A49,TablaTransporte,6,FALSE)),"") | K49: =IF($A49>0,(VLOOKUP($A49,TablaTransporte,5,FALSE)),"") | L49: =IF($A49>0,(VLOOKUP($A49,TablaTransporte,7,FALSE)),"") | N49: =IF(I49>0,J49*L49*I49,"")
A50: {=IF(C50<>0,INDEX(CodTransporte,MATCH(C50,Transporte,0),),)} -> 0 | J50: =IF($A50>0,(VLOOKUP($A50,TablaTransporte,6,FALSE)),"") | K50: =IF($A50>0,(VLOOKUP($A50,TablaTransporte,5,FALSE)),"") | L50: =IF($A50>0,(VLOOKUP($A50,TablaTransporte,7,FALSE)),"") | N50: =IF(I50>0,J50*L50*I50,"")
A51: {=IF(C51<>0,INDEX(CodTransporte,MATCH(C51,Transporte,0),),)} -> 0 | J51: =IF($A51>0,(VLOOKUP($A51,TablaTransporte,6,FALSE)),"") | K51: =IF($A51>0,(VLOOKUP($A51,TablaTransporte,5,FALSE)),"") | L51: =IF($A51>0,(VLOOKUP($A51,TablaTransporte,7,FALSE)),"") | N51: =IF(I51>0,J51*L51*I51,"")
C52: SUBTOTAL $ | N52: =+SUM(N47:N51) -> 0
C53: IV. MANO DE OBRA
C56: TRABAJADOR | I56: JORNAL | J56: PRESTACIONES | K56: JORNAL TOTAL | L56: RENDIMIENTO | N56: Vr. UNITARIO
A57: {=IF(C57<>0,INDEX(CodMO,MATCH(C57,MO,0),),)} -> M.O-12 | C57: TOPÓGRAFO | I57: =IF($A57>0,(VLOOKUP($A57,TablaMO,8,FALSE)),"") -> 183393.67 | J57: =IF($A57>0,(VLOOKUP($A57,TablaMO,10,FALSE)),"") -> 0.67071667 | K57: =IF($A57>0,(VLOOKUP($A57,TablaMO,11,FALSE)),"") -> 306399 | L57: 507.67283 | N57: =IF(L57>0,K57/L57,"") -> 603.53634
A58: {=IF(C58<>0,INDEX(CodMO,MATCH(C58,MO,0),),)} -> M.O-01 | C58: AYUDANTE 1 | I58: =IF($A58>0,(VLOOKUP($A58,TablaMO,8,FALSE)),"") -> 72503.017 | J58: =IF($A58>0,(VLOOKUP($A58,TablaMO,10,FALSE)),"") -> 0.67071667 | K58: =IF($A58>0,(VLOOKUP($A58,TablaMO,11,FALSE)),"") -> 121132 | L58: =L57 -> 507.67283 | N58: =IF(L58>0,K58/L58,"") -> 238.60249
A59: {=IF(C59<>0,INDEX(CodMO,MATCH(C59,MO,0),),)} -> M.O-05 | C59: OFICIAL | I59: =IF($A59>0,(VLOOKUP($A59,TablaMO,8,FALSE)),"") -> 125030.17 | J59: =IF($A59>0,(VLOOKUP($A59,TablaMO,10,FALSE)),"") -> 0.67071667 | K59: =IF($A59>0,(VLOOKUP($A59,TablaMO,11,FALSE)),"") -> 208890 | N59: =IF(L59>0,K59/L59,"")
A60: {=IF(C60<>0,INDEX(CodMO,MATCH(C60,MO,0),),)} -> 0 | I60: =IF($A60>0,(VLOOKUP($A60,TablaMO,8,FALSE)),"") | J60: =IF($A60>0,(VLOOKUP($A60,TablaMO,10,FALSE)),"") | K60: =IF($A60>0,(VLOOKUP($A60,TablaMO,11,FALSE)),"") | N60: =IF(L60>0,K60/L60,"")
A61: {=IF(C61<>0,INDEX(CodMO,MATCH(C61,MO,0),),)} -> 0 | I61: =IF($A61>0,(VLOOKUP($A61,TablaMO,8,FALSE)),"") | J61: =IF($A61>0,(VLOOKUP($A61,TablaMO,10,FALSE)),"") | K61: =IF($A61>0,(VLOOKUP($A61,TablaMO,11,FALSE)),"") | N61: =IF(L61>0,K61/L61,"")
C62: SUBTOTAL $ | N62: =+SUM(N57:N61) -> 842.13883
C64: TOTAL COSTO DIRECTO $ | N64: =ROUND(SUM(N62,N52,N42,N29),0) -> 6608 | Q64: 6608 | R64: =Q64-N64 -> 0
C65: V. COSTOS INDIRECTOS
C68: Descripción | L68: Porcentaje | N68: Valor Total
C69: ADMINISTRACION | L69: =+Datos!$E$18 -> 0.25 | N69: =+L69*N64 -> 1652
C70: IMPREVISTOS | L70: =+Datos!$E$19 -> 0.01 | N70: =+L70*N64 -> 66.08
C71: UTILIDAD | L71: =+Datos!$E$20 -> 0.05 | N71: =+L71*N64 -> 330.4
C72: SUBTOTAL $ | N72: =+SUM(N69:N71) -> 2048.48
C74: Precio Unitario Total Aproximado al peso $ | N74: =+ROUND(SUM(N72,N64),0) -> 8656
D75: Nombre: | J75: Nombre:
D76: Elabora | J76: Interventor:
D77: Matricula No. : | J77: Matricula No. :
A87: CÓDIGOS:
E89: =Datos!$C$9 -> CONSEJO SUPERIOR DE JUDICATURA– DIRECCIÓN EJECUTIVA SECCIONAL DE ADMINISTRACIÓN JUDICIAL DE BUCARAMANGA | L89: VERSIÓN | N89: 1
E91: =Datos!$C$13 -> BGA - 030 - 2026 | L91: PÁGINA
E92: =Datos!$C$12 -> CONTRATAR EN NOMBRE DE LA NACIÓN– CONSEJO SUPERIOR DE JUDICATURA– DIRECCIÓN EJECUTIVA SECCIONAL DE ADMINISTRACIÓN JUDICIAL DE BUCARAMANGA, MEDIANTE EL SISTEMA DE PRECIOS UNITARIOS FIJOS SIN FORMULA DE REAJUSTE, LA OBRA CIVIL PARA EL REFORZAMIENTO ESTRUCTURAL DE LA SEDE JUDICIAL DE CONFINES SANTANDER, ASÍ COMO LA OBRA ELÉCTRICA, DE ILUMINACIÓN Y DEMÁS REQUERIDAS EN DICHA EDIFICACIÓN, EN LAS CONDICIONES TÉCNICAS, DE CALIDAD Y CANTIDADES EXIGIDAS POR LA ENTIDAD. | L92: 1 | M92: DE | N92: 1
L94: FECHA
L95: DD | M95: MM | N95: AAAA
E96: ANALISIS DE PRECIOS UNITARIOS | L96: =Datos!$C$7 -> 19 | M96: =Datos!$D$7 -> 6 | N96: =Datos!$E$7 -> 2026
C99: CAPÍTULO: | D99: =VLOOKUP(C104,ListaAct,2,0) -> OBRA CIVIL
C100: SUBCAPÍTULO: | D100: =VLOOKUP(C104,ListaAct,3,0) -> PRELIMINARES
C101: DATOS ESPECÍFICOS
C103: ÍTEM | D103: DESCRIPCIÓN | L103: UNIDAD | N103: CANTIDAD
C104: 1.2 | D104: =IF($C104>0,(VLOOKUP($C104,ListaAct,4,FALSE)),"") -> Instalacion de plastico negro para proteger construcción | L104: =IF($C104>0,(VLOOKUP($C104,ListaAct,5,FALSE)),"") -> m2 | N104: =IF($C104>0,(VLOOKUP($C104,ListaAct,6,FALSE)),"") -> 60
C105: I. EQUIPO
C108: DESCRIPCIÓN | G108: MARCA | I108: TIPO | K108: TARIFA | L108: RENDIMIENTO | N108: Vr. UNITARIO
C109: HERRAMIENTA MENOR (% M.O) | L109: 0.05 | N109: =+L109*N148 -> 232.97976
A110: {=IF(C110<>0,INDEX(CodEquipos,MATCH(C110,Equipos,0),),)} -> 0 | K110: =IF($A110>0,(VLOOKUP($A110,TablaEquipos,7,FALSE)),"") | N110: =IF(L110>0,K110/L110,"")
A111: {=IF(C111<>0,INDEX(CodEquipos,MATCH(C111,Equipos,0),),)} -> 0 | K111: =IF($A111>0,(VLOOKUP($A111,TablaEquipos,7,FALSE)),"") | N111: =IF(L111>0,K111/L111,"")
A112: {=IF(C112<>0,INDEX(CodEquipos,MATCH(C112,Equipos,0),),)} -> 0
A113: {=IF(C113<>0,INDEX(CodEquipos,MATCH(C113,Equipos,0),),)} -> 0 | K113: =IF($A113>0,(VLOOKUP($A113,TablaEquipos,7,FALSE)),"") | N113: =IF(L113>0,K113/L113,"")
A114: {=IF(C114<>0,INDEX(CodEquipos,MATCH(C114,Equipos,0),),)} -> 0 | K114: =IF($A114>0,(VLOOKUP($A114,TablaEquipos,7,FALSE)),"") | N114: =IF(L114>0,K114/L114,"")
C115: SUBTOTAL $ | N115: =+SUM(N109:N114) -> 232.97976
C116: II. MATERIALES
C119: DESCRIPCIÓN | J119: UNIDAD | K119: CANTIDAD | L119: PRECIO UNIT. | N119: Vr. UNITARIO
A120: {=IF(C120<>0,INDEX(CodMat,MATCH(C120,Materiales,0),),)} -> MAT_C-39 | C120: PLASTICO X ROLLO 100 METROS (4M ANCHO X 100 M LARGO CALIBRE 4MM) | J120: =IF($A120>0,(VLOOKUP($A120,TablaInsumos,5,FALSE)),"") -> UND | K120: 0.0105 | L120: =IF($A120>0,(VLOOKUP($A120,TablaInsumos,7,FALSE)),"") -> 467000 | N120: =IF(K120>0,L120*K120,"") -> 4903.5
A121: {=IF(C121<>0,INDEX(CodMat,MATCH(C121,Materiales,0),),)} -> MAT_C-50 | C121: CUTER O BISTURI DE CORTE | J121: =IF($A121>0,(VLOOKUP($A121,TablaInsumos,5,FALSE)),"") -> UND | K121: 0.01 | L121: =IF($A121>0,(VLOOKUP($A121,TablaInsumos,7,FALSE)),"") -> 5101 | N121: =IF(K121>0,L121*K121,"") -> 51.01
A122: {=IF(C122<>0,INDEX(CodMat,MATCH(C122,Materiales,0),),)} -> MAT_C-51 | C122: REGLETA LARGA TIPO ANGULO | J122: =IF($A122>0,(VLOOKUP($A122,TablaInsumos,5,FALSE)),"") -> UND | K122: 0.01 | L122: =IF($A122>0,(VLOOKUP($A122,TablaInsumos,7,FALSE)),"") -> 39900 | N122: =IF(K122>0,L122*K122,"") -> 399
A123: {=IF(C123<>0,INDEX(CodMat,MATCH(C123,Materiales,0),),)} -> MAT_C-52 | C123: ELEMENTOS DE SUJECION | J123: =IF($A123>0,(VLOOKUP($A123,TablaInsumos,5,FALSE)),"") -> UND | K123: 1 | L123: =IF($A123>0,(VLOOKUP($A123,TablaInsumos,7,FALSE)),"") -> 250 | N123: =IF(K123>0,L123*K123,"") -> 250
A124: {=IF(C124<>0,INDEX(CodMat,MATCH(C124,Materiales,0),),)} -> 0 | J124: =IF($A124>0,(VLOOKUP($A124,TablaInsumos,5,FALSE)),"") | L124: =IF($A124>0,(VLOOKUP($A124,TablaInsumos,7,FALSE)),"") | N124: =IF(K124>0,L124*K124,"")
A125: {=IF(C125<>0,INDEX(CodMat,MATCH(C125,Materiales,0),),)} -> 0 | J125: =IF($A125>0,(VLOOKUP($A125,TablaInsumos,5,FALSE)),"") | L125: =IF($A125>0,(VLOOKUP($A125,TablaInsumos,7,FALSE)),"") | N125: =IF(K125>0,L125*K125,"")
A126: {=IF(C126<>0,INDEX(CodMat,MATCH(C126,Materiales,0),),)} -> 0 | J126: =IF($A126>0,(VLOOKUP($A126,TablaInsumos,5,FALSE)),"") | L126: =IF($A126>0,(VLOOKUP($A126,TablaInsumos,7,FALSE)),"") | N126: =IF(K126>0,L126*K126,"")
A127: {=IF(C127<>0,INDEX(CodMat,MATCH(C127,Materiales,0),),)} -> 0 | J127: =IF($A127>0,(VLOOKUP($A127,TablaInsumos,5,FALSE)),"") | L127: =IF($A127>0,(VLOOKUP($A127,TablaInsumos,7,FALSE)),"") | N127: =IF(K127>0,L127*K127,"")
C128: SUBTOTAL $ | N128: =+SUM(N120:N127) -> 5603.51
C129: III. TRANSPORTES
C132: MATERIAL | I132: VOL. o PESO | J132: DISTANCIA | K132: M3 o Ton/Km | L132: TARIFA | N132: Vr. UNITARIO
A133: {=IF(C133<>0,INDEX(CodTransporte,MATCH(C133,Transporte,0),),)} -> 0 | J133: =IF($A133>0,(VLOOKUP($A133,TablaTransporte,6,FALSE)),"") | K133: =IF($A133>0,(VLOOKUP($A133,TablaTransporte,5,FALSE)),"") | L133: =IF($A133>0,(VLOOKUP($A133,TablaTransporte,7,FALSE)),"") | N133: =IF(I133>0,J133*L133*I133,"")
A134: {=IF(C134<>0,INDEX(CodTransporte,MATCH(C134,Transporte,0),),)} -> 0 | J134: =IF($A134>0,(VLOOKUP($A134,TablaTransporte,6,FALSE)),"") | K134: =IF($A134>0,(VLOOKUP($A134,TablaTransporte,5,FALSE)),"") | L134: =IF($A134>0,(VLOOKUP($A134,TablaTransporte,7,FALSE)),"") | N134: =IF(I134>0,J134*L134*I134,"")
A135: {=IF(C135<>0,INDEX(CodTransporte,MATCH(C135,Transporte,0),),)} -> 0 | J135: =IF($A135>0,(VLOOKUP($A135,TablaTransporte,6,FALSE)),"") | K135: =IF($A135>0,(VLOOKUP($A135,TablaTransporte,5,FALSE)),"") | L135: =IF($A135>0,(VLOOKUP($A135,TablaTransporte,7,FALSE)),"") | N135: =IF(I135>0,J135*L135*I135,"")
A136: {=IF(C136<>0,INDEX(CodTransporte,MATCH(C136,Transporte,0),),)} -> 0 | J136: =IF($A136>0,(VLOOKUP($A136,TablaTransporte,6,FALSE)),"") | K136: =IF($A136>0,(VLOOKUP($A136,TablaTransporte,5,FALSE)),"") | L136: =IF($A136>0,(VLOOKUP($A136,TablaTransporte,7,FALSE)),"") | N136: =IF(I136>0,J136*L136*I136,"")
A137: {=IF(C137<>0,INDEX(CodTransporte,MATCH(C137,Transporte,0),),)} -> 0 | J137: =IF($A137>0,(VLOOKUP($A137,TablaTransporte,6,FALSE)),"") | K137: =IF($A137>0,(VLOOKUP($A137,TablaTransporte,5,FALSE)),"") | L137: =IF($A137>0,(VLOOKUP($A137,TablaTransporte,7,FALSE)),"") | N137: =IF(I137>0,J137*L137*I137,"")
C138: SUBTOTAL $ | N138: =+SUM(N133:N137) -> 0
C139: IV. MANO DE OBRA
...

Sheet Cronograma
C2: =Datos!C9 -> CONSEJO SUPERIOR DE JUDICATURA– DIRECCIÓN EJECUTIVA SECCIONAL DE ADMINISTRACIÓN JUDICIAL DE BUCARAMANGA | K2: VERSIÓN | M2: 1
C4: =Datos!C13 -> BGA - 030 - 2026 | K4: PÁGINA
C5: =Datos!C12 -> CONTRATAR EN NOMBRE DE LA NACIÓN– CONSEJO SUPERIOR DE JUDICATURA– DIRECCIÓN EJECUTIVA SECCIONAL DE ADMINISTRACIÓN JUDICIAL DE BUCARAMANGA, MEDIANTE EL SISTEMA DE PRECIOS UNITARIOS FIJOS SIN FORMULA DE REAJUSTE, LA OBRA CIVIL PARA EL REFORZAMIENTO ESTRUCTURAL DE LA SEDE JUDICIAL DE CONFINES SANTANDER, ASÍ COMO LA OBRA ELÉCTRICA, DE ILUMINACIÓN Y DEMÁS REQUERIDAS EN DICHA EDIFICACIÓN, EN LAS CONDICIONES TÉCNICAS, DE CALIDAD Y CANTIDADES EXIGIDAS POR LA ENTIDAD. | K5: 1 | L5: DE | M5: 1
K7: FECHA
K8: DD | L8: MM | M8: AAAA
C9: CRONOGRAMA DE ACTIVIDADES | K9: =Datos!C7 -> 19 | L9: =Datos!D7 -> 6 | M9: =Datos!E7 -> 2026
B14: ÍTEM | C14: DESCRIPCIÓN | D14: U.M. | E14: CANTIDAD | F14: MES JUNIO 2026 | G14: MES JULIO 2026 | L14: MES AGOSTO 2026 | P14: MES SEPTIEMBRE 2026 | T14: MES OCTUBRE 2026 | Y14: MES NOVIEMBRE 2026
C15: I. OBRA CIVIL SEDE JUDICIAL CONFINES | F15: SEM 22-28 | G15: SEM 29-5 JULIO | H15: SEM 6-12 | I15: SEM 13-19 | J15: SEM 20-26 | K15: SEM 27-2 | L15: SEM 3-9 | M15: SEM 10-16 | N15: SEM 17 - 23 | O15: SEM 24-30 | P15: SEM 31-6 | Q15: SEM 7-13 | R15: SEM 14-20 | S15: SEM 21-27 | T15: SEM 28-4 | U15: SEM 5-11 | V15: SEM 12-18 | W15: SEM 19-25 | X15: SEM 26-1 | Y15: SEM 2-8 | Z15: SEM 8-11
C16: PRELIMINARES
B17: 1.1 | C17: Localizacion y replanteo | D17: m2 | E17: =130 -> 130
B18: 1.2 | C18: Instalacion de plastico negro para proteger construcción | D18: m2 | E18: =60 -> 60
B19: 1.3 | C19: Instalación durante la obra de cerramiento en polisombra sostenido con madera resistente apoyada en recipiente pesado no anclado al piso a una altura de 3.0 mts alrededor del juzgado separada 1,50 mts de las fachadas. | D19: ml | E19: =39.5 -> 39.5
C20: DEMOLICIONES, DESCAPOTES Y RETIROS
B21: 2.1 | C21: Demolición de placa de concreto e=0,10 mts zona norte. | D21: m2 | E21: =4.51 -> 4.51
B22: 2.2 | C22: Demolición de pañete en mortero comun muros norte, sur y occidente en bahareque y tapia pisada interno y externo. | D22: m2 | E22: =161.35 -> 161.35
B23: 2.3 | C23: Retiro de maleza en la zona norte del juzgado. | D23: m2 | E23: =8.5 -> 8.5
B24: 2.4 | C24: Desmonte de voladizo fachadas sur . Conservar teja de arcilla en lugar seguro para su reutilización | D24: ml | E24: =11.66 -> 11.66
B25: 2.5 | C25: Regata sobre muro desnudo tipo cajuela de 30 mm conservando los bordes y vertices, incluye superficie en lechada de cal apagada. | D25: ml | E25: =247.9 -> 247.9
B26: 2.6 | C26: Retiro de pintura deteriorada de puertas, ventanas y capiteles en madera ambas caras hasta dejar superficie original. | D26: m2 | E26: =5.46 -> 5.46
B27: 2.7 | C27: Retiro de pañete en mal estado zonas no tradionales | D27: m2 | E27: =3 -> 3
C28: EXCAVACIONES
B29: 3.1 | C29: Excavación en material comun con retiro a lugar seguro de suelo costado norte | D29: m3 | E29: =10.85 -> 10.85
C30: PERFORACIONES
B31: 4.1 | C31: Perforaciones en muro de contención de 1" según plano con instalación de geodren NT 2000 o similar. | D31: m2 | E31: =6.41 -> 6.41
B32: 4.2 | C32: Perforaciones en muros de bahareque y tapia pisada con broca especial y tecnica de protección sin perdida o arrastre del material del muro con inyección de lechada tradicional. | D32: m2 | E32: =152.78 -> 152.78
C33: RELLENOS
B34: 5.1 | C34: Relleno con material seleccionado y compactado | D34: m3 | E34: =12.52 -> 12.52
C35: REFORZAMIENTO ESTRUCTURAL
B36: 6.1 | C36: Suministro e instalación de tabla en madera 20 x 2 cms en sapan o similar inmunizado y protegido con Profilan o simialr según diseño. Incluye cajas de traslapo, muescas de borde, avellanados y terminaciones | D36: ml | E36: =247.9 -> 247.9
B37: 6.2 | C37: Suministro e instalación de tornillo roscado de 1/2" con arandelas y tuercas, según diseño, para junta de confinamiento, incluye lechada tradicional de cal y arena o ladrillo con cuña de madera en los extremos. | D37: m2 | E37: =155 -> 155
B38: 6.3 | C38: Platina metalica de 1/8" para vanos, según especificaciones. Incluye tornillos | D38: und | E38: =22 -> 22
B39: 6.4 | C39: Platina metalica de 3/16" para esquinero, según especificaciones. Incluye tornillos. | D39: und | E39: =6 -> 6
C40: CUBIERTAS
B41: 7.1 | C41: Construcción total de voladizo de cubierta costado sur (fachada principal). Incluye durmientes, machimbre, manto asfaltico, mortero de pega, teja, inmunizado de madera, sellado y pintura esmalte | D41: m2 | E41: =9.33 -> 9.33
B42: 7.2 | C42: Suministro e instalación de flanche metalico calibre 26 muro occidental sobre actual flanche. | D42: m | E42: =7.21 -> 7.21
C43: REVOQUE TRADICIONAL
B44: 8.1 | C44: Suministro e instalación de malla tipo zaranda metalica adosada al muro con tapa metalica de gaseosa cada 50 cm. Ambos sentidos | D44: m2 | E44: =161.35 -> 161.35
B45: 8.2 | C45: Aplicación de revoque tradicional en cal y arenilla según especificación, e=variable | D45: m2 | E45: =161.35 -> 161.35
C46: CONCRETO
B47: 9.1 | C47: Placa de concreto reforzado e=12 cm costado norte con pendiente del 2%, malla electrosoldad de 8,5 mm. | D47: m2 | E47: =13.42 -> 13.42
C48: DISPOSICION DE AGUAS LLUVIAS
B49: 10.1 | C49: Caja aguas lluvias según diseño en base de concreto y muros de ladrillo macizo, pañetada con medias cañas y pendiente. | D49: und | E49: =1 -> 1
B50: 10.2 | C50: Tuberia de 4" aguas lluvias PVC incluye accesorios de fijacion | D50: ml | E50: =6.54 -> 6.54
B51: 10.3 | C51: Suministro e instalación de canal metalica cal 22 según diseño exterior incluye salida de 4" y fijaciones metalicas cada 50 cm. | D51: ml | E51: =12.7 -> 12.7
B52: 10.4 | C52: Reinstalación de bajantes aguas lluvias 4" PVC incluye regata en muro y piso, accesorios, fijaciones. | D52: ml | E52: =10.57 -> 10.57
C53: ACABADOS
B54: 11.1 | C54: Pintura para muros interior y exterior mezcla real apichada de cal y agua, tres manos | D54: m2 | E54: =148.94 -> 148.94
B55: 11.2 | C55: Pintura para socalo de muros interior mezcla real apichada de cal, mina de color y agua, tres manos | D55: m2 | E55: =11.09 -> 11.09
B56: 11.3 | C56: Suministro e instalación de fachaleta en muro fachada sur según diseño actual. | D56: m2 | E56: =5.2 -> 5.2
B57: 11.4 | C57: Inmunizado, sellado y pintado de puertas, ventanas y capiteles ambas caras en madera en esmalte color habano o tabaco, incluye varillas de acero. | D57: m2 | E57: =9.66 -> 9.66
B58: 11.5 | C58: Pintura vinilo tipo 1 a 3 manos muros no tradicionales | D58: m2 | E58: =157.57 -> 157.57
B59: 11.6 | C59: Pintura en esmalte color marrón carpinteria metalica interior. | D59: m2 | E59: =9.86 -> 9.86
B60: 11.7 | C60: Reposición pañetes en mortero no tradicional 1:4 | D60: m2 | E60: =5.19 -> 5.19
B61: 11.8 | C61: Reinstalacion de acabado de piso en fachaleta en gres según diseño actual. | D61: ml | E61: =2 -> 2
C62: ACTIVIDADES ELECTRICAS, DATOS Y DEMAS REQUERIDAS
B63: 14.1 | C63: Desmonte de luminarias y/o bombillos incluye desmonte de cableado, canaletas y accesorios de soporte | D63: und | E63: =12 -> 12
B64: 14.2 | C64: Desmonte de puntos electricos incluye desmonto de cableado, canaletas, Tableros y accesorios de soporte | D64: und | E64: =8 -> 8
B65: 14.3 | C65: Suministro, Transporte E Instalación De Salida Para Iluminación 110 V, Incluye Caja Octogonal, Caja Rectangular, Interruptor Sencillo, Conectores, Cable Cu 3x12 Thwnn Lszh, Ducto EMT pintado de color segun especificacion Ø 1/2", Clavija Aerea Tipo Hembra 15 A, Clavija Aerea Tipo Macho 15 A, Cable Encauchetado 3x16 Awg Thwn Lszh | D65: und | E65: =14 -> 14
B66: 14.4 | C66: Suministro, Transporte E Instalación De Panel Led 120x30 Cm, 45 W, 6500 K, colgante Incluye Marco Soporte, kit de suspension (guayas) Elementos De Sujeción Y Fijación De La Lámpara | D66: und | E66: =8 -> 8
B67: 14.5 | C67: Suministro, Transporte E Instalación De Panel Led Cuadrada 60x60 Cm, 48 W, 6500 K,colgante Incluye Marco Soporte, kit de suspension (guayas), Elementos De Sujeción Y Fijación De La Lámpara | D67: und | E67: =2 -> 2
B68: 14.6 | C68: Suministro, Transporte E Instalación De Bombillo Led (20-40w), Incluye roseta, Elementos De Sujeción Y Fijación De La Lámpara | D68: und | E68: =4 -> 4
B69: 14.7 | C69: Desmonte y reubicacion de tablero de circuitos. | D69: und | E69: =2 -> 2
B70: 14.8 | C70: Suministro, Transporte E Instalación De Salida Tomacorriente 110 V, Incluye: Cable Cu 3x12 Awh Thwnn Lszh, Toma Blanca 20 A, caja y tapa. | D70: und | E70: =11 -> 11
B71: 14.9 | C71: Suministro, Transporte E Instalación De Salida Toma Regulada 110 V, Incluye: Cable Cu 3x12 Awh Thwnn Lszh, Toma Naranja 20 A caja y tapa. | D71: und | E71: =4 -> 4
B72: 14.10 | C72: Suministro, Transporte E Instalación De Salida Voz Y Datos, Incluye: Herrajes, Jack, Face Plate, Cable Utp Categoria 6a , Ponchado Del Cable Y Marcación | D72: und | E72: =6 -> 6
B73: 14.11 | C73: Suministro, Transporte E Instalación De Canaleta Metalica 12x5 Cm, En Pintura Electrostatica Blanca, Con Separador, Incluye: Elementos De Fijación Y Soporte | D73: m | E73: =40.36 -> 40.36
B74: 14.12 | C74: Suministro E Instalación De Troquel Metálico Piramidal Triple 12 X 5 Blanco | D74: und | E74: =5 -> 5
B75: 14.13 | C75: Suministro E Instalación De Troquel Metálico Piramidal doble 12 X 5 Blanco | D75: und | E75: =2 -> 2
B76: 14.14 | C76: Suministro E Instalación De Troquel Metálico Piramidal Sencillo 12 X 5 Blanco | D76: und | E76: =2 -> 2
B77: 14.15 | C77: Suministro e instalación de persiana en aluminio Incluye marco | D77: m2 | E77: =1.53 -> 1.53
B78: 14.16 | C78: Desmonte, suministro e instalacion de cerradura metalica | D78: und | E78: =3 -> 3
B79: 14.17 | C79: Desmonte y reintalacion de placa informativa | D79: und | E79: =1 -> 1
B80: 14.18 | C80: Desmonte, Suministro e instalacion de tapa para gabinte metalico de medidor electrico | D80: und | E80: =1 -> 1
B81: 14.19 | C81: Desmonte, Suministro e instalacion de asiento sanitario | D81: und | E81: =1 -> 1
B82: 14.20 | C82: Desmonte de lavamanos existente y Suministro e instalacion lavamanos, incluye griferia, sifon desague y acople sanitario. | D82: und | E82: =1 -> 1
B83: 14.21 | C83: Desmonte, suministro e instalacion de soportes de flanche | D83: und | E83: =10 -> 10
C84: LIMPIEZA GENERAL
B85: 12.1 | C85: Aseo y limpieza general de cada espacio interno y externo del juzgado. | D85: glb | E85: =1 -> 1
B86: 12.2 | C86: Retiro de escombros a sitio seguro avalado por la autoridad local o regional.(Municipio de San Gil). | D86: glb | E86: =1 -> 1
C87: OTRAS ACTIVIDADES Y/O SERVICIOS REQUERIDOS (SIN AIU)
B88: 13.1 | C88: Retiro de muebles, equipos, archivos, documentos y demas elementos no fijos del juzgado a lugar seguro previamente informado por la seccional | D88: glb | E88: =1 -> 1
B89: 13.2 | C89: Tramite y obtención de licencia de construcción ante la alcaldia de confines. | D89: glb | E89: =1 -> 1
B90: 13.3 | C90: Suministro e instalación de medidas de seguridad en movilidad tales como avisos, conos, captafaro nocturno, entre otros que garanticen la movilidad en la esquina de la carrera 6 y calle 2. | D90: glb | E90: =1 -> 1
B91: 14.22 | C91: Suministro e instalacion de Patch - Cord, Cat. 6A de 2 m | D91: und | E91: =6 -> 6
B92: 14.23 | C92: Gabinete Rack 9ur, incluye Elementos de soporte y fijacion | D92: und | E92: =1 -> 1
B93: 14.24 | C93: Suministro e instalacion de Ups 3 Kva Incluye cometida electrica, canalizacion Y Todo Lo Necesario Para Su Instalacion | D93: und | E93: =1 -> 1

Sheet PROPUESTA ECONOMICA(SASERCO)
B1: Formulario 1 - Propuesta económica - Documento tipo de selección abreviada de menor cuantía - versión 1
B2: Versión: 1 del 21 de agosto de 2025
C3: 1 | D3: 2 | E3: 3 | F3: 4 | G3: 5 | H3: 6 | I3: 7 | J3: 8
C5: FORMULARIO 1
C6: PROPUESTA ECONOMICA
C8: Nº | D8: ITEM DE PAGO | E8: ESPECIFICACIONES | G8: DESCRIPCION | H8: UND. | I8: CANTIDAD | J8: VALOR UNITARIO | K8: VALOR TOTAL
E9: GENERAL | F9: PARTICULAR
C10: PRELIMINARES | N10: 0.9622
C11: 1.1 | D11: 1.1 | E11: x | F11: x | G11: Localizacion y replanteo | H11: m2 | I11: 130 | J11: =+ROUND(N11*N$10,0) -> 6608 | K11: =ROUND(J11*I11,0) -> 859040 | N11: 6868
C12: 1.2 | D12: 1.2 | E12: x | F12: x | G12: Instalacion de plastico negro para proteger construcción | H12: m2 | I12: 60 | J12: =+ROUND(N12*N$10,0) -> 10496 | K12: =ROUND(J12*I12,0) -> 629760 | N12: 10908
C13: 1.3 | D13: 1.3 | E13: x | F13: x | G13: Instalación durante la obra de cerramiento en polisombra sostenido con madera resistente apoyada en recipiente pesado no anclado al piso a una altura de 3.0 mts alrededor del juzgado separada 1,50 mts de las fachadas. | H13: m | I13: 39.5 | J13: =+ROUND(N13*N$10,0) -> 79834 | K13: =ROUND(J13*I13,0) -> 3153443 | N13: 82970
C14: Subtotal | K14: =SUM(K11:K13) -> 4642243
C15: DEMOLICIONES, DESCAPOTES Y RETIROS
C16: 2.1 | D16: 2.1 | E16: x | F16: x | G16: Demolición de placa de concreto e=0,10 mts zona norte. | H16: m2 | I16: 4.51 | J16: =+ROUND(N16*N$10,0) -> 60382 | K16: =ROUND(J16*I16,0) -> 272323 | N16: 62754
C17: 2.2 | D17: 2.2 | E17: x | F17: x | G17: Demolición de pañete en mortero comun muros norte, sur y occidente en bahareque y tapia pisada interno y externo. | H17: m2 | I17: 161.35 | J17: =+ROUND(N17*N$10,0) -> 36403 | K17: =ROUND(J17*I17,0) -> 5873624 | N17: 37833
C18: 2.3 | D18: 2.3 | E18: x | F18: x | G18: Retiro de maleza en la zona norte del juzgado. | H18: m2 | I18: 8.5 | J18: =+ROUND(N18*N$10,0) -> 33746 | K18: =ROUND(J18*I18,0) -> 286841 | N18: 35072
C19: 2.4 | D19: 2.4 | E19: x | F19: x | G19: Desmonte de voladizo fachadas sur . Conservar teja de arcilla en lugar seguro para su reutilización | H19: m | I19: 11.66 | J19: =+ROUND(N19*N$10,0) -> 44582 | K19: =ROUND(J19*I19,0) -> 519826 | N19: 46333
C20: 2.5 | D20: 2.5 | E20: x | F20: x | G20: Regata sobre muro desnudo tipo cajuela de 30 mm conservando los bordes y vertices, incluye superficie en lechada de cal apagada. | H20: m | I20: 247.9 | J20: =+ROUND(N20*N$10,0) -> 19524 | K20: =ROUND(J20*I20,0) -> 4840000 | N20: 20291
C21: 2.6 | D21: 2.6 | E21: x | F21: x | G21: Retiro de pintura deteriorada de puertas, ventanas y capiteles en madera ambas caras hasta dejar superficie original. | H21: m2 | I21: 5.46 | J21: =+ROUND(N21*N$10,0) -> 14540 | K21: =ROUND(J21*I21,0) -> 79388 | N21: 15111
C22: 2.7 | D22: 2.7 | E22: x | F22: x | G22: Retiro de pañete en mal estado zonas no tradionales | H22: m2 | I22: 3 | J22: =+ROUND(N22*N$10,0) -> 24269 | K22: =ROUND(J22*I22,0) -> 72807 | N22: 25222
C23: Subtotal | K23: =SUM(K16:K22) -> 11944809
C24: EXCAVACIONES
C25: 3.1 | D25: 3.1 | E25: x | F25: x | G25: Excavación en material comun con retiro a lugar seguro de suelo costado norte | H25: m3 | I25: 10.85 | J25: =+ROUND(N25*N$10,0) -> 72806 | K25: =ROUND(J25*I25,0) -> 789945 | N25: 75666
C26: Subtotal | K26: =SUM(K25) -> 789945
C27: PERFORACIONES
C28: 4.1 | D28: 4.1 | E28: x | F28: x | G28: Perforaciones en muro de contención de 1" según plano con instalación de geodren NT 2000 o similar. | H28: m2 | I28: 6.41 | J28: =+ROUND(N28*N$10,0) -> 115410 | K28: =ROUND(J28*I28,0) -> 739778 | N28: 119944
C29: 4.2 | D29: 4.2 | E29: x | F29: x | G29: Perforaciones en muros de bahareque y tapia pisada con broca especial y tecnica de protección sin perdida o arrastre del material del muro con inyección de lechada tradicional. | H29: m2 | I29: 152.78 | J29: =+ROUND(N29*N$10,0) -> 72197 | K29: =ROUND(J29*I29,0) -> 11030258 | N29: 75033
C30: Subtotal | K30: =SUM(K28:K29) -> 11770036
C31: RELLENOS
C32: 5.1 | D32: 5.1 | E32: x | F32: x | G32: Relleno con material seleccionado y compactado | H32: m3 | I32: 12.52 | J32: =+ROUND(N32*N$10,0) -> 150054 | K32: =ROUND(J32*I32,0) -> 1878676 | N32: 155949
C33: Subtotal | K33: =SUM(K32) -> 1878676
C34: REFORZAMIENTO ESTRUCTURAL
C35: 6.1 | D35: 6.1 | E35: x | F35: x | G35: Suministro e instalación de tabla en madera 20 x 2 cms en sapan o similar inmunizado y protegido con Profilan o simialr según diseño. Incluye cajas de traslapo, muescas de borde, avellanados y terminaciones | H35: m | I35: 247.9 | J35: =+ROUND(N35*N$10,0) -> 150635 | K35: =ROUND(J35*I35,0) -> 37342417 | N35: 156553
C36: 6.2 | D36: 6.2 | E36: x | F36: x | G36: Suministro e instalación de tornillo roscado de 1/2" con arandelas y tuercas, según diseño, para junta de confinamiento, incluye lechada tradicional de cal y arena o ladrillo con cuña de madera en los extremos. | H36: m2 | I36: 155 | J36: =+ROUND(N36*N$10,0) -> 62695 | K36: =ROUND(J36*I36,0) -> 9717725 | N36: 65158
C37: 6.3 | D37: 6.3 | E37: x | F37: x | G37: Platina metalica de 1/8" para vanos, según especificaciones. Incluye tornillos | H37: und | I37: 22 | J37: =+ROUND(N37*N$10,0) -> 130795 | K37: =ROUND(J37*I37,0) -> 2877490 | N37: 135933
C38: 6.4 | D38: 6.4 | E38: x | F38: x | G38: Platina metalica de 3/16" para esquinero, según especificaciones. Incluye tornillos. | H38: und | I38: 6 | J38: =+ROUND(N38*N$10,0) -> 136558 | K38: =ROUND(J38*I38,0) -> 819348 | N38: 141923
C39: Subtotal | K39: =SUM(K35:K38) -> 50756980
C40: CUBIERTAS
C41: 7.1 | D41: 7.1 | E41: x | F41: x | G41: Construcción total de voladizo de cubierta costado sur (fachada principal). Incluye durmientes, machimbre, manto asfaltico, mortero de pega, teja, inmunizado de madera, sellado y pintura esmalte | H41: m2 | I41: 9.33 | J41: =+ROUND(N41*N$10,0) -> 392555 | K41: =ROUND(J41*I41,0) -> 3662538 | N41: 407977
C42: 7.2 | D42: 7.2 | E42: x | F42: x | G42: Suministro e instalación de flanche metalico calibre 26 muro occidental sobre actual flanche. | H42: m | I42: 7.21 | J42: =+ROUND(N42*N$10,0) -> 63833 | K42: =ROUND(J42*I42,0) -> 460236 | N42: 66341
C43: Subtotal | K43: =SUM(K41:K42) -> 4122774
C44: REVOQUE TRADICIONAL
C45: 8.1 | D45: 8.1 | E45: x | F45: x | G45: Suministro e instalación de malla tipo zaranda metalica adosada al muro con tapa metalica de gaseosa cada 50 cm. Ambos sentidos | H45: m2 | I45: 161.35 | J45: =+ROUND(N45*N$10,0) -> 46992 | K45: =ROUND(J45*I45,0) -> 7582159 | N45: 48838
C46: 8.2 | D46: 8.2 | E46: x | F46: x | G46: Aplicación de revoque tradicional en cal y arenilla según especificación, e=variable | H46: m2 | I46: 161.35 | J46: =+ROUND(N46*N$10,0) -> 102192 | K46: =ROUND(J46*I46,0) -> 16488679 | N46: 106207
C47: Subtotal | K47: =SUM(K45:K46) -> 24070838
C48: CONCRETO
C49: 9.1 | D49: 9.1 | E49: x | F49: x | G49: Placa de concreto reforzado e=12 cm costado norte con pendiente del 2%, malla electrosoldad de 8,5 mm. | H49: m2 | I49: 13.42 | J49: =+ROUND(N49*N$10,0) -> 229042 | K49: =ROUND(J49*I49,0) -> 3073744 | N49: 238040
C50: Subtotal | K50: =SUM(K49) -> 3073744
C51: DISPOSICION DE AGUAS LLUVIAS
C52: 10.1 | D52: 10.1 | E52: x | F52: x | G52: Caja aguas lluvias según diseño en base de concreto y muros de ladrillo macizo, pañetada con medias cañas y pendiente. | H52: und | I52: 1 | J52: =+ROUND(N52*N$10,0) -> 1240945 | K52: =ROUND(J52*I52,0) -> 1240945 | N52: 1289696
C53: 10.2 | D53: 10.2 | E53: x | F53: x | G53: Tuberia de 4" aguas lluvias PVC incluye accesorios de fijacion | H53: m | I53: 6.54 | J53: =+ROUND(N53*N$10,0) -> 60296 | K53: =ROUND(J53*I53,0) -> 394336 | N53: 62665
C54: 10.3 | D54: 10.3 | E54: x | F54: x | G54: Suministro e instalación de canal metalica cal 22 según diseño exterior incluye salida de 4" y fijaciones metalicas cada 50 cm. | H54: m | I54: 12.7 | J54: =+ROUND(N54*N$10,0) -> 134117 | K54: =ROUND(J54*I54,0) -> 1703286 | N54: 139386
C55: 10.4 | D55: 10.4 | E55: x | F55: x | G55: Reinstalación de bajantes aguas lluvias 4" PVC incluye regata en muro y piso, accesorios, fijaciones. | H55: m | I55: 10.57 | J55: =+ROUND(N55*N$10,0) -> 99487 | K55: =ROUND(J55*I55,0) -> 1051578 | N55: 103395
C56: Subtotal | K56: =SUM(K52:K55) -> 4390145
C57: ACABADOS
C58: 11.1 | D58: 11.1 | E58: x | F58: x | G58: Pintura para muros interior y exterior mezcla real apichada de cal y agua, tres manos | H58: m2 | I58: 148.94 | J58: =+ROUND(N58*N$10,0) -> 46731 | K58: =ROUND(J58*I58,0) -> 6960115 | N58: 48567
C59: 11.2 | D59: 11.2 | E59: x | F59: x | G59: Pintura para socalo de muros interior mezcla real apichada de cal, mina de color y agua, tres manos | H59: m2 | I59: 11.09 | J59: =+ROUND(N59*N$10,0) -> 31456 | K59: =ROUND(J59*I59,0) -> 348847 | N59: 32692
C60: 11.3 | D60: 11.3 | E60: x | F60: x | G60: Suministro e instalación de fachaleta en muro fachada sur según diseño actual. | H60: m2 | I60: 5.2 | J60: =+ROUND(N60*N$10,0) -> 96886 | K60: =ROUND(J60*I60,0) -> 503807 | N60: 100692
C61: 11.4 | D61: 11.4 | E61: x | F61: x | G61: Inmunizado, sellado y pintado de puertas, ventanas y capiteles ambas caras en madera en esmalte color habano o tabaco, incluye varillas de acero. | H61: m2 | I61: 9.66 | J61: =+ROUND(N61*N$10,0) -> 44971 | K61: =ROUND(J61*I61,0) -> 434420 | N61: 46738
C62: 11.5 | D62: 11.5 | E62: x | F62: x | G62: Pintura vinilo tipo 1 a 3 manos muros no tradicionales | H62: m2 | I62: 157.57 | J62: =+ROUND(N62*N$10,0) -> 20119 | K62: =ROUND(J62*I62,0) -> 3170151 | N62: 20909
C63: 11.6 | D63: 11.6 | E63: x | F63: x | G63: Pintura en esmalte color marrón carpinteria metalica interior. | H63: m2 | I63: 9.86 | J63: =+ROUND(N63*N$10,0) -> 22284 | K63: =ROUND(J63*I63,0) -> 219720 | N63: 23159
C64: 11.7 | D64: 11.7 | E64: x | F64: x | G64: Reposición pañetes en mortero no tradicional 1:4 | H64: m2 | I64: 5.19 | J64: =+ROUND(N64*N$10,0) -> 30272 | K64: =ROUND(J64*I64,0) -> 157112 | N64: 31461
C65: 11.8 | D65: 11.8 | E65: x | F65: x | G65: Reinstalacion de acabado de piso en fachaleta en gres según diseño actual. | H65: ml | I65: 2 | J65: =+ROUND(N65*N$10,0) -> 44859 | K65: =ROUND(J65*I65,0) -> 89718 | N65: 46621
C66: Subtotal | K66: =SUM(K58:K65) -> 11883890
C67: ACTIVIDADES ELECTRICAS, DATOS Y DEMAS REQUERIDAS
C68: 14.1 | D68: 14.1 | E68: x | F68: x | G68: Desmonte de luminarias y/o bombillos incluye desmonte de cableado, canaletas y accesorios de soporte | H68: und | I68: 12 | J68: =+ROUND(N68*N$10,0) -> 33921 | K68: =ROUND(J68*I68,0) -> 407052 | N68: 35254
C69: 14.2 | D69: 14.2 | E69: x | F69: x | G69: Desmonte de puntos electricos incluye desmonto de cableado, canaletas, Tableros y accesorios de soporte | H69: und | I69: 8 | J69: =+ROUND(N69*N$10,0) -> 62787 | K69: =ROUND(J69*I69,0) -> 502296 | N69: 65254
C70: 14.3 | D70: 14.3 | E70: x | F70: x | G70: Suministro, Transporte E Instalación De Salida Para Iluminación 110 V, Incluye Caja Octogonal, Caja Rectangular, Interruptor Sencillo, Conectores, Cable Cu 3x12 Thwnn Lszh, Ducto EMT pintado de color segun especificacion Ø 1/2", Clavija Aerea Tipo Hembra 15 A, Clavija Aerea Tipo Macho 15 A, Cable Encauchetado 3x16 Awg Thwn Lszh | H70: und | I70: 14 | J70: =+ROUND(N70*N$10,0) -> 294603 | K70: =ROUND(J70*I70,0) -> 4124442 | N70: 306176
C71: 14.4 | D71: 14.4 | E71: x | F71: x | G71: Suministro, Transporte E Instalación De Panel Led 120x30 Cm, 45 W, 6500 K, colgante Incluye Marco Soporte, kit de suspension (guayas) Elementos De Sujeción Y Fijación De La Lámpara | H71: und | I71: 8 | J71: =+ROUND(N71*N$10,0) -> 123571 | K71: =ROUND(J71*I71,0) -> 988568 | N71: 128425
C72: 14.5 | D72: 14.5 | E72: x | F72: x | G72: Suministro, Transporte E Instalación De Panel Led Cuadrada 60x60 Cm, 48 W, 6500 K,colgante Incluye Marco Soporte, kit de suspension (guayas), Elementos De Sujeción Y Fijación De La Lámpara | H72: und | I72: 2 | J72: =+ROUND(N72*N$10,0) -> 116500 | K72: =ROUND(J72*I72,0) -> 233000 | N72: 121077
C73: 14.6 | D73: 14.6 | E73: x | F73: x | G73: Suministro, Transporte E Instalación De Bombillo Led (20-40w), Incluye roseta, Elementos De Sujeción Y Fijación De La Lámpara | H73: und | I73: 4 | J73: =+ROUND(N73*N$10,0) -> 28971 | K73: =ROUND(J73*I73,0) -> 115884 | N73: 30109
C74: 14.7 | D74: 14.7 | E74: x | F74: x | G74: Desmonte y reubicacion de tablero de circuitos. | H74: und | I74: 2 | J74: =+ROUND(N74*N$10,0) -> 260618 | K74: =ROUND(J74*I74,0) -> 521236 | N74: 270856
C75: 14.8 | D75: 14.8 | E75: x | F75: x | G75: Suministro, Transporte E Instalación De Salida Tomacorriente 110 V, Incluye: Cable Cu 3x12 Awh Thwnn Lszh, Toma Blanca 20 A, caja y tapa. | H75: und | I75: 11 | J75: =+ROUND(N75*N$10,0) -> 142882 | K75: =ROUND(J75*I75,0) -> 1571702 | N75: 148495
C76: 14.9 | D76: 14.9 | E76: x | F76: x | G76: Suministro, Transporte E Instalación De Salida Toma Regulada 110 V, Incluye: Cable Cu 3x12 Awh Thwnn Lszh, Toma Naranja 20 A caja y tapa. | H76: und | I76: 4 | J76: =+ROUND(N76*N$10,0) -> 159398 | K76: =ROUND(J76*I76,0) -> 637592 | N76: 165660
C77: 14.10 | D77: 14.10 | E77: x | F77: x | G77: Suministro, Transporte E Instalación De Salida Voz Y Datos, Incluye: Herrajes, Jack, Face Plate, Cable Utp Categoria 6a , Ponchado Del Cable Y Marcación | H77: und | I77: 6 | J77: =+ROUND(N77*N$10,0) -> 123989 | K77: =ROUND(J77*I77,0) -> 743934 | N77: 128860
C78: 14.11 | D78: 14.11 | E78: x | F78: x | G78: Suministro, Transporte E Instalación De Canaleta Metalica 12x5 Cm, En Pintura Electrostatica Blanca, Con Separador, Incluye: Elementos De Fijación Y Soporte | H78: m | I78: 40.36 | J78: =+ROUND(N78*N$10,0) -> 56586 | K78: =ROUND(J78*I78,0) -> 2283811 | N78: 58809
C79: 14.12 | D79: 14.12 | E79: x | F79: x | G79: Suministro E Instalación De Troquel Metálico Piramidal Triple 12 X 5 Blanco | H79: und | I79: 5 | J79: =+ROUND(N79*N$10,0) -> 60614 | K79: =ROUND(J79*I79,0) -> 303070 | N79: 62995
... C88: 14.21 | D88: 14.21 | E88: x | F88: x | G88: Desmonte, suministro e instalacion de soportes de flanche | H88: und | I88: 10 | J88: =+ROUND(N88*N$10,0) -> 209838 | K88: =ROUND(J88*I88,0) -> 2098380 | N88: 218081
C89: Subtotal | K89: =SUM(K68:K88) -> 16528514
C90: LIMPIEZA GENERAL
C91: 12.1 | D91: 12.1 | E91: x | F91: x | G91: Aseo y limpieza general de cada espacio interno y externo del juzgado. | H91: glb | I91: 1 | J91: =+ROUND(N91*N$10,0) -> 1014582 | K91: =ROUND(J91*I91,0) -> 1014582 | N91: 1054440
C92: 12.2 | D92: 12.2 | E92: x | F92: x | G92: Retiro de escombros a sitio seguro avalado por la autoridad local o regional.(Municipio de San Gil). | H92: glb | I92: 1 | J92: =+ROUND(N92*N$10,0) -> 3568683 | K92: =ROUND(J92*I92,0) -> 3568683 | N92: 3708879
C93: Subtotal | K93: =SUM(K91:K92) -> 4583265
G95: SUBTOTAL | K95: =K93+K66+K56+K89+K50+K47+K43+K39+K33+K30+K26+K23+K14 -> 150435859
G96: ADMINISTRACION | J96: 0.25 | K96: =ROUND(J96*K95,0) -> 37608965
G97: IMPREVISTOS | J97: 0.01 | K97: =ROUND(J97*K95,0) -> 1504359
G98: UTILIDAD | J98: 0.05 | K98: =ROUND(J98*K95,0) -> 7521793
G99: IVA SOBRE UTILIDAD | J99: 0.19 | K99: =ROUND(J99*K98,0) -> 1429141
G100: VALOR TOTAL OBRA | K100: =K95+K96+K97+K98+K99 -> 198500117
C102: Nº | D102: ITEM DE PAGO | E102: ESPECIFICACIONES | G102: DESCRIPCION | H102: UND. | I102: CANTIDAD | J102: VALOR UNITARIO | K102: VALOR TOTAL
E103: GENERAL | F103: PARTICULAR
C104: OTRAS ACTIVIDADES Y/O SERVICIOS REQUERIDOS (SIN AIU)
C105: 13.1 | D105: 13.1 | E105: x | F105: x | G105: Retiro de muebles, equipos, archivos, documentos y demas elementos no fijos del juzgado a lugar seguro previamente informado por la seccional | H105: glb | I105: 1 | J105: =+ROUND(N105*N$10,0) -> 1497635 | K105: =ROUND(J105*I105,2) -> 1497635 | N105: 1556470
C106: 13.2 | D106: 13.2 | E106: x | F106: x | G106: Tramite y obtención de licencia de construcción ante la alcaldia de confines. | H106: glb | I106: 1 | J106: =+ROUND(N106*N$10,0) -> 1357552 | K106: =ROUND(J106*I106,2) -> 1357552 | N106: 1410883
C107: 13.3 | D107: 13.3 | E107: x | F107: x | G107: Suministro e instalación de medidas de seguridad en movilidad tales como avisos, conos, captafaro nocturno, entre otros que garanticen la movilidad en la esquina de la carrera 6 y calle 2. | H107: glb | I107: 1 | J107: =+ROUND(N107*N$10,0) -> 2706683 | K107: =ROUND(J107*I107,2) -> 2706683 | N107: 2813015
C108: 14.22 | D108: 14.22 | E108: x | F108: x | G108: Suministro e instalacion de Patch - Cord, Cat. 6A de 2 m | H108: und | I108: 6 | J108: =+ROUND(N108*N$10,0) -> 27197 | K108: =ROUND(J108*I108,2) -> 163182 | N108: 28265
C109: 14.23 | D109: 14.23 | E109: x | F109: x | G109: Gabinete Rack 9ur, incluye Elementos de soporte y fijacion | H109: und | I109: 1 | J109: =+ROUND(N109*N$10,0) -> 594135 | K109: =ROUND(J109*I109,2) -> 594135 | N109: 617476
C110: 14.24 | D110: 14.24 | E110: x | F110: x | G110: Suministro e instalacion de Ups 3 Kva Incluye cometida electrica, canalizacion Y Todo Lo Necesario Para Su Instalacion | H110: und | I110: 1 | J110: =+ROUND(N110*N$10,0) -> 2721487 | K110: =ROUND(J110*I110,2) -> 2721487 | N110: 2828401
C111: Subtotal | K111: =SUM(K105:K110) -> 9040674
G114: SUBTOTAL | K114: =K111 -> 9040674
...

Sheet __OpenSolverCache__

Sheet __OpenSolver__
A1: =ModelSheet=APU!A:Z -> #NAME?
A2: =OpenSolver_AdjNum=1 -> #NAME?
A3: =OpenSolver_ChosenSolver=GLPK -> #NAME?
A4: =OpenSolver_FastBuild=0 -> #NAME?
A5: =OpenSolver_LinearityCheck=1 -> #NAME?
A6: =solver_adj=APU!L1928:M1928 -> #NAME?
A7: =solver_neg=1 -> #NAME?
A8: =solver_num=0 -> #NAME?
A9: =solver_opt=APU!N1935 -> #NAME?
A10: =solver_sho=1 -> #NAME?
A11: =solver_typ=3 -> #NAME?
A12: =solver_val=229042 -> #NAME?

Sheet Cant Acero
J1: MEMORIAS DE CÁLCULO
B5: PROCESO | E5: Estudios y Diseño | J5: CÓDIGO | K5: M.C.
B6: FECHA EMISIÓN | E6: 44578 | J6: VERSIÓN | K6: 0
B8: FECHA: | H8: CORTE | I8: 0 | J8: ELABORÓ
B10: OBJETO DEL CONTRATO | J10: Obra:
B11: CONTRATISTA | Q11: NIT O C.C.
B14: ITEM | S14: UNID. | U14: UBIC.
B15: DIAGRAMA/ FOTOGRAFIA/ PLANO/ ILUSTRACION | R15: OPERACIONES MATEMATICAS | X15: 0.25 | Y15: 0.25 | Z15: 0.25 | AA15: Kg
L16: CANTIDADES COLUMNAS | X16: 0.375 | Y16: 0.375 | Z16: 0.56 | AA16: Kg
X17: 0.5 | Y17: 0.5 | Z17: 0.99 | AA17: Kg
L18: FORMA | M18: 1 | O18: 2 | Q18: 3 | S18: 4 | U18: 5 | W18: 6 | X18: 0.625 | Y18: 0.625 | Z18: 1.552 | AA18: Kg
X19: 0.75 | Y19: 0.75 | Z19: 2.24 | AA19: Kg
X20: 0.875 | Y20: 0.875 | Z20: 3.04 | AA20: Kg
L21: ELEMENTO | M21: MARCA | N21: FORMA | O21: DIAMETRO PULGADAS | P21: Nº BARRAS ELEMENTO | Q21: Nº ELEMENTOS | R21: Nº TOTAL DE BARRAS | S21: LONGITUD PARCIAL (m) | V21: LONGITUD TOTAL (m) | W21: PESO TOTAL (kg) | X21: 1 | Y21: 1 | Z21: 3.97 | AA21: Kg
S22: A | T22: B | U22: C
L23: ZAPATAS ZAP T01
L24: REFUERZO PRINCIPAL INF L | N24: 1 | O24: 0.5 | P24: 15 | Q24: 2 | R24: =P24*Q24 -> 30 | S24: 1.65 | T24: 0.2 | V24: =IF(N24=$M$18,S24+2*T24,IF(N24=$O$18,2*(S24+T24+U24),IF(N24=$Q$18,S24,IF(N24=$S$18,S24+T24,IF(N24=$U$18,S24+T24+U24,IF(N24=$W$18,S24+2*T24,0)))))) -> 2.05 | W24: =R24*V24*IF(O24=$Y$15,$Z$15,IF(O24=$Y$16,$Z$16,IF(O24=$Y$17,$Z$17,IF(O24=$Y$18,$Z$18,IF(O24=$Y$19,$Z$19,IF(O24=$Y$20,$Z$20,IF(O24=$Y$21,$Z$21,0))))))) -> 60.885
L25: REFUERZO PRINCIPAL INF B | N25: 1 | O25: 0.5 | P25: 12 | Q25: =Q24 -> 2 | R25: =P25*Q25 -> 24 | S25: 2.05 | T25: 0.2 | V25: =IF(N25=$M$18,S25+2*T25,IF(N25=$O$18,2*(S25+T25+U25),IF(N25=$Q$18,S25,IF(N25=$S$18,S25+T25,IF(N25=$U$18,S25+T25+U25,IF(N25=$W$18,S25+2*T25,0)))))) -> 2.45 | W25: =R25*V25*IF(O25=$Y$15,$Z$15,IF(O25=$Y$16,$Z$16,IF(O25=$Y$17,$Z$17,IF(O25=$Y$18,$Z$18,IF(O25=$Y$19,$Z$19,IF(O25=$Y$20,$Z$20,IF(O25=$Y$21,$Z$21,0))))))) -> 58.212
L26: ZAPATAS ZAP T02
L27: REFUERZO PRINCIPAL INF L | N27: 1 | O27: 0.5 | P27: 12 | Q27: 2 | R27: =P27*Q27 -> 24 | S27: 1.85 | T27: 0.2 | V27: =IF(N27=$M$18,S27+2*T27,IF(N27=$O$18,2*(S27+T27+U27),IF(N27=$Q$18,S27,IF(N27=$S$18,S27+T27,IF(N27=$U$18,S27+T27+U27,IF(N27=$W$18,S27+2*T27,0)))))) -> 2.25 | W27: =R27*V27*IF(O27=$Y$15,$Z$15,IF(O27=$Y$16,$Z$16,IF(O27=$Y$17,$Z$17,IF(O27=$Y$18,$Z$18,IF(O27=$Y$19,$Z$19,IF(O27=$Y$20,$Z$20,IF(O27=$Y$21,$Z$21,0))))))) -> 53.46
L28: REFUERZO PRINCIPAL INF B | N28: 1 | O28: 0.5 | P28: 12 | Q28: =Q27 -> 2 | R28: =P28*Q28 -> 24 | S28: 1.85 | T28: 0.2 | V28: =IF(N28=$M$18,S28+2*T28,IF(N28=$O$18,2*(S28+T28+U28),IF(N28=$Q$18,S28,IF(N28=$S$18,S28+T28,IF(N28=$U$18,S28+T28+U28,IF(N28=$W$18,S28+2*T28,0)))))) -> 2.25 | W28: =R28*V28*IF(O28=$Y$15,$Z$15,IF(O28=$Y$16,$Z$16,IF(O28=$Y$17,$Z$17,IF(O28=$Y$18,$Z$18,IF(O28=$Y$19,$Z$19,IF(O28=$Y$20,$Z$20,IF(O28=$Y$21,$Z$21,0))))))) -> 53.46
L29: ZAPATAS ZAP T03
L30: REFUERZO PRINCIPAL INF L | N30: 1 | O30: 0.5 | P30: 14 | Q30: 2 | R30: =P30*Q30 -> 28 | S30: 2.05 | T30: 0.2 | V30: =IF(N30=$M$18,S30+2*T30,IF(N30=$O$18,2*(S30+T30+U30),IF(N30=$Q$18,S30,IF(N30=$S$18,S30+T30,IF(N30=$U$18,S30+T30+U30,IF(N30=$W$18,S30+2*T30,0)))))) -> 2.45 | W30: =R30*V30*IF(O30=$Y$15,$Z$15,IF(O30=$Y$16,$Z$16,IF(O30=$Y$17,$Z$17,IF(O30=$Y$18,$Z$18,IF(O30=$Y$19,$Z$19,IF(O30=$Y$20,$Z$20,IF(O30=$Y$21,$Z$21,0))))))) -> 67.914
L31: REFUERZO PRINCIPAL INF B | N31: 1 | O31: 0.5 | P31: 12 | Q31: 2 | R31: =P31*Q31 -> 24 | S31: 2.05 | T31: 0.2 | V31: =IF(N31=$M$18,S31+2*T31,IF(N31=$O$18,2*(S31+T31+U31),IF(N31=$Q$18,S31,IF(N31=$S$18,S31+T31,IF(N31=$U$18,S31+T31+U31,IF(N31=$W$18,S31+2*T31,0)))))) -> 2.45 | W31: =R31*V31*IF(O31=$Y$15,$Z$15,IF(O31=$Y$16,$Z$16,IF(O31=$Y$17,$Z$17,IF(O31=$Y$18,$Z$18,IF(O31=$Y$19,$Z$19,IF(O31=$Y$20,$Z$20,IF(O31=$Y$21,$Z$21,0))))))) -> 58.212 | X31: =SUM(W24:W25,W27:W28,W30:W31) -> 352.143 | Y31: ZAPATAS
L32: MURO A
L33: REFUERZO PRINCIPAL MURO | N33: 1 | O33: 0.5 | P33: 58 | Q33: 1 | R33: =P33*Q33 -> 58 | S33: 3.665 | T33: 0.2 | V33: =IF(N33=$M$18,S33+2*T33,IF(N33=$O$18,2*(S33+T33+U33),IF(N33=$Q$18,S33,IF(N33=$S$18,S33+T33,IF(N33=$U$18,S33+T33+U33,IF(N33=$W$18,S33+2*T33,0)))))) -> 4.065 | W33: =R33*V33*IF(O33=$Y$15,$Z$15,IF(O33=$Y$16,$Z$16,IF(O33=$Y$17,$Z$17,IF(O33=$Y$18,$Z$18,IF(O33=$Y$19,$Z$19,IF(O33=$Y$20,$Z$20,IF(O33=$Y$21,$Z$21,0))))))) -> 233.4123
L34: REFUERZO TRANSVERSAL MURO | N34: 1 | O34: 0.5 | P34: =11*2 -> 22 | Q34: 1 | R34: =P34*Q34 -> 22 | S34: 8.46 | T34: 0.2 | V34: =IF(N34=$M$18,S34+2*T34,IF(N34=$O$18,2*(S34+T34+U34),IF(N34=$Q$18,S34,IF(N34=$S$18,S34+T34,IF(N34=$U$18,S34+T34+U34,IF(N34=$W$18,S34+2*T34,0)))))) -> 8.86 | W34: =R34*V34*IF(O34=$Y$15,$Z$15,IF(O34=$Y$16,$Z$16,IF(O34=$Y$17,$Z$17,IF(O34=$Y$18,$Z$18,IF(O34=$Y$19,$Z$19,IF(O34=$Y$20,$Z$20,IF(O34=$Y$21,$Z$21,0))))))) -> 192.9708
L35: REFUERZO PRINCIPAL ELEMENTOS DE BORDE | N35: 1 | O35: 0.875 | P35: 32 | Q35: 2 | R35: =P35*Q35 -> 64 | S35: 3.7 | T35: 0.35 | V35: =IF(N35=$M$18,S35+2*T35,IF(N35=$O$18,2*(S35+T35+U35),IF(N35=$Q$18,S35,IF(N35=$S$18,S35+T35,IF(N35=$U$18,S35+T35+U35,IF(N35=$W$18,S35+2*T35,0)))))) -> 4.4 | W35: =R35*V35*IF(O35=$Y$15,$Z$15,IF(O35=$Y$16,$Z$16,IF(O35=$Y$17,$Z$17,IF(O35=$Y$18,$Z$18,IF(O35=$Y$19,$Z$19,IF(O35=$Y$20,$Z$20,IF(O35=$Y$21,$Z$21,0))))))) -> 856.064
L36: ESTRIBOS ELEMENTOS DE BORDE | N36: 2 | O36: 0.375 | P36: =5+11+5 -> 21 | Q36: 2 | R36: =P36*Q36 -> 42 | S36: 0.52 | T36: 0.52 | U36: 0.1 | V36: =IF(N36=$M$18,S36+2*T36,IF(N36=$O$18,2*(S36+T36+U36),IF(N36=$Q$18,S36,IF(N36=$S$18,S36+T36,IF(N36=$U$18,S36+T36+U36,IF(N36=$W$18,S36+2*T36,0)))))) -> 2.28 | W36: =R36*V36*IF(O36=$Y$15,$Z$15,IF(O36=$Y$16,$Z$16,IF(O36=$Y$17,$Z$17,IF(O36=$Y$18,$Z$18,IF(O36=$Y$19,$Z$19,IF(O36=$Y$20,$Z$20,IF(O36=$Y$21,$Z$21,0))))))) -> 53.6256
L37: GANCHOS ELEMENTOS DE BORDE | N37: 6 | O37: 0.375 | P37: =6*21 -> 126 | Q37: 2 | R37: =P37*Q37 -> 252 | S37: 0.52 | T37: 0.1 | V37: =IF(N37=$M$18,S37+2*T37,IF(N37=$O$18,2*(S37+T37+U37),IF(N37=$Q$18,S37,IF(N37=$S$18,S37+T37,IF(N37=$U$18,S37+T37+U37,IF(N37=$W$18,S37+2*T37,0)))))) -> 0.72 | W37: =R37*V37*IF(O37=$Y$15,$Z$15,IF(O37=$Y$16,$Z$16,IF(O37=$Y$17,$Z$17,IF(O37=$Y$18,$Z$18,IF(O37=$Y$19,$Z$19,IF(O37=$Y$20,$Z$20,IF(O37=$Y$21,$Z$21,0))))))) -> 101.6064
L38: MURO C
L39: REFUERZO PRINCIPAL MURO | N39: 1 | O39: 0.5 | P39: 52 | Q39: 1 | R39: =P39*Q39 -> 52 | S39: 3.665 | T39: 0.2 | V39: =IF(N39=$M$18,S39+2*T39,IF(N39=$O$18,2*(S39+T39+U39),IF(N39=$Q$18,S39,IF(N39=$S$18,S39+T39,IF(N39=$U$18,S39+T39+U39,IF(N39=$W$18,S39+2*T39,0)))))) -> 4.065 | W39: =R39*V39*IF(O39=$Y$15,$Z$15,IF(O39=$Y$16,$Z$16,IF(O39=$Y$17,$Z$17,IF(O39=$Y$18,$Z$18,IF(O39=$Y$19,$Z$19,IF(O39=$Y$20,$Z$20,IF(O39=$Y$21,$Z$21,0))))))) -> 209.2662
L40: REFUERZO TRANSVERSAL MURO | N40: 1 | O40: 0.5 | P40: =11*2 -> 22 | Q40: 1 | R40: =P40*Q40 -> 22 | S40: 8.46 | T40: 0.2 | V40: =IF(N40=$M$18,S40+2*T40,IF(N40=$O$18,2*(S40+T40+U40),IF(N40=$Q$18,S40,IF(N40=$S$18,S40+T40,IF(N40=$U$18,S40+T40+U40,IF(N40=$W$18,S40+2*T40,0)))))) -> 8.86 | W40: =R40*V40*IF(O40=$Y$15,$Z$15,IF(O40=$Y$16,$Z$16,IF(O40=$Y$17,$Z$17,IF(O40=$Y$18,$Z$18,IF(O40=$Y$19,$Z$19,IF(O40=$Y$20,$Z$20,IF(O40=$Y$21,$Z$21,0))))))) -> 192.9708
L41: REFUERZO PRINCIPAL ELEMENTOS DE BORDE | N41: 1 | O41: 0.875 | P41: 32 | Q41: 3 | R41: =P41*Q41 -> 96 | S41: 3.7 | T41: 0.35 | V41: =IF(N41=$M$18,S41+2*T41,IF(N41=$O$18,2*(S41+T41+U41),IF(N41=$Q$18,S41,IF(N41=$S$18,S41+T41,IF(N41=$U$18,S41+T41+U41,IF(N41=$W$18,S41+2*T41,0)))))) -> 4.4 | W41: =R41*V41*IF(O41=$Y$15,$Z$15,IF(O41=$Y$16,$Z$16,IF(O41=$Y$17,$Z$17,IF(O41=$Y$18,$Z$18,IF(O41=$Y$19,$Z$19,IF(O41=$Y$20,$Z$20,IF(O41=$Y$21,$Z$21,0))))))) -> 1284.096
L42: ESTRIBOS ELEMENTOS DE BORDE | N42: 2 | O42: 0.375 | P42: =5+11+5 -> 21 | Q42: 3 | R42: =P42*Q42 -> 63 | S42: 0.52 | T42: 0.52 | U42: 0.1 | V42: =IF(N42=$M$18,S42+2*T42,IF(N42=$O$18,2*(S42+T42+U42),IF(N42=$Q$18,S42,IF(N42=$S$18,S42+T42,IF(N42=$U$18,S42+T42+U42,IF(N42=$W$18,S42+2*T42,0)))))) -> 2.28 | W42: =R42*V42*IF(O42=$Y$15,$Z$15,IF(O42=$Y$16,$Z$16,IF(O42=$Y$17,$Z$17,IF(O42=$Y$18,$Z$18,IF(O42=$Y$19,$Z$19,IF(O42=$Y$20,$Z$20,IF(O42=$Y$21,$Z$21,0))))))) -> 80.4384
L43: GANCHOS ELEMENTOS DE BORDE | N43: 6 | O43: 0.375 | P43: =6*21 -> 126 | Q43: 3 | R43: =P43*Q43 -> 378 | S43: 0.52 | T43: 0.1 | V43: =IF(N43=$M$18,S43+2*T43,IF(N43=$O$18,2*(S43+T43+U43),IF(N43=$Q$18,S43,IF(N43=$S$18,S43+T43,IF(N43=$U$18,S43+T43+U43,IF(N43=$W$18,S43+2*T43,0)))))) -> 0.72 | W43: =R43*V43*IF(O43=$Y$15,$Z$15,IF(O43=$Y$16,$Z$16,IF(O43=$Y$17,$Z$17,IF(O43=$Y$18,$Z$18,IF(O43=$Y$19,$Z$19,IF(O43=$Y$20,$Z$20,IF(O43=$Y$21,$Z$21,0))))))) -> 152.4096
L44: MURO 5
L45: REFUERZO PRINCIPAL MURO | N45: 1 | O45: 0.5 | P45: 104 | Q45: 1 | R45: =P45*Q45 -> 104 | S45: 3.765 | T45: 0.2 | V45: =IF(N45=$M$18,S45+2*T45,IF(N45=$O$18,2*(S45+T45+U45),IF(N45=$Q$18,S45,IF(N45=$S$18,S45+T45,IF(N45=$U$18,S45+T45+U45,IF(N45=$W$18,S45+2*T45,0)))))) -> 4.165 | W45: =R45*V45*IF(O45=$Y$15,$Z$15,IF(O45=$Y$16,$Z$16,IF(O45=$Y$17,$Z$17,IF(O45=$Y$18,$Z$18,IF(O45=$Y$19,$Z$19,IF(O45=$Y$20,$Z$20,IF(O45=$Y$21,$Z$21,0))))))) -> 428.8284
L46: REFUERZO TRANSVERSAL MURO | N46: 4 | O46: 0.5 | P46: =11*2 -> 22 | Q46: 1 | R46: =P46*Q46 -> 22 | S46: 7 | T46: 0.2 | V46: =IF(N46=$M$18,S46+2*T46,IF(N46=$O$18,2*(S46+T46+U46),IF(N46=$Q$18,S46,IF(N46=$S$18,S46+T46,IF(N46=$U$18,S46+T46+U46,IF(N46=$W$18,S46+2*T46,0)))))) -> 7.2 | W46: =R46*V46*IF(O46=$Y$15,$Z$15,IF(O46=$Y$16,$Z$16,IF(O46=$Y$17,$Z$17,IF(O46=$Y$18,$Z$18,IF(O46=$Y$19,$Z$19,IF(O46=$Y$20,$Z$20,IF(O46=$Y$21,$Z$21,0))))))) -> 156.816
L47: REFUERZO TRANSVERSAL MURO | N47: 4 | O47: 0.5 | P47: =11*2 -> 22 | Q47: 1 | R47: =P47*Q47 -> 22 | S47: 8.8 | T47: 0.2 | V47: =IF(N47=$M$18,S47+2*T47,IF(N47=$O$18,2*(S47+T47+U47),IF(N47=$Q$18,S47,IF(N47=$S$18,S47+T47,IF(N47=$U$18,S47+T47+U47,IF(N47=$W$18,S47+2*T47,0)))))) -> 9 | W47: =R47*V47*IF(O47=$Y$15,$Z$15,IF(O47=$Y$16,$Z$16,IF(O47=$Y$17,$Z$17,IF(O47=$Y$18,$Z$18,IF(O47=$Y$19,$Z$19,IF(O47=$Y$20,$Z$20,IF(O47=$Y$21,$Z$21,0))))))) -> 196.02
L48: REFUERZO PRINCIPAL ELEMENTOS DE BORDE | N48: 1 | O48: 0.875 | P48: 32 | Q48: 3 | R48: =P48*Q48 -> 96 | S48: 3.8 | T48: 0.35 | V48: =IF(N48=$M$18,S48+2*T48,IF(N48=$O$18,2*(S48+T48+U48),IF(N48=$Q$18,S48,IF(N48=$S$18,S48+T48,IF(N48=$U$18,S48+T48+U48,IF(N48=$W$18,S48+2*T48,0)))))) -> 4.5 | W48: =R48*V48*IF(O48=$Y$15,$Z$15,IF(O48=$Y$16,$Z$16,IF(O48=$Y$17,$Z$17,IF(O48=$Y$18,$Z$18,IF(O48=$Y$19,$Z$19,IF(O48=$Y$20,$Z$20,IF(O48=$Y$21,$Z$21,0))))))) -> 1313.28
L49: ESTRIBOS ELEMENTOS DE BORDE | N49: 2 | O49: 0.375 | P49: =5+11+5 -> 21 | Q49: 3 | R49: =P49*Q49 -> 63 | S49: 0.52 | T49: 0.52 | U49: 0.1 | V49: =IF(N49=$M$18,S49+2*T49,IF(N49=$O$18,2*(S49+T49+U49),IF(N49=$Q$18,S49,IF(N49=$S$18,S49+T49,IF(N49=$U$18,S49+T49+U49,IF(N49=$W$18,S49+2*T49,0)))))) -> 2.28 | W49: =R49*V49*IF(O49=$Y$15,$Z$15,IF(O49=$Y$16,$Z$16,IF(O49=$Y$17,$Z$17,IF(O49=$Y$18,$Z$18,IF(O49=$Y$19,$Z$19,IF(O49=$Y$20,$Z$20,IF(O49=$Y$21,$Z$21,0))))))) -> 80.4384
L50: GANCHOS ELEMENTOS DE BORDE | N50: 6 | O50: 0.375 | P50: =6*21 -> 126 | Q50: 3 | R50: =P50*Q50 -> 378 | S50: 0.52 | T50: 0.1 | V50: =IF(N50=$M$18,S50+2*T50,IF(N50=$O$18,2*(S50+T50+U50),IF(N50=$Q$18,S50,IF(N50=$S$18,S50+T50,IF(N50=$U$18,S50+T50+U50,IF(N50=$W$18,S50+2*T50,0)))))) -> 0.72 | W50: =R50*V50*IF(O50=$Y$15,$Z$15,IF(O50=$Y$16,$Z$16,IF(O50=$Y$17,$Z$17,IF(O50=$Y$18,$Z$18,IF(O50=$Y$19,$Z$19,IF(O50=$Y$20,$Z$20,IF(O50=$Y$21,$Z$21,0))))))) -> 152.4096 | X50: =SUM(W33:W37,W39:W43,W45:W50) -> 5684.6525 | Y50: MUROS
L51: VIGA V-001
L52: REFUERZO PRINCIPAL ARRIBA | N52: 1 | O52: 0.625 | P52: 4 | Q52: 1 | R52: =P52*Q52 -> 4 | S52: 8.46 | T52: 0.25 | V52: =IF(N52=$M$18,S52+2*T52,IF(N52=$O$18,2*(S52+T52+U52),IF(N52=$Q$18,S52,IF(N52=$S$18,S52+T52,IF(N52=$U$18,S52+T52+U52,IF(N52=$W$18,S52+2*T52,0)))))) -> 8.96 | W52: =R52*V52*IF(O52=$Y$15,$Z$15,IF(O52=$Y$16,$Z$16,IF(O52=$Y$17,$Z$17,IF(O52=$Y$18,$Z$18,IF(O52=$Y$19,$Z$19,IF(O52=$Y$20,$Z$20,IF(O52=$Y$21,$Z$21,0))))))) -> 55.62368
L53: REFUERZO PRINCIPAL ABAJO | N53: 1 | O53: 0.625 | P53: 4 | Q53: 1 | R53: =P53*Q53 -> 4 | S53: 8.46 | T53: 0.25 | V53: =IF(N53=$M$18,S53+2*T53,IF(N53=$O$18,2*(S53+T53+U53),IF(N53=$Q$18,S53,IF(N53=$S$18,S53+T53,IF(N53=$U$18,S53+T53+U53,IF(N53=$W$18,S53+2*T53,0)))))) -> 8.96 | W53: =R53*V53*IF(O53=$Y$15,$Z$15,IF(O53=$Y$16,$Z$16,IF(O53=$Y$17,$Z$17,IF(O53=$Y$18,$Z$18,IF(O53=$Y$19,$Z$19,IF(O53=$Y$20,$Z$20,IF(O53=$Y$21,$Z$21,0))))))) -> 55.62368
L54: GANCHOS | N54: 6 | O54: 0.375 | P54: 20 | Q54: 1 | R54: =P54*Q54 -> 20 | S54: 0.36 | T54: 0.1 | V54: =IF(N54=$M$18,S54+2*T54,IF(N54=$O$18,2*(S54+T54+U54),IF(N54=$Q$18,S54,IF(N54=$S$18,S54+T54,IF(N54=$U$18,S54+T54+U54,IF(N54=$W$18,S54+2*T54,0)))))) -> 0.56 | W54: =R54*V54*IF(O54=$Y$15,$Z$15,IF(O54=$Y$16,$Z$16,IF(O54=$Y$17,$Z$17,IF(O54=$Y$18,$Z$18,IF(O54=$Y$19,$Z$19,IF(O54=$Y$20,$Z$20,IF(O54=$Y$21,$Z$21,0))))))) -> 6.272
L55: ESTRIBOS | N55: 2 | O55: 0.375 | P55: 47 | Q55: 1 | R55: =P55*Q55 -> 47 | S55: 0.35 | T55: 0.35 | U55: 0.1 | V55: =IF(N55=$M$18,S55+2*T55,IF(N55=$O$18,2*(S55+T55+U55),IF(N55=$Q$18,S55,IF(N55=$S$18,S55+T55,IF(N55=$U$18,S55+T55+U55,IF(N55=$W$18,S55+2*T55,0)))))) -> 1.6 | W55: =R55*V55*IF(O55=$Y$15,$Z$15,IF(O55=$Y$16,$Z$16,IF(O55=$Y$17,$Z$17,IF(O55=$Y$18,$Z$18,IF(O55=$Y$19,$Z$19,IF(O55=$Y$20,$Z$20,IF(O55=$Y$21,$Z$21,0))))))) -> 42.112
L56: VIGA V-003
L57: REFUERZO PRINCIPAL ARRIBA | N57: 1 | O57: 0.625 | P57: 4 | Q57: 1 | R57: =P57*Q57 -> 4 | S57: 8.46 | T57: 0.25 | V57: =IF(N57=$M$18,S57+2*T57,IF(N57=$O$18,2*(S57+T57+U57),IF(N57=$Q$18,S57,IF(N57=$S$18,S57+T57,IF(N57=$U$18,S57+T57+U57,IF(N57=$W$18,S57+2*T57,0)))))) -> 8.96 | W57: =R57*V57*IF(O57=$Y$15,$Z$15,IF(O57=$Y$16,$Z$16,IF(O57=$Y$17,$Z$17,IF(O57=$Y$18,$Z$18,IF(O57=$Y$19,$Z$19,IF(O57=$Y$20,$Z$20,IF(O57=$Y$21,$Z$21,0))))))) -> 55.62368
L58: REFUERZO PRINCIPAL ABAJO | N58: 1 | O58: 0.625 | P58: 4 | Q58: 1 | R58: =P58*Q58 -> 4 | S58: 8.46 | T58: 0.25 | V58: =IF(N58=$M$18,S58+2*T58,IF(N58=$O$18,2*(S58+T58+U58),IF(N58=$Q$18,S58,IF(N58=$S$18,S58+T58,IF(N58=$U$18,S58+T58+U58,IF(N58=$W$18,S58+2*T58,0)))))) -> 8.96 | W58: =R58*V58*IF(O58=$Y$15,$Z$15,IF(O58=$Y$16,$Z$16,IF(O58=$Y$17,$Z$17,IF(O58=$Y$18,$Z$18,IF(O58=$Y$19,$Z$19,IF(O58=$Y$20,$Z$20,IF(O58=$Y$21,$Z$21,0))))))) -> 55.62368
L59: GANCHOS | N59: 6 | O59: 0.375 | P59: 40 | Q59: 1 | R59: =P59*Q59 -> 40 | S59: 0.36 | T59: 0.1 | V59: =IF(N59=$M$18,S59+2*T59,IF(N59=$O$18,2*(S59+T59+U59),IF(N59=$Q$18,S59,IF(N59=$S$18,S59+T59,IF(N59=$U$18,S59+T59+U59,IF(N59=$W$18,S59+2*T59,0)))))) -> 0.56 | W59: =R59*V59*IF(O59=$Y$15,$Z$15,IF(O59=$Y$16,$Z$16,IF(O59=$Y$17,$Z$17,IF(O59=$Y$18,$Z$18,IF(O59=$Y$19,$Z$19,IF(O59=$Y$20,$Z$20,IF(O59=$Y$21,$Z$21,0))))))) -> 12.544
L60: ESTRIBOS | N60: 2 | O60: 0.375 | P60: 53 | Q60: 1 | R60: =P60*Q60 -> 53 | S60: 0.35 | T60: 0.35 | U60: 0.1 | V60: =IF(N60=$M$18,S60+2*T60,IF(N60=$O$18,2*(S60+T60+U60),IF(N60=$Q$18,S60,IF(N60=$S$18,S60+T60,IF(N60=$U$18,S60+T60+U60,IF(N60=$W$18,S60+2*T60,0)))))) -> 1.6 | W60: =R60*V60*IF(O60=$Y$15,$Z$15,IF(O60=$Y$16,$Z$16,IF(O60=$Y$17,$Z$17,IF(O60=$Y$18,$Z$18,IF(O60=$Y$19,$Z$19,IF(O60=$Y$20,$Z$20,IF(O60=$Y$21,$Z$21,0))))))) -> 47.488
L61: VIGA V-006
L62: REFUERZO PRINCIPAL ARRIBA | N62: 4 | O62: 0.625 | P62: 4 | Q62: 1 | R62: =P62*Q62 -> 4 | S62: 2.75 | T62: 0.25 | V62: =IF(N62=$M$18,S62+2*T62,IF(N62=$O$18,2*(S62+T62+U62),IF(N62=$Q$18,S62,IF(N62=$S$18,S62+T62,IF(N62=$U$18,S62+T62+U62,IF(N62=$W$18,S62+2*T62,0)))))) -> 3 | W62: =R62*V62*IF(O62=$Y$15,$Z$15,IF(O62=$Y$16,$Z$16,IF(O62=$Y$17,$Z$17,IF(O62=$Y$18,$Z$18,IF(O62=$Y$19,$Z$19,IF(O62=$Y$20,$Z$20,IF(O62=$Y$21,$Z$21,0))))))) -> 18.624
L63: REFUERZO PRINCIPAL ARRIBA | N63: 1 | O63: 0.625 | P63: 4 | Q63: 1 | R63: =P63*Q63 -> 4 | S63: 7.8 | V63: =IF(N63=$M$18,S63+2*T63,IF(N63=$O$18,2*(S63+T63+U63),IF(N63=$Q$18,S63,IF(N63=$S$18,S63+T63,IF(N63=$U$18,S63+T63+U63,IF(N63=$W$18,S63+2*T63,0)))))) -> 7.8 | W63: =R63*V63*IF(O63=$Y$15,$Z$15,IF(O63=$Y$16,$Z$16,IF(O63=$Y$17,$Z$17,IF(O63=$Y$18,$Z$18,IF(O63=$Y$19,$Z$19,IF(O63=$Y$20,$Z$20,IF(O63=$Y$21,$Z$21,0))))))) -> 48.4224
L64: REFUERZO PRINCIPAL ARRIBA | N64: 4 | O64: 0.625 | P64: 4 | Q64: 1 | R64: =P64*Q64 -> 4 | S64: 6.75 | T64: 0.25 | V64: =IF(N64=$M$18,S64+2*T64,IF(N64=$O$18,2*(S64+T64+U64),IF(N64=$Q$18,S64,IF(N64=$S$18,S64+T64,IF(N64=$U$18,S64+T64+U64,IF(N64=$W$18,S64+2*T64,0)))))) -> 7 | W64: =R64*V64*IF(O64=$Y$15,$Z$15,IF(O64=$Y$16,$Z$16,IF(O64=$Y$17,$Z$17,IF(O64=$Y$18,$Z$18,IF(O64=$Y$19,$Z$19,IF(O64=$Y$20,$Z$20,IF(O64=$Y$21,$Z$21,0))))))) -> 43.456
L65: REFUERZO PRINCIPAL ABAJO | N65: 4 | O65: 0.625 | P65: 4 | Q65: 1 | R65: =P65*Q65 -> 4 | S65: 4.75 | T65: 0.25 | V65: =IF(N65=$M$18,S65+2*T65,IF(N65=$O$18,2*(S65+T65+U65),IF(N65=$Q$18,S65,IF(N65=$S$18,S65+T65,IF(N65=$U$18,S65+T65+U65,IF(N65=$W$18,S65+2*T65,0)))))) -> 5 | W65: =R65*V65*IF(O65=$Y$15,$Z$15,IF(O65=$Y$16,$Z$16,IF(O65=$Y$17,$Z$17,IF(O65=$Y$18,$Z$18,IF(O65=$Y$19,$Z$19,IF(O65=$Y$20,$Z$20,IF(O65=$Y$21,$Z$21,0))))))) -> 31.04
L66: REFUERZO PRINCIPAL ABAJO | N66: 3 | O66: 0.625 | P66: 4 | Q66: 1 | R66: =P66*Q66 -> 4 | S66: 7.7 | V66: =IF(N66=$M$18,S66+2*T66,IF(N66=$O$18,2*(S66+T66+U66),IF(N66=$Q$18,S66,IF(N66=$S$18,S66+T66,IF(N66=$U$18,S66+T66+U66,IF(N66=$W$18,S66+2*T66,0)))))) -> 7.7 | W66: =R66*V66*IF(O66=$Y$15,$Z$15,IF(O66=$Y$16,$Z$16,IF(O66=$Y$17,$Z$17,IF(O66=$Y$18,$Z$18,IF(O66=$Y$19,$Z$19,IF(O66=$Y$20,$Z$20,IF(O66=$Y$21,$Z$21,0))))))) -> 47.8016
L67: REFUERZO PRINCIPAL ABAJO | N67: 4 | O67: 0.625 | P67: 4 | Q67: 1 | R67: =P67*Q67 -> 4 | S67: 4.25 | T67: 0.25 | V67: =IF(N67=$M$18,S67+2*T67,IF(N67=$O$18,2*(S67+T67+U67),IF(N67=$Q$18,S67,IF(N67=$S$18,S67+T67,IF(N67=$U$18,S67+T67+U67,IF(N67=$W$18,S67+2*T67,0)))))) -> 4.5 | W67: =R67*V67*IF(O67=$Y$15,$Z$15,IF(O67=$Y$16,$Z$16,IF(O67=$Y$17,$Z$17,IF(O67=$Y$18,$Z$18,IF(O67=$Y$19,$Z$19,IF(O67=$Y$20,$Z$20,IF(O67=$Y$21,$Z$21,0))))))) -> 27.936
L68: GANCHOS | N68: 6 | O68: 0.375 | P68: 40 | Q68: 1 | R68: =P68*Q68 -> 40 | S68: 0.36 | T68: 0.1 | V68: =IF(N68=$M$18,S68+2*T68,IF(N68=$O$18,2*(S68+T68+U68),IF(N68=$Q$18,S68,IF(N68=$S$18,S68+T68,IF(N68=$U$18,S68+T68+U68,IF(N68=$W$18,S68+2*T68,0)))))) -> 0.56 | W68: =R68*V68*IF(O68=$Y$15,$Z$15,IF(O68=$Y$16,$Z$16,IF(O68=$Y$17,$Z$17,IF(O68=$Y$18,$Z$18,IF(O68=$Y$19,$Z$19,IF(O68=$Y$20,$Z$20,IF(O68=$Y$21,$Z$21,0))))))) -> 12.544
L69: ESTRIBOS | N69: 2 | O69: 0.375 | P69: 86 | Q69: 1 | R69: =P69*Q69 -> 86 | S69: 0.35 | T69: 0.35 | U69: 0.1 | V69: =IF(N69=$M$18,S69+2*T69,IF(N69=$O$18,2*(S69+T69+U69),IF(N69=$Q$18,S69,IF(N69=$S$18,S69+T69,IF(N69=$U$18,S69+T69+U69,IF(N69=$W$18,S69+2*T69,0)))))) -> 1.6 | W69: =R69*V69*IF(O69=$Y$15,$Z$15,IF(O69=$Y$16,$Z$16,IF(O69=$Y$17,$Z$17,IF(O69=$Y$18,$Z$18,IF(O69=$Y$19,$Z$19,IF(O69=$Y$20,$Z$20,IF(O69=$Y$21,$Z$21,0))))))) -> 77.056 | X69: =SUM(W52:W55,W57:W60,W62:W69) -> 637.79072 | Y69: VIGAS
B70: Vo. Bo. | R70: SUBTOTAL | W70: =SUM(W24:W25,W27:W28,W30:W31,W33:W37,W39:W43,W45:W50,W52:W55,W57:W60,W62:W69) -> 6674.5862 | X70: =SUM(X23:X69) -> 6674.5862
R71: AJUSTE O DESPERDICIO (%) | W71: 0.03
R72: TOTAL | W72: =+ROUND((W70*W71)+W70,2) -> 6874.82
